Workbook
Name citations?hl_fr_user_1_VX71QAAAAJ: S.Bouaziz!$A$1:$C$67
Name citations?hl_fr_user_AZK1D5QAAAAJ: M.Jmaiel!$A$1:$C$66
Name citations?hl_fr_user_besBlwUAAAAJ: R.Chtourou!$A$1:$C$67
Name citations?hl_fr_user_CBSAHC8AAAAJ: M.A.Zaouali!$A$1:$C$67
Name citations?hl_fr_user_FQBMQBkAAAAJ: 'H.Ben-Abdallah'!$A$1:$C$64
Name citations?hl_fr_user_gQ_7Js8AAAAJ: 'A.Hannachi Salhi'!$A$1:$C$67
Name citations?hl_fr_user_Hf2h_BYAAAAJ: 'K.Horchani-Naifer'!$A$1:$C$67
Name citations?hl_fr_user_IAT__3sAAAAJ: M.Hamdi!$A$1:$C$67
Name citations?hl_fr_user_J8bq1m4AAAAJ: M.F.Mhenni!$A$1:$C$67
Name citations?hl_fr_user_KLtgEk4AAAAJ: 'K.Ben Rhouma'!$A$1:$C$67
Name citations?hl_fr_user_LQPH_jIAAAAJ: S.Ammar!$A$1:$C$67
Name citations?hl_fr_user_LSq6jg4AAAAJ: H.Aydi!$A$1:$C$67
Name citations?hl_fr_user_mCphvfQAAAAJ: N.Nasri!$A$1:$C$67
Name citations?hl_fr_user_mon1FdMAAAAJ: M.Romdhane!$A$1:$C$67
Name citations?hl_fr_user_mzkbM3sAAAAJ: N.Boudriga!$A$1:$C$67
Name citations?hl_fr_user_oBIvsH0AAAAJ: N.Adhoum!$A$1:$C$67
Name citations?hl_fr_user_RH5ZJbEAAAAJ: H.I.Ouzari!$A$1:$C$67
Name citations?hl_fr_user_Srxz61MAAAAJ: M.Chaïeb!#REF!
Name citations?hl_fr_user_Srxz61MAAAAJ_1: M.Chaïeb!$A$1:$C$67
Name citations?hl_fr_user_TOsgaKcAAAAJ: S.Dabbou!$A$1:$C$67
Name citations?hl_fr_user_TShyISgAAAAJ: H.Maaref!$A$1:$C$67
Name citations?hl_fr_user_v_dlwLgAAAAJ: A.Hafiane!$A$1:$C$67
Name citations?hl_fr_user_VvsKpRgAAAAJ: H.Fathallah!$A$1:$C$67
Name citations?hl_fr_user_wE8NifcAAAAJ: M.S.Romdhane!$A$1:$C$67
Name citations?hl_fr_user_X2jnwlAAAAAJ: M.Béjaoui!$A$1:$C$67
Name citations?hl_fr_user_zRn8LfYAAAAJ: 'W. Almawi'!$A$1:$C$67
Name citations?user__62kqDAAAAAJ_hl_fr: C.Abdelly!$A$1:$C$67
Name citations?user__H8dgVwAAAAJ_hl_fr: A.Bouhoula!$A$1:$C$67
Name citations?user__jYvMvUAAAAJ_hl_fr: A.Trabelsi!$A$1:$C$66
Name citations?user_01YLWGIAAAAJ_hl_fr: M.Borjini!$A$1:$C$67
Name citations?user_08vOoDcAAAAJ_hl_fr: S.Belgacem!$A$1:$C$67
Name citations?user_0Cz4fmcAAAAJ_hl_fr: 'R.Gargouri Bouzid'!$A$1:$C$67
Name citations?user_0gb6YAYAAAAJ_hl_fr: M.Amlouk!$A$1:$C$67
Name citations?user_0oGkmjcAAAAJ_hl_fr: 'H.Ben Romdhane'!$A$1:$C$67
Name citations?user_0Qo2daIAAAAJ_hl_fr: M.Mokni!$A$1:$C$67
Name citations?user_0zjyTYoAAAAJ_hl_fr_1: S.Sayadi!$A$1:$C$67
Name citations?user_1g45JHwAAAAJ_hl_fr: M.Nasri!$A$1:$C$67
Name citations?user_2oRyj9QAAAAJ_hl_fr: B.Hnich!$A$1:$C$67
Name citations?user_2QlvdQEAAAAJ_hl_fr: Y.Gargouri!$A$1:$C$67
Name citations?user_2SD3YI0AAAAJ_hl_fr: A.Chaouachi!$A$1:$C$67
Name citations?user_2v62vWAAAAAJ_hl_fr: N.Miled!$A$1:$C$67
Name citations?user_3Lz_u1EAAAAJ_hl_fr: F.Fnaïech!$A$1:$C$67
Name citations?user_41s0iQgAAAAJ_hl_fr: S.Besbes!$A$1:$C$67
Name citations?user_46KbKNgAAAAJ_hl_fr: M.Snoussi!$A$1:$C$67
Name citations?user_5_2mljQAAAAJ_hl_fr: A.Saad!$A$1:$C$67
Name citations?user_5Nomek8AAAAJ_hl_fr: S.Elatrous!$A$1:$C$67
Name citations?user_612h9AQAAAAJ_hl_fr: M.Kraïem!$A$1:$C$67
Name citations?user_6CmTTIgAAAAJ_hl_fr: H.Elhouichet!$A$1:$C$67
Name citations?user_6CmTTIgAAAAJ_hl_fr: K.Hamden!$A$1:$C$67
Name citations?user_6JKSlcgAAAAJ_hl_fr: N.Kallel!$A$1:$C$66
Name citations?user_6KPNqo8AAAAJ_hl_fr: 'M.Ben Hamida'!$A$1:$C$67
Name citations?user_6Nw7AYsAAAAJ_hl_fr: A.Chaoui!$A$1:$C$67
Name citations?user_7HoV4VkAAAAJ_hl_fr: H.Ghannem!$A$1:$C$66
Name citations?user_8Jq_5EcAAAAJ_hl_fr: 'W.Cheikhrouhou-Koubaa'!$A$1:$C$67
Name citations?user_9E41jUhfroMC_hl_fr: M.Kanzari!$A$1:$C$67
Name citations?user_9ony4m4AAAAJ_hl_fr: Z.Mighri!$A$1:$C$67
Name citations?user_AfblpW0AAAAJ_hl_fr: A.Gargouri!$A$1:$C$67
Name citations?user_AxhLZw8AAAAJ_hl_fr: H.Bouchriha!$A$1:$C$67
Name citations?user_bgBDeK0AAAAJ_hl_fr: K.Zouari!$A$1:$C$66
Name citations?user_BKZwXZgAAAAJ_hl_fr: T.Mabrouki!$A$1:$C$67

Sheet TunSci_Local
A1: Scientist | B1: Current Affiliation | C1: Birth | D1: h-index | E1: Citations | F1: A1 | G1: A2 | H1: A3 | I1: A4 | J1: A5 | K1: B | L1: C | M1: D | N1: E1 | O1: E2 | P1: E3 | Q1: E4 | R1: E5 | S1: F | T1: G | U1: WikipediaFR
A2: Adel Trabelsi | B2: Université de Tunis El Manar (Tunisia) | D2: =A.Trabelsi!B3 -> 81 | E2: =A.Trabelsi!B2 -> 22240 | M2: X
A3: Sami Sayadi | B3: Université de Sfax (Tunisia) | C3: 1960 | D3: =S.Sayadi!B3 -> 61 | E3: =S.Sayadi!B2 -> 11538 | R3: X
A4: Chedly Abdelly | B4: Université de Carthage (Tunisia) | C4: 1957 | D4: =C.Abdelly!B3 -> 54 | E4: =C.Abdelly!B2 -> 11480 | O4: X | R4: X
A5: Moncef Nasri | B5: Université de Sfax (Tunisia) | D5: =M.Nasri!B3 -> 52 | E5: =M.Nasri!B2 -> 9847 | L5: X | R5: X
A6: Anis Chaouachi | B6: Université de Tunis El Manar (Tunisia) | D6: =A.Chaouachi!B3 -> 52 | E6: =A.Chaouachi!B2 -> 7722 | Q6: X
A7: Faycal Hentati | B7: Université de Tunis El Manar (Tunisia) | D7: =F.Hentati!B3 -> 51 | E7: =F.Hentati!B2 -> 12571 | N7: X
A8: Youssef Gargouri | B8: Université de Sfax (Tunisia) | D8: =Y.Gargouri!B3 -> 45 | E8: =Y.Gargouri!B2 -> 6043 | L8: X | N8: X | P8: X | R8: X
A9: Sami Boufi | B9: Université de Sfax (Tunisia) | D9: =S.Boufi!B3 -> 44 | E9: =S.Boufi!B2 -> 6773 | L9: X | M9: X
A10: Fekri Abroug | B10: Université de Monastir (Tunisia) | D10: =F.Abroug!B3 -> 42 | E10: =F.Abroug!B2 -> 7548 | N10: X
A11: Wassim Y. Almawi (Lebanese) | B11: Université de Tunis El Manar (Tunisia) | D11: ='W. Almawi'!B3 -> 41 | E11: ='W. Almawi'!B2 -> 7115 | L11: X | N11: X
A12: Sassi Ben Nasrallah (d. 2017) | B12: Université de Monastir (Tunisia) | C12: 1955 | D12: ='S.Ben Nasrallah'!B3 -> 41 | E12: ='S.Ben Nasrallah'!B2 -> 6335 | M12: X
A13: Hassen Aydi | B13: Université de Sousse (Tunisia) | D13: =H.Aydi!B3 -> 40 | E13: =H.Aydi!B2 -> 5044 | H13: X
A14: Mongi Ben Hamida (d. 2003) | B14: Université de Tunis El Manar (Tunisia) | C14: 1928 | D14: ='M.Ben Hamida'!B3 -> 39 | E14: ='M.Ben Hamida'!B2 -> 8620 | N14: X | U14: link
A15: Adel M. Alimi | B15: Université de Sfax (Tunisia) | C15: 1966 | D15: =A.Alimi!B3 -> 39 | E15: =A.Alimi!B2 -> 8090 | I15: X
A16: Ahmed Rebai | B16: Université de Sfax (Tunisia) | C16: 1967 | D16: =A.Rebaï!B3 -> 38 | E16: =A.Rebaï!B2 -> 4587 | F16: X | N16: X | O16: X | R16: X
A17: Abdelfattah Elfeki | B17: Université de Sfax (Tunisia) | D17: =A.Feki!B3 -> 37 | E17: =A.Feki!B2 -> 5383 | P17: X | R17: X
A18: Ali Bougatef | B18: Université de Sfax (Tunisia) | D18: =A.Bougatef!B3 -> 35 | E18: =A.Bougatef!B2 -> 4017 | L18: X | R18: X
A19: Nizar Souissi | B19: Université de la Manouba (Tunisia) | D19: =N.Souissi!B3 -> 35 | E19: =N.Souissi!B2 -> 3547 | Q19: X
A20: Kamel Hamzaoui | B20: Université de Tunis El Manar (Tunisia) | D20: =K.Hamzaoui!B3 -> 34 | E20: =K.Hamzaoui!B2 -> 3515 | N20: X
A21: Souhail Besbes | B21: Université de Sfax (Tunisia) | D21: =S.Besbes!B3 -> 33 | E21: =S.Besbes!B2 -> 5026 | R21: X
A22: Ferid Limam | B22: Université de Carthage (Tunisia) | D22: =F.Limam!B3 -> 33 | E22: =F.Limam!B2 -> 3313 | O22: X | R22: X
A23: Ali Gargouri | B23: Université de Sfax (Tunisia) | D23: =A.Gargouri!B3 -> 33 | E23: =A.Gargouri!B2 -> 3066 | R23: X
A24: Mohamed Amri | B24: Université de Tunis El Manar (Tunisia) | D24: =M.Amri!B3 -> 32 | E24: =M.Amri!B2 -> 3520 | N24: X | P24: X
A25: Essebti Dhahri | B25: Université de Sfax (Tunisia) | D25: =E.Dhahri!B3 -> 32 | E25: =E.Dhahri!B2 -> 3371 | L25: X | M25: X
A26: Hamdi Chtourou | B26: Université de Sfax (Tunisia) | D26: =H.Chtourou!B3 -> 32 | E26: =H.Chtourou!B2 -> 2912 | Q26: X
A27: Ali Ferchichi | B27: Université de Carthage (Tunisia) | D27: =A.Ferchichi!B3 -> 31 | E27: =A.Ferchichi!B2 -> 4149 | L27: X | O27: X | R27: X
A28: Farhat Fnaiech | B28: Université de Tunis (Tunisia) | D28: =F.Fnaïech!B3 -> 31 | E28: =F.Fnaïech!B2 -> 4025 | I28: X
A29: Hafedh Ben Ouada | B29: Université de Monastir (Tunisia) | D29: ='H.Ben Ouada'!B3 -> 31 | E29: ='H.Ben Ouada'!B2 -> 3653 | L29: X | M29: X
A30: Ali Saad | B30: Université de Sousse (Tunisia) | D30: =A.Saad!B3 -> 31 | E30: =A.Saad!B2 -> 3240 | N30: X
A31: Mosbah Amlouk | B31: Université de Tunis El Manar (Tunisia) | D31: =M.Amlouk!B3 -> 31 | E31: =M.Amlouk!B2 -> 3138 | L31: X | M31: X
A32: Lassaad El Mir | B32: Université de Gabès (Tunisia) | D32: ='L.El Mir'!B3 -> 31 | E32: ='L.El Mir'!B2 -> 3131 | L32: X | M32: X
A33: Chedly Souga | B33: Université de Carthage (Tunisia) | D33: =C.Souga!B3 -> 30 | E33: =C.Souga!B2 -> 4488 | M33: X
A34: Brahim Hnich | B34: Université de Monastir (Tunisia) | D34: =B.Hnich!B3 -> 30 | E34: =B.Hnich!B2 -> 2851 | F34: X
A35: Ameur Cherif | B35: Université de la Manouba (Tunisia) | D35: =A.Cherif!B3 -> 29 | E35: =A.Cherif!B2 -> 3355 | R35: X
A36: Karem Boubaker (d. 2016) | B36: Université de Tunis (Tunisia) | D36: =K.Boubaker!B3 -> 29 | E36: =K.Boubaker!B2 -> 2514 | L36: X | M36: X
A37: Chokri Ben Amar | B37: Université de Sfax (Tunisia) | D37: ='C.Ben Amar'!B3 -> 28 | E37: ='C.Ben Amar'!B2 -> 2837 | F37: X
A38: Tahar Mechichi | B38: Université de Sfax (Tunisia) | D38: =T.Mechichi!B3 -> 28 | E38: =T.Mechichi!B2 -> 2578 | L38: X | R38: X
A39: Khaled Said | B39: Université de Monastir (Tunisia) | D39: =K.Said!B3 -> 28 | E39: =K.Said!B2 -> 2479 | R39: X
A40: Nabil Kechaou | B40: Université de Sfax (Tunisia) | D40: =N.Kechaou!B3 -> 28 | E40: =N.Kechaou!B2 -> 2323 | L40: X | R40: X
A41: Raja Ben Amar | B41: Université de Sfax (Tunisia) | D41: ='R.Ben Amar'!B3 -> 28 | E41: ='R.Ben Amar'!B2 -> 2111 | R41: X
A42: Khaled Hamden | B42: Université de Monastir (Tunisia) | D42: =K.Hamden!B3 -> 28 | E42: =K.Hamden!B2 -> 1886 | L42: X | N42: X
A43: Habib Elhouichet | B43: Université de Tunis El Manar (Tunisia) | D43: =H.Elhouichet!B3 -> 28 | E43: =H.Elhouichet!B2 -> 1886 | L43: X
A44: Mohamed Abid | B44: Université de Sfax (Tunisia) | D44: =M.Abid!B3 -> 27 | E44: =M.Abid!B2 -> 3500 | F44: X
A45: Tarek Mabrouki | B45: Université de Tunis El Manar (Tunisia) | D45: =T.Mabrouki!B3 -> 27 | E45: =T.Mabrouki!B2 -> 2936 | J45: X
A46: Kamel Zouari | B46: Université de Sfax (Tunisia) | D46: =K.Zouari!B3 -> 27 | E46: =K.Zouari!B2 -> 2605 | S46: X
A47: Salwa Abid | B47: Université de Monastir (Tunisia) | D47: =S.Abid!B3 -> 27 | E47: =S.Abid!B2 -> 2378 | L47: X | N47: X | R47: X
A48: Hechmi Louzir | B48: Université de Tunis El Manar (Tunisia) | D48: =H.Louzir!B3 -> 26 | E48: =H.Louzir!B2 -> 3682 | N48: X
A49: Ahmed Debez | B49: Université de Carthage (Tunisia) | D49: =A.Debez!B3 -> 26 | E49: =A.Debez!B2 -> 2986 | O49: X
A50: Akissa Bahri | B50: Université de Carthage (Tunisia) | D50: =A.Bahri!B3 -> 26 | E50: =A.Bahri!B2 -> 2866 | R50: X
A51: Zine Mighri | B51: Université de Monastir (Tunisia) | D51: =Z.Mighri!B3 -> 26 | E51: =Z.Mighri!B2 -> 2243 | L51: X | O51: X | R51: X
A52: Hamadi Khemakhem | B52: Université de Sfax (Tunisia) | D52: =H.Khemakhem!B3 -> 26 | E52: =H.Khemakhem!B2 -> 2220 | L52: X | M52: X
A53: Amel Hamza-Chaffai | B53: Université de Sfax (Tunisia) | D53: ='A.Hamza-Chaffaï'!B3 -> 26 | E53: ='A.Hamza-Chaffaï'!B2 -> 1884 | P53: X | R53: X
A54: Hafedh Abdelmelek | B54: Université de Carthage (Tunisia) | D54: =H.Abdelmelek!B3 -> 26 | E54: =H.Abdelmelek!B2 -> 1797 | M54: X | P54: X
A55: Souhail Elatrous | B55: Université de Monastir (Tunisia) | D55: =S.Elatrous!B3 -> 25 | E55: =S.Elatrous!B2 -> 3002 | N55: X
A56: Hassen Maaref | B56: Université de Monastir (Tunisia) | D56: =H.Maaref!B3 -> 25 | E56: =H.Maaref!B2 -> 2954 | L56: X | M56: X
A57: Bahri Rezig | B57: Université de Tunis El Manar (Tunisia) | D57: =B.Rezig!B3 -> 25 | E57: =B.Rezig!B2 -> 2435 | J57: X | L57: X
A58: Mehrez Romdhane | B58: Université de Gabès (Tunisia) | D58: =M.Romdhane!B3 -> 25 | E58: =M.Romdhane!B2 -> 2123 | L58: X
A59: Sadok Ben Yahia | B59: Université de Tunis El Manar (Tunisia) | D59: ='S.Ben Yahia'!B3 -> 25 | E59: ='S.Ben Yahia'!B2 -> 2090 | F59: X
A60: Aref Jeribi | B60: Université de Sfax (Tunisia) | D60: =A.Jeribi!B3 -> 25 | E60: =A.Jeribi!B2 -> 1817 | H60: X
A61: Maher Gtari | B61: Université de Carthage (Tunisia) | D61: =M.Gtari!B3 -> 25 | E61: =M.Gtari!B2 -> 1495 | R61: X
A62: Mohamed Ksibi | B62: Université de Sfax (Tunisia) | D62: =M.Ksibi!B3 -> 24 | E62: =M.Ksibi!B2 -> 5683 | L62: X | R62: X
A63: Mohamed Béjaoui | B63: Université de Tunis El Manar (Tunisia) | D63: =M.Béjaoui!B3 -> 24 | E63: =M.Béjaoui!B2 -> 3647 | N63: X
A64: Mohamed Jemni | B64: Université de Tunis (Tunisia) | D64: =M.Jemni!B3 -> 24 | E64: =M.Jemni!B2 -> 2351 | F64: X
A65: Habib Bouchriha | B65: Université de Tunis El Manar (Tunisia) | D65: =H.Bouchriha!B3 -> 24 | E65: =H.Bouchriha!B2 -> 2295 | L65: X | M65: X
A66: Nabil Miled | B66: Université de Sfax (Tunisia) | D66: =N.Miled!B3 -> 24 | E66: =N.Miled!B2 -> 2007 | R66: X
A67: Semia Ellouz Chaabouni | B67: Université de Sfax (Tunisia) | D67: ='S. Ellouz Chaâbouni'!B3 -> 24 | E67: ='S. Ellouz Chaâbouni'!B2 -> 1948 | R67: X
A68: Wissem Cheikhrouhou-Koubaa | B68: Université de Sfax (Tunisia) | D68: ='W.Cheikhrouhou-Koubaa'!B3 -> 24 | E68: ='W.Cheikhrouhou-Koubaa'!B2 -> 1871 | L68: X
A69: Raouf Bennaceur | B69: Université de Tunis El Manar (Tunisia) | D69: =R.Bennaceur!B3 -> 24 | E69: =R.Bennaceur!B2 -> 1829 | M69: X
A70: Mejdeddine Kraiem | B70: Université de Carthage (Tunisia) | D70: =M.Kraïem!B3 -> 24 | E70: =M.Kraïem!B2 -> 1758 | P70: X
A71: Mohamed Farouk Mhenni | B71: Université de Monastir (Tunisia) | D71: =M.F.Mhenni!B3 -> 24 | E71: =M.F.Mhenni!B2 -> 1750 | O71: X | R71: X
A72: Abdelaziz Daoud | B72: Université de Sfax (Tunisia) | D72: =A.Daoud!B3 -> 24 | E72: =A.Daoud!B2 -> 1737 | L72: X
A73: Younes Abid | B73: Université de Sfax (Tunisia) | D73: =Y.Abid!B3 -> 24 | E73: =Y.Abid!B2 -> 1582 | L73: X
A74: Karim Ben Slama | B74: Université de Tunis El Manar (Tunisia) | D74: ='K.Ben Slama'!B3 -> 24 | E74: ='K.Ben Slama'!B2 -> 1539 | P74: X
A75: Habiba Ben Romdhane | B75: Université de Tunis El Manar (Tunisia) | C75: 1950 | D75: ='H.Ben Romdhane'!B3 -> 23 | E75: ='H.Ben Romdhane'!B2 -> 4679 | N75: X
A76: Nejib Kallel | B76: Université de Sfax (Tunisia) | D76: =N.Kallel!B3 -> 23 | E76: =N.Kallel!B2 -> 3451 | S76: X
A77: Hassen Ben Abdennebi | B77: Université de Monastir (Tunisia) | D77: ='H.Ben Abdennebi'!B3 -> 23 | E77: ='H.Ben Abdennebi'!B2 -> 2749 | N77: X
A78: Mohamed Benrejeb | B78: Université de Tunis El Manar (Tunisia) | D78: =M.Benrejeb!B3 -> 23 | E78: =M.Benrejeb!B2 -> 2712 | F78: X
A79: Habib Sidhom | B79: Université de Tunis (Tunisia) | D79: =H.Sidhom!B3 -> 23 | E79: =H.Sidhom!B2 -> 1724 | J79: X | L79: X
A80: Jemai Dhahri | B80: Université de Monastir (Tunisia) | D80: =J.Dhahri!B3 -> 23 | E80: =J.Dhahri!B2 -> 1682 | M80: X
A81: Ridha Mhamdi | B81: Université de Carthage (Tunisia) | D81: ='R.M''hamdi'!B3 -> 23 | E81: ='R.M''hamdi'!B2 -> 1631 | R81: X
A82: Said Belgacem | B82: Université de Tunis El Manar (Tunisia) | D82: =S.Belgacem!B3 -> 23 | E82: =S.Belgacem!B2 -> 1579 | M82: X
A83: Imed Messaoudi | B83: Université de Monastir (Tunisia) | D83: =I.Messaoudi!B3 -> 23 | E83: =I.Messaoudi!B2 -> 1511 | P83: X | R83: X
A84: Khémaïs Ben Rhouma | B84: Université de Carthage (Tunisia) | D84: ='K.Ben Rhouma'!B3 -> 23 | E84: ='K.Ben Rhouma'!B2 -> 1422 | N84: X | P84: X
A85: Habib Youssef | B85: Université de Sousse (Tunisia) | D85: =H.Youssef!B3 -> 22 | E85: =H.Youssef!B2 -> 3863 | F85: X
A86: Habiba Chaabouni Bouhamed | B86: Université de Tunis El Manar (Tunisia) | C86: 1953 | D86: ='H.Chaabouni Bouhamed'!B3 -> 22 | E86: ='H.Chaabouni Bouhamed'!B2 -> 3283 | N86: X
A87: Maher Moakher | B87: Université de Tunis El Manar (Tunisia) | D87: =M.Moakher!B3 -> 22 | E87: =M.Moakher!B2 -> 3070 | H87: X
A88: Ridha Ben Cheikh | B88: Université de Tunis El Manar (Tunisia) | D88: ='R.Ben Cheikh'!B3 -> 22 | E88: ='R.Ben Cheikh'!B2 -> 3037 | L88: X | R88: X
A89: Mohamed-Ridha Barbouche | B89: Université de Tunis El Manar (Tunisia) | D89: =M.R.Barbouche!B3 -> 22 | E89: =M.R.Barbouche!B2 -> 2406 | N89: X
A90: Noureddine Boudriga | B90: Université de Carthage (Tunisia) | D90: =N.Boudriga!B3 -> 22 | E90: =N.Boudriga!B2 -> 2273 | G90: X
A91: Salem Rahmani | B91: Université de Tunis El Manar (Tunisia) | D91: =S.Rahmani!B3 -> 22 | E91: =S.Rahmani!B2 -> 2121 | I91: X
A92: Lotfi Achour | B92: Université de Monastir (Tunisia) | D92: =L.Achour!B3 -> 22 | E92: =L.Achour!B2 -> 2056 | P92: X | R92: X
A93: Dhafer Laouini | B93: Université de Tunis El Manar (Tunisia) | D93: =D.Laouini!B3 -> 22 | E93: =D.Laouini!B2 -> 1990 | N93: X
A94: Mounir Kanzari | B94: Université de Tunis El Manar (Tunisia) | D94: =M.Kanzari!B3 -> 22 | E94: =M.Kanzari!B2 -> 1984 | L94: X
A95: Ahmed Noureddine Helal | B95: Université de Monastir (Tunisia) | D95: =A.N.Helal!B3 -> 22 | E95: =A.N.Helal!B2 -> 1976 | R95: X
A96: Adel Bouhoula | B96: Université de Carthage (Tunisia) | D96: =A.Bouhoula!B3 -> 22 | E96: =A.Bouhoula!B2 -> 1929 | G96: X
A97: Samir Bouaziz | B97: Université de Sfax (Tunisia) | D97: =S.Bouaziz!B3 -> 22 | E97: =S.Bouaziz!B2 -> 1890 | S97: X
A98: Naceur Benhadj Braiek | B98: Université de Carthage (Tunisia) | D98: ='N.Benhadj Braiek'!B3 -> 22 | E98: ='N.Benhadj Braiek'!B2 -> 1887 | F98: X
A99: Moncef Mokni | B99: Université de Sousse (Tunisia) | D99: =M.Mokni!B3 -> 22 | E99: =M.Mokni!B2 -> 1515 | N99: X
A100: Fethi Zagrouba | B100: Université de Carthage (Tunisia) | D100: =F.Zagrouba!B3 -> 22 | E100: =F.Zagrouba!B2 -> 1359 | L100: X
...

Sheet Data_Explanation
A1: Category | B1: Specialization
A2: A | B2: Mathematics, Computer Science, or Engineering
A3: A1 | B3: Computer Science and Automation
A4: A2 | B4: Telecommunications
A5: A3 | B5: Mathematics
A6: A4 | B6: Electrical Engineering
A7: A5 | B7: Operational Science and other aspects of Engineering
A8: B | B8: Social Sciences, Arts, or Humanities
A9: C | B9: Chemistry or Materials Science
A10: D | B10: Physics or Astronomy
A11: E | B11: Medicine, Pharmacology, Biology, Animal Science, Plant Science, Forestry, Dentistry, or Environmental Science
A12: E1 | B12: Linked to humans
... A18: G | B18: Economics, Management, Finance, Marketing, Banking, Accounting, Commerce, or Business

Sheet S.Boukhchina
B1: Toutes | C1: Depuis 2014
A2: Citations | B2: 1452 | C2: 1047
A3: indice h | B3: 21 | C3: 17
A4: indice i10 | B4: 43 | C4: 34
A7: Titre | B7: Citée par | C7: Année
A8: Heating effects on physicochemical characteristics and antioxidant activity of flaxseed hull oil (Linum usitatissimum L) | B8: 212 | C8: 2016
A9: W Herchi, KBEN AMMAR, I Bouali, IB Abdallah, A Guetet, S Boukhchina
A10: Food Science and Technology 36 (1), 97-102, 2016
A11: α-Tocopherol and fatty acids contents of some Tunisian table olives (Olea europea L.): Changes in their composition during ripening and processing | B11: 92 | C11: 2008
A12: F Sakouhi, S Harrabi, C Absalon, K Sbei, S Boukhchina, H Kallel
A13: Food Chemistry 108 (3), 833-839, 2008
A14: Essential oils of Origanum vulgare L. subsp. glandulosum (Desf.) Ietswaart from Tunisia: chemical composition and antioxidant activity | B14: 66 | C14: 2010
A15: K Mechergui, JA Coelho, MC Serra, SB Lamine, S Boukhchina, ...
A16: Journal of the Science of Food and Agriculture 90 (10), 1745-1749, 2010
A17: Total lipid content, fatty acids and 4-desmethylsterols accumulation in developing fruit of Pistacia lentiscus L. growing wild in Tunisia | B17: 65 | C17: 2012
A18: H Trabelsi, OA Cherif, F Sakouhi, P Villeneuve, J Renaud, N Barouh, ...
A19: Food chemistry 131 (2), 434-440, 2012
A20: Content of carotenoids, tocopherols, sterols, triterpenic and aliphatic alcohols, and volatile compounds in six walnuts (Juglans regia L.) varieties | B20: 62 | C20: 2015
A21: IB Abdallah, N Tlili, E Martinez-Force, AGP Rubio, MC Perez-Camino, ...
A22: Food chemistry 173, 972-978, 2015
A23: Chemical composition and antibacterial activities of seven Eucalyptus species essential oils leaves | B23: 50 | C23: 2015
A24: K Sebei, F Sakouhi, W Herchi, ML Khouja, S Boukhchina
A25: Biological research 48 (1), 7, 2015
A26: Kernel fatty acid and triacylglycerol composition for three almond cultivars during maturation | B26: 50 | C26: 2004
A27: A Cherif, K Sebei, S Boukhchina, H Kallel, K Belkacemi, J Arul
A28: Journal of the American Oil Chemists' Society 81 (10), 901-905, 2004
A29: Identification of glycerophospholipids in rapeseed, olive, almond, and sunflower oils by LC MS and LC MS MS | B29: 45 | C29: 2004
A30: S Boukhchina, K Sebai, A Cherif, H Kallel, PM Mayer
A31: Canadian Journal of Chemistry 82 (7), 1210-1215, 2004
A32: Liquid chromatographic–mass spectrometric analysis of glycerophospholipids in corn oil | B32: 41 | C32: 2009
A33: S Harrabi, W Herchi, H Kallel, PM Mayer, S Boukhchina
A34: Food Chemistry 114 (2), 712-716, 2009
A35: Phytosterols accumulation in the seeds of Linum usitatissimum L. | B35: 38 | C35: 2009
A36: W Herchi, S Harrabi, K Sebei, S Rochut, S Boukhchina, C Pepe, H Kallel
A37: Plant Physiology and Biochemistry 47 (10), 880-885, 2009
A38: Determination of phenolic and other polar compounds in flaxseed oil using liquid chromatography coupled with time-of-flight mass spectrometry | B38: 36 | C38: 2011
A39: W Herchi, S Sawalha, D Arráez-Román, S Boukhchina, ...
A40: Food chemistry 126 (1), 332-338, 2011
A41: Phytostanols and phytosterols distributions in corn kernel | B41: 34 | C41: 2008
A42: S Harrabi, A St-Amand, F Sakouhi, K Sebei, H Kallel, PM Mayer, ...
A43: Food Chemistry 111 (1), 115-120, 2008
A44: Characterisation of the glycerophospholipid fraction in flaxseed oil using liquid chromatography–mass spectrometry | B44: 29 | C44: 2011
A45: W Herchi, F Sakouhi, S Khaled, Y Xiong, S Boukhchina, H Kallel, ...
A46: Food chemistry 129 (2), 437-442, 2011
A47: Phenolic compounds in flaxseed: a review of their properties and analytical methods. An overview of the last decade | B47: 28 | C47: 2014
A48: W Herchi, D Arráez-Román, H Trabelsi, I Bouali, S Boukhchina, H Kallel, ...
A49: Journal of oleo science 63 (1), 7-14, 2014
A50: Physicochemical properties and antioxidant activity of Tunisian date palm (Phoenix dactylifera L.) oil as affected by different extraction methods | B50: 27 | C50: 2014
A51: W Herch, H Kallel, S Boukhchina
A52: Food Science and Technology 34 (3), 464-470, 2014
A53: Lipids, proteins, phenolic composition, antioxidant and antibacterial activities of seeds of peanuts (Arachis hypogaea l) cultivated in Tunisia | B53: 27 | C53: 2013
A54: K Sebei, A Gnouma, W Herchi, F Sakouhi, S Boukhchina
A55: Biological research 46 (3), 257-263, 2013
A56: A review of the methods used in the determination of flaxseed components | B56: 27 | C56: 2012
A57: W Herchi, D Arráez-Román, S Boukhchina, H Kallel, A Segura-Carretero, ...
A58: African Journal of Biotechnology 11 (4), 724-731, 2012
A59: Changes in the content of phenolic compounds in flaxseed oil during development | B59: 27 | C59: 2011
A60: W Herchi, F Sakouhi, D Arráez‐Román, A Segura‐Carretero, ...
A61: Journal of the American Oil Chemists' Society 88 (8), 1135-1142, 2011
A62: Accumulation of total lipids, fatty acids and triacylglycerols in developing fruits of Olea europaea L. | B62: 24 | C62: 2011
A63: F Sakouhi, W Herchi, K Sebei, C Absalon, H Kallel, S Boukhchina
A64: Scientia horticulturae 132, 7-11, 2011
A65: Evolution of phosphoenolpyruvate carboxylase activity and lipid content during seed maturation of two spring rapeseed cultivars (Brassica napus L.) | B65: 23 | C65: 2006
A66: K Sebei, Z Ouerghi, H Kallel, S Boukhchina
A67: Comptes rendus biologies 329 (9), 719-725, 2006

Sheet K.Ben Slama
B1: Toutes | C1: Depuis 2014
A2: Citations | B2: 1539 | C2: 1162
A3: indice h | B3: 24 | C3: 22
A4: indice i10 | B4: 38 | C4: 36
A7: Titre | B7: Citée par | C7: Année
A8: Thuricin 7: a novel bacteriocin produced by Bacillus thuringiensis BMG1. 7, a new strain isolated from soil | B8: 179 | C8: 2001
A9: A Cherif, H Ouzari, D Daffonchio, H Cherif, K Ben Slama, A Hassen, ...
A10: Letters in Applied Microbiology 32 (4), 243-247, 2001
A11: Characterization of CTX-M and SHV extended-spectrum β-lactamases and associated resistance genes in Escherichia coli strains of food samples in … | B11: 153 | C11: 2007
A12: A Jouini, L Vinué, KB Slama, Y Saenz, N Klibi, S Hammami, A Boudabous, ...
A13: Journal of antimicrobial chemotherapy 60 (5), 1137-1141, 2007
A14: Prevalence and characterisation of extended-spectrum beta-lactamase (ESBL)-producing Escherichia coli isolates in healthy volunteers in Tunisia | B14: 79 | C14: 2012
A15: RB Sallem, KB Slama, V Estepa, A Jouini, H Gharsa, N Klibi, Y Sáenz, ...
A16: European journal of clinical microbiology & infectious diseases 31 (7), 1511 …, 2012
A17: Prevalence of broad-spectrum cephalosporin-resistant Escherichia coli isolates in food samples in Tunisia, and characterization of integrons and antimicrobial resistance … | B17: 67 | C17: 2010
A18: KB Slama, A Jouini, RB Sallem, S Somalo, Y Sáenz, V Estepa, ...
A19: International journal of food microbiology 137 (2-3), 281-286, 2010
A20: Prevalence, antibiotic resistance, virulence traits and genetic lineages of Staphylococcus aureus in healthy sheep in Tunisia | B20: 60 | C20: 2012
A21: H Gharsa, KB Slama, C Lozano, E Gómez-Sanz, N Klibi, RB Sallem, ...
A22: Veterinary microbiology 156 (3-4), 367-373, 2012
A23: Prevalence and Characterization of Extended-Spectrum Beta-Lactamase (ESBL)– and CMY-2–Producing Escherichia coli Isolates from Healthy Food-Producing … | B23: 52 | C23: 2012
A24: R Ben Sallem, K Ben Slama, Y Sáenz, B Rojo-Bezares, V Estepa, ...
A25: Foodborne pathogens and disease 9 (12), 1137-1142, 2012
A26: Detection of extended-spectrum beta-lactamase (ESBL)-producing Enterobacteriaceae in vegetables, soil and water of the farm environment in Tunisia | B26: 46 | C26: 2015
A27: LB Said, A Jouini, N Klibi, R Dziri, CA Alonso, A Boudabous, KB Slama, ...
A28: International journal of food microbiology 203, 86-92, 2015
A29: Detection of virulence factors in high-level gentamicin-resistant Enterococcus faecalis and Enterococcus faecium isolates from a Tunisian hospital | B29: 45 | C29: 2007
A30: N Klibi, K Ben Slama, Y Sáenz, A Masmoudi, S Zanetti, LA Sechi, ...
A31: Canadian journal of microbiology 53 (3), 372-379, 2007
A32: IncI1 Plasmids Carrying blaCTX-M-1 or blaCMY-2 Genes in Escherichia coli from Healthy Humans and Animals in Tunisia | B32: 44 | C32: 2014
A33: R Ben Sallem, K Ben Slama, B Rojo-Bezares, N Porres-Osante, A Jouini, ...
A34: Microbial Drug Resistance 20 (5), 495-500, 2014
A35: Species distribution, antibiotic resistance and virulence traits in enterococci from meat in Tunisia | B35: 43 | C35: 2013
A36: N Klibi, LB Said, A Jouini, KB Slama, M López, RB Sallem, A Boudabous, ...
A37: Meat science 93 (3), 675-680, 2013
A38: Diversity of Genetic Lineages Among CTX-M-15 and CTX-M-14 Producing Escherichiacoli Strains in a Tunisian Hospital | B38: 39 | C38: 2011
A39: KB Slama, RB Sallem, A Jouini, S Rachid, L Moussa, Y Sáenz, V Estepa, ...
A40: Current microbiology 62 (6), 1794, 2011
A41: Detection of multiple-antimicrobial resistance and characterization of the implicated genes in Escherichia coli isolates from foods of animal origin in Tunis | B41: 36 | C41: 2009
A42: A Jouini, K Ben Slama, Y Saenz, N Klibi, D Costa, L Vinué, M Zarazaga, ...
A43: Journal of food protection 72 (5), 1082-1088, 2009
A44: First Detection of CTX-M-1, CMY-2, and QnrB19 Resistance Mechanisms in Fecal Escherichia coli Isolates from Healthy Pets in Tunisia | B44: 34 | C44: 2013
A45: RB Sallem, H Gharsa, KB Slama, B Rojo-Bezares, V Estepa, ...
A46: Vector-borne and Zoonotic Diseases 13 (2), 98-102, 2013
A47: Nasal carriage of Staphylococcus aureus in healthy humans with different levels of contact with animals in Tunisia: genetic lineages, methicillin resistance, and virulence factors | B47: 34 | C47: 2011
A48: KB Slama, H Gharsa, N Klibi, A Jouini, C Lozano, E Gómez-Sanz, ...
A49: European journal of clinical microbiology & infectious diseases 30 (4), 499-508, 2011
A50: Staphylococcus aureus in animals and food: Methicillin resistance, prevalence and population structure. A review in the African continent | B50: 33 | C50: 2016
A51: C Lozano, H Gharsa, K Ben Slama, M Zarazaga, C Torres
A52: Microorganisms 4 (1), 12, 2016
A53: High diversity of genetic lineages and virulence genes in nasal Staphylococcus aureus isolates from donkeys destined to food consumption in Tunisia with predominance of the … | B53: 33 | C53: 2012
A54: H Gharsa, RB Sallem, KB Slama, E Gómez-Sanz, C Lozano, A Jouini, ...
A55: BMC veterinary research 8 (1), 203, 2012
A56: Antibiotic resistance in Escherichia coli in husbandry animals: the African perspective | B56: 31 | C56: 2017
A57: CA Alonso, M Zarazaga, R Ben Sallem, A Jouini, K Ben Slama, C Torres
A58: Letters in applied microbiology 64 (5), 318-334, 2017
A59: Emergence of Carbapenem-Resistant Pseudomonas aeruginosa and Acinetobacter baumannii Clinical Isolates Collected from Some Libyan Hospitals | B59: 31 | C59: 2015
A60: N Mathlouthi, Z Areig, C Al Bayssari, S Bakour, A Ali El Salabi, ...
A61: Microbial Drug Resistance 21 (3), 335-341, 2015
A62: Characteristics of extended-spectrum β-lactamase (ESBL)-and pAmpC beta-lactamase-producing Enterobacteriaceae of water samples in Tunisia | B62: 28 | C62: 2016
A63: LB Said, A Jouini, CA Alonso, N Klibi, R Dziri, A Boudabous, KB Slama, ...
A64: Science of The Total Environment 550, 1103-1109, 2016
A65: Antibiotic resistance and mechanisms implicated in clinical enterococci in a Tunisian hospital | B65: 27 | C65: 2006
A66: N Klibi, S Gharbi, A Masmoudi, K Ben Slama, P Poeta, M Zarazaga, ...
A67: Journal of chemotherapy 18 (1), 20-26, 2006

Sheet H.Ben Romdhane
B1: Toutes | C1: Depuis 2014
A2: Citations | B2: 4679 | C2: 4337
A3: indice h | B3: 23 | C3: 21
A4: indice i10 | B4: 39 | C4: 36
A7: Titre | B7: Citée par | C7: Année
A8: Trends in adult body-mass index in 200 countries from 1975 to 2014: a pooled analysis of 1698 population-based measurement studies with 19· 2 million participants | B8: 1713 | C8: 2016
A9: NCD Risk Factor Collaboration
A10: The Lancet 387 (10026), 1377-1396, 2016
A11: Worldwide trends in body-mass index, underweight, overweight, and obesity from 1975 to 2016: a pooled analysis of 2416 population-based measurement studies in 128· 9 million … | B11: 909 | C11: 2017
A12: L Abarca-Gómez, ZA Abdeen, ZA Hamid, NM Abu-Rmeileh, ...
A13: The Lancet 390 (10113), 2627-2642, 2017
A14: Worldwide trends in blood pressure from 1975 to 2015: a pooled analysis of 1479 population-based measurement studies with 19· 1 million participants | B14: 502 | C14: 2017
A15: B Zhou, J Bentham, M Di Cesare, H Bixby, G Danaei, MJ Cowan, ...
A16: The Lancet 389 (10064), 37-55, 2017
A17: A century of trends in adult human height | B17: 146 | C17: 2016
A18: NCD Risk Factor Collaboration
A19: Elife 5, e13410, 2016
A20: Nutrition transition among adolescents of a south-Mediterranean country: dietary patterns, association with socio-economic factors, overweight and blood pressure. A cross … | B20: 91 | C20: 2011
A21: H Aounallah-Skhiri, P Traissac, J El Ati, S Eymard-Duvernay, E Landais, ...
A22: Nutrition journal 10 (1), 38, 2011
A23: Blood pressure and associated factors in a North African adolescent population. a national cross-sectional study in Tunisia | B23: 85 | C23: 2012
A24: H Aounallah-Skhiri, J El Ati, P Traissac, HB Romdhane, ...
A25: BMC Public Health 12 (1), 98, 2012
A26: Nutritional status of Tunisian adolescents: associated gender, environmental and socio-economic factors | B26: 71 | C26: 2008
A27: H Aounallah-Skhiri, HB Romdhane, P Traissac, S Eymard-Duvernay, ...
A28: Public health nutrition 11 (12), 1306-1317, 2008
A29: Association of MICA-129 polymorphism with nasopharyngeal cancer risk in a Tunisian population | B29: 64 | C29: 2009
A30: H Douik, AB Chaaben, NA Romdhane, HB Romdhane, T Mamoghli, ...
A31: Human immunology 70 (1), 45-48, 2009
A32: A cost effectiveness analysis of salt reduction policies to reduce coronary heart disease in four Eastern Mediterranean countries | B32: 59 | C32: 2014
A33: H Mason, A Shoaibi, R Ghandour, M O'Flaherty, S Capewell, R Khatib, ...
A34: PloS one 9 (1), e84445, 2014
A35: Establishing international blood pressure references among nonoverweight children and adolescents aged 6 to 17 years | B35: 53 | C35: 2016
A36: B Xi, X Zong, R Kelishadi, YM Hong, A Khadilkar, LM Steffen, T Nawarycz, ...
A37: Circulation 133 (4), 398-408, 2016
A38: Prevalence and determinants of the metabolic syndrome among Tunisian adults: results of the Transition and Health Impact in North Africa (TAHINA) project | B38: 52 | C38: 2013
A39: H Belfki, SB Ali, H Aounallah-Skhiri, P Traissac, S Bougatef, B Maire, ...
A40: Public health nutrition 16 (4), 582-590, 2013
A41: Transition épidémiologique et transition alimentaire et nutritionnelle en Tunisie | B41: 52 | C41: 2002
A42: HB Romdhane, R Khaldi, A Oueslati, H Skhiri
A43: Options Méditerranéennes B 41, 2002
A44: Hypertension among Tunisian adults: results of the TAHINA project | B44: 48 | C44: 2012
A45: HB Romdhane, SB Ali, H Skhiri, P Traissac, S Bougatef, B Maire, ...
A46: Hypertension Research 35 (3), 341, 2012
A47: Familial aggregation and excess maternal transmission of type 2 diabetes in Tunisia | B47: 43 | C47: 2007
A48: I Arfa, A Abid, D Malouche, NB Alaya, TR Azegue, I Mannai, MM Zorgati, ...
A49: Postgraduate medical journal 83 (979), 348-351, 2007
A50: Menopause and metabolic syndrome in tunisian women | B50: 41 | C50: 2014
A51: S Ben Ali, H Belfki-Benali, H Aounallah-Skhiri, P Traissac, B Maire, ...
A52: BioMed research international 2014, 2014
A53: Analyzing recent coronary heart disease mortality trends in Tunisia between 1997 and 2009 | B53: 39 | C53: 2013
A54: O Saidi, NB Mansour, M O’Flaherty, S Capewell, JA Critchley, ...
A55: PloS one 8 (5), e63202, 2013
A56: Prevalence of obesity and associated socioeconomic factors among Tunisian women from different living environments | B56: 38 | C56: 2009
A57: L Beltaifa, P Traissac, J El Ati, P Lefevre, HB Romdhane, F Delpeuch
A58: Obesity reviews 10 (2), 145-153, 2009
A59: Gender obesity inequities are huge but differ greatly according to environment and socio-economics in a North African setting: a national cross-sectional study in Tunisia | B59: 36 | C59: 2012
A60: J El Ati, P Traissac, F Delpeuch, H Aounallah-Skhiri, C Béji, ...
A61: PLoS One 7 (10), e48153, 2012
A62: Prevalence of diabetes in Northern African countries: the case of Tunisia | B62: 35 | C62: 2014
A63: HB Romdhane, SB Ali, W Aissi, P Traissac, H Aounallah-Skhiri, ...
A64: BMC Public Health 14 (1), 86, 2014
A65: Obesity and association with area of residence, gender and socio-economic factors in Algerian and Tunisian adults | B65: 29 | C65: 2013
A66: M Atek, P Traissac, J El Ati, Y Laid, H Aounallah-Skhiri, ...
A67: PloS one 8 (10), e75640, 2013

Sheet S.Ben Yahia
B1: Toutes | C1: Depuis 2014
A2: Citations | B2: 2090 | C2: 1284
A3: indice h | B3: 25 | C3: 18
A4: indice i10 | B4: 57 | C4: 42
A7: Titre | B7: Citée par | C7: Année
A8: Discovering knowledge from fuzzy concept lattice | B8: 139 | C8: 2001
A9: SB Yahia, A Jaoua
A10: Data mining and computational intelligence, 167-190, 2001
A11: Frequent closed itemset based algorithms: a thorough structural and analytical survey | B11: 105 | C11: 2006
A12: SB Yahia, T Hamrouni, EM Nguifo
A13: ACM sIGKDD Explorations Newsletter 8 (1), 93-104, 2006
A14: : A New Informative Generic Base of Association Rules | B14: 44 | C14: 2005
A15: G Gasmi, SB Yahia, EM Nguifo, Y Slimani
A16: Pacific-Asia Conference on Knowledge Discovery and Data Mining, 81-90, 2005
A17: Approches d'extraction de règles d'association basées sur la correspondance de galois | B17: 36 | C17: 2004
A18: S BEN YAHIA, E MEPHU NGUIFO
A19: Ingénierie des systèmes d'information 9 (3-4), 23-55, 2004
A20: A personalized recommender system based on users' information in folksonomies | B20: 35 | C20: 2013
A21: MN Jelassi, S Ben Yahia, E Mephu Nguifo
A22: Proceedings of the 22nd International Conference on World Wide Web, 1215-1224, 2013
A23: Prince: An algorithm for generating rule bases without closure computations | B23: 35 | C23: 2005
A24: T Hamrouni, SB Yahia, Y Slimani
A25: International Conference on Data Warehousing and Knowledge Discovery, 346-355, 2005
A26: Scalable mining of frequent tri-concepts from folksonomies | B26: 34 | C26: 2012
A27: C Trabelsi, N Jelassi, SB Yahia
A28: Pacific-Asia Conference on Knowledge Discovery and Data Mining, 231-242, 2012
A29: Application of Multi-SOM clustering approach to macrophage gene expression analysis | B29: 34 | C29: 2009
A30: A Ghouila, SB Yahia, D Malouche, H Jmel, D Laouini, FZ Guerfali, ...
A31: Infection, Genetics and Evolution 9 (3), 328-336, 2009
A32: Sweeping the disjunctive search space towards mining new exact concise representations of frequent itemsets | B32: 33 | C32: 2009
A33: T Hamrouni, SB Yahia, EM Nguifo
A34: Data & Knowledge Engineering 68 (10), 1091-1111, 2009
A35: An extension of classical functional dependency: dynamic fuzzy functional dependency | B35: 33 | C35: 1999
A36: SB Yahia, H Ounalli, A Jaoua
A37: Information Sciences 119 (3-4), 219-234, 1999
A38: A new generic basis of" factual" and" implicative" association rules | B38: 31 | C38: 2009
A39: SB Yahia, G Gasmi, EM Nguifo
A40: Intelligent Data Analysis 13 (4), 633, 2009
A41: Mining undominated association rules through interestingness measures | B41: 30 | C41: 2014
A42: S Bouker, R Saidi, S Ben Yahia, E Mephu Nguifo
A43: International Journal on Artificial Intelligence Tools 23 (04), 1460011, 2014
A44: Query expansion using fuzzy association rules between terms | B44: 30 | C44: 2003
A45: CC Latiri, SB Yahia, JP Chevallet, A Jaoua
A46: Proceedings of JIM, 2003
A47: Succinct minimal generators: Theoretical foundations and applications | B47: 29 | C47: 2008
A48: T Hamrouni, S Ben Yahia, E Mephu Nguifo
A49: International journal of foundations of computer science 19 (02), 271-296, 2008
A50: Extraction of association rules based on literalsets | B50: 29 | C50: 2007
A51: G Gasmi, SB Yahia, EM Nguifo, S Bouker
A52: International Conference on Data Warehousing and Knowledge Discovery, 293-302, 2007
A53: Ranking and selecting association rules based on dominance relationship | B53: 28 | C53: 2012
A54: S Bouker, R Saidi, SB Yahia, EM Nguifo
A55: 2012 IEEE 24th international conference on tools with artificial …, 2012
A56: Mining closed gradual patterns | B56: 28 | C56: 2010
A57: S Ayouni, A Laurent, SB Yahia, P Poncelet
A58: International Conference on Artificial Intelligence and Soft Computing, 267-274, 2010
A59: GARC: A New Associative Classification Approach | B59: 27 | C59: 2006
A60: I Bouzouita, S Elloumi, SB Yahia
A61: International Conference on Data Warehousing and Knowledge Discovery, 554-565, 2006
A62: Galois Connection in Fuzzy Binary Relations, Applications for Discovering Association Rules and Decision Making. | B62: 27 | C62: 2000
A63: A Jaoua, F Alvi, S Elloumi, SB Yahia
A64: RelMiCS, 141-149, 2000
A65: Formal context coverage based on isolated labels: An efficient solution for text feature extraction | B65: 26 | C65: 2012
A66: F Ferjani, S Elloumi, A Jaoua, SB Yahia, S Ismail, S Ravan
A67: Information Sciences 188, 198-214, 2012

Sheet M.Amri
B1: Toutes | C1: Depuis 2014
A2: Citations | B2: 3520 | C2: 2111
A3: indice h | B3: 32 | C3: 25
A4: indice i10 | B4: 75 | C4: 57
A7: Titre | B7: Citée par | C7: Année
A8: Effects of intra-session concurrent endurance and strength training sequence on aerobic performance and capacity | B8: 251 | C8: 2005
A9: M Chtara, K Chamari, M Chaouachi, A Chaouachi, D Koubaa, Y Feki, ...
A10: British journal of sports medicine 39 (8), 555-560, 2005
A11: Effect of resveratrol on antioxidant enzyme activities in the brain of healthy rat | B11: 196 | C11: 2007
A12: M Mokni, S Elkahoui, F Limam, M Amri, E Aouani
A13: Neurochemical research 32 (6), 981-987, 2007
A14: Effect of concurrent endurance and circuit resistance training sequence on muscular strength and power development | B14: 184 | C14: 2008
A15: M Chtara, A Chaouachi, GT Levin, M Chaouachi, K Chamari, M Amri, ...
A16: The Journal of Strength & Conditioning Research 22 (4), 1037-1045, 2008
A17: Effects of high vs. moderate exercise intensity during interval training on lipids and adiponectin levels in obese young females | B17: 145 | C17: 2013
A18: G Racil, OB Ounis, O Hammouda, A Kallel, H Zouhal, K Chamari, M Amri
A19: European journal of applied physiology 113 (10), 2531-2540, 2013
A20: Strong cardioprotective effect of resveratrol, a red wine polyphenol, on isolated rat hearts after ischemia/reperfusion injury | B20: 114 | C20: 2007
A21: M Mokni, F Limam, S Elkahoui, M Amri, E Aouani
A22: Archives of Biochemistry and Biophysics 457 (1), 1-6, 2007
A23: Effect of Ramadan intermittent fasting on aerobic and anaerobic performance and perception of fatigue in male elite judo athletes | B23: 105 | C23: 2009
A24: A Chaouachi, AJ Coutts, K Chamari, P Wong, M Chaouachi, M Chtara, ...
A25: The Journal of Strength & Conditioning Research 23 (9), 2702-2709, 2009
A26: Alteration of ganglioside biosynthesis responsible for complex hereditary spastic paraplegia | B26: 98 | C26: 2013
A27: A Boukhris, R Schule, JL Loureiro, CM Lourenço, E Mundwiller, ...
A28: The American Journal of Human Genetics 93 (1), 118-123, 2013
A29: Axonal branching of medullary swallowing neurons projecting on the trigeminal and hypoglossal motor nuclei: demonstration by electrophysiological and fluorescent double … | B29: 92 | C29: 1990
A30: M Amri, A Car, C Roman
A31: Experimental Brain Research 81 (2), 384-390, 1990
A32: Lipid profiles of judo athletes during Ramadan | B32: 85 | C32: 2008
A33: A Chaouachi, K Chamari, R Roky, P Wong, A Mbazaa, Z Bartagi, M Amri
A34: International journal of sports medicine 29 (04), 282-288, 2008
A35: Ten minutes of dynamic stretching is sufficient to potentiate vertical jump performance characteristics | B35: 82 | C35: 2011
A36: O Turki, A Chaouachi, EJ Drinkwater, M Chtara, K Chamari, M Amri, ...
A37: The Journal of Strength & Conditioning Research 25 (9), 2453-2463, 2011
A38: Medullary control of the pontine swallowing neurones in sheep | B38: 79 | C38: 1984
A39: M Amri, A Car, A Jean
A40: Experimental brain research 55 (1), 105-110, 1984
A41: Effects of two-month physical-endurance and diet-restriction programmes on lipid profiles and insulin resistance in obese adolescent boys | B41: 69 | C41: 2008
A42: OB Ounis, M Elloumi, IB Chiekh, A Zbidi, M Amri, G Lac, Z Tabka
A43: Diabetes & metabolism 34 (6), 595-600, 2008
A44: Projections from the medullary swallowing center to the hypoglossal motor nucleus: a neuroanatomical and electrophysiological study in sheep | B44: 65 | C44: 1988
A45: M Amri, A Car
A46: Brain research 441 (1-2), 119-126, 1988
A47: The effect of warm-ups incorporating different volumes of dynamic stretching on 10-and 20-m sprint performance in highly trained male athletes | B47: 60 | C47: 2012
A48: O Turki, A Chaouachi, DG Behm, H Chtara, M Chtara, D Bishop, ...
A49: The Journal of Strength & Conditioning Research 26 (1), 63-72, 2012
A50: Pituitary adenylate cyclase‐activating polypeptide protects astroglial cells against oxidative stress‐induced apoptosis | B50: 57 | C50: 2011
A51: O Masmoudi‐Kouki, S Douiri, Y Hamdi, H Kaddour, S Bahdoudi, ...
A52: Journal of neurochemistry 117 (3), 403-411, 2011
A53: Effects of dominant somatotype on aerobic capacity trainability | B53: 57 | C53: 2005
A54: M Chaouachi, A Chaouachi, K Chamari, M Chtara, Y Feki, M Amri, ...
A55: British journal of sports medicine 39 (12), 954-959, 2005
A56: Haematological, inflammatory, and immunological responses in elite judo athletes maintaining high training loads during Ramadan | B56: 56 | C56: 2009
A57: A Chaouachi, AJ Coutts, DP Wong, R Roky, A Mbazaa, M Amri, ...
A58: Applied Physiology, Nutrition, and Metabolism 34 (5), 907-915, 2009
A59: Intracellular activity of motoneurons of the rostral nucleus ambiguus during swallowing in sheep | B59: 55 | C59: 1997
A60: OR Zoungrana, M Amri, A Car, C Roman
A61: Journal of neurophysiology 77 (2), 909-922, 1997
A62: Connections between the ventral medullary swallowing area and the trigeminal motor nucleus of the sheep studied by tracing techniques | B62: 54 | C62: 1983
A63: A Jean, M Amri, A Calas
A64: Journal of the autonomic nervous system 7 (2), 87-96, 1983
A65: The inhibitory effects on adult male reproductive functions of crude garlic (Allium sativum) feeding | B65: 52 | C65: 2008
A66: I Hammami, A Nahdi, C Mauduit, M Benahmed, M Amri, AB Amar, S Zekri, ...
A67: Asian journal of andrology 10 (4), 593-601, 2008

Sheet A.Bahri
B1: Toutes | C1: Depuis 2014
A2: Citations | B2: 2866 | C2: 1444
A3: indice h | B3: 26 | C3: 16
A4: indice i10 | B4: 53 | C4: 27
A7: Titre | B7: Citée par | C7: Année
A8: The challenges of wastewater irrigation in developing countries | B8: 459 | C8: 2010
A9: M Qadir, D Wichelns, L Raschid-Sally, PG McCornick, P Drechsel, A Bahri, ...
A10: Agricultural Water Management 97 (4), 561-568, 2010
A11: Wastewater irrigation and health: assessing and mitigating risk in low-income countries | B11: 196* | C11: 2010
A12: P Drechsel, CA Scott, L Raschid-Sally, M Redwood, A Bahri
A13: IWMI, 2010
A14: Water reuse for irrigation: agriculture, landscapes, and turf grass | B14: 189 | C14: 2004
A15: V Lazarova, A Bahri
A16: CRC press, 2004
A17: Wastewater production, treatment, and irrigation in Middle East and North Africa | B17: 111 | C17: 2010
A18: M Qadir, A Bahri, T Sato, E Al-Karadsheh
A19: Irrigation and Drainage Systems 24 (1-2), 37-51, 2010
A20: Agricultural use of marginal-quality water: Opportunities and challenges | B20: 102 | C20: 2007
A21: M Qadir, D Wichelns, L Raschid-Sally, PS Minhas, P Drechsel, A Bahri, ...
A22: Agricultural reuse of wastewater and global water management | B22: 102 | C22: 1999
A23: A Bahri
A24: Water Science and Technology 40 (4-5), 339-346, 1999
A25: Wastewater reuse in Tunisia: assessing a national policy | B25: 76 | C25: 1996
A26: A Bahri, F Brissaud
A27: Water Science and Technology 33 (10-11), 87-94, 1996
A28: Integrated urban water management | B28: 71 | C28: 2012
A29: A Bahri
A30: TEC Background Papers 16, 2012
A31: Wastewater, sludge and excreta use in developing countries: an overview | B31: 69 | C31: 2009
A32: B Jiménez, P Drechsel, D Koné, A Bahri
A33: Wastewater irrigation and health, 29-54, 2009
A34: Reducing health risks from wastewater use in urban and peri-urban sub-Saharan Africa: applying the 2006 WHO guidelines | B34: 63 | C34: 2008
A35: P Drechsel, B Keraita, P Amoah, RC Abaidoo, L Raschid-Sally, A Bahri
A36: Water Science and Technology 57 (9), 1461-1466, 2008
A37: Milestones in water reuse | B37: 61 | C37: 2013
A38: V Lazarova, T Asano, A Bahri, J Anderson
A39: IWA publishing, 2013
A40: Spatial dependence of geochemical elements in a semiarid agricultural field: II. Geostatistical properties | B40: 60 | C40: 1993
A41: R Berndtsson, A Bahri, K Jinno
A42: Soil Science Society of America Journal 57 (5), 1323-1329, 1993
A43: Characterizing preferential transport during flood irrigation of a heavy clay soil using the dye Vitasyn Blau | B43: 55 | C43: 2001
A44: H Yasuda, R Berndtsson, H Persson, A Bahri, K Takuma
A45: Geoderma 100 (1-2), 49-66, 2001
A46: Wastewater irrigation and health: challenges and outlook for mitigating risks in low-income countries | B46: 49 | C46: 2010
A47: CA Scott, P Drechsel, L Raschid-Sally, A Bahri, D Mara, M Redwood, ...
A48: Wastewater irrigation and health: Assessing and mitigating risk in low …, 2010
A49: Assessment of soil salinization risks under irrigation with brackish water in semiarid Tunisia | B49: 48 | C49: 2013
A50: F Bouksila, A Bahri, R Berndtsson, M Persson, J Rozema, SE Van der Zee
A51: Environmental and Experimental Botany 92, 176-185, 2013
A52: Expression of human serum albumin in transgenic Hevea brasiliensis | B52: 45 | C52: 2002
A53: P Arokiaraj, F Ruker, E Obermayr, ARS Bahri, J Hafsah, DC Carter, ...
A54: Journal of rubber research 5 (3), 157-166, 2002
A55: Managing the other side of the water cycle: Making wastewater an asset | B55: 43 | C55: 2009
A56: A Bahri
A57: Global Water Partnership, 2009
A58: Wastewater recycling and reuse practices in Mediterranean region: Recommended Guidelines | B58: 43 | C58: 2003
A59: G Kamizoulis, A Bahri, F Brissaud, AN Angelakis
A60: Published on www. med-reunet. com, 2003
A61: Fertilizing value and polluting load of reclaimed water in Tunisia | B61: 42 | C61: 1998
A62: A Bahri
A63: Water Research 32 (11), 3484-3489, 1998
A64: Plot-scale solute transport in a semiarid agricultural soil | B64: 41 | C64: 1994
A65: H Yasuda, R Berndtsson, A Bahri, K Jinno
A66: Soil Science Society of America Journal 58 (4), 1052-1060, 1994

Sheet M.R.Barbouche
B1: Toutes | C1: Depuis 2014
A2: Citations | B2: 2406 | C2: 1490
A3: indice h | B3: 22 | C3: 17
A4: indice i10 | B4: 44 | C4: 30
A7: Titre | B7: Citée par | C7: Année
A8: Revisiting human IL-12Rβ1 deficiency: a survey of 141 patients from 30 countries | B8: 289 | C8: 2010
A9: L De Beaucoudrey, A Samarina, J Bustamante, A Cobat, ...
A10: Medicine 89 (6), 381, 2010
A11: Toll-like receptor 2 Arg677Trp polymorphism is associated with susceptibility to tuberculosis in Tunisian patients | B11: 253 | C11: 2004
A12: M Ben-Ali, MR Barbouche, S Bousnina, A Chabbou, K Dellagi
A13: Clin. Diagn. Lab. Immunol. 11 (3), 625-626, 2004
A14: X-linked susceptibility to mycobacteria is caused by mutations in NEMO impairing CD40-dependent IL-12 production | B14: 227 | C14: 2006
A15: O Filipe-Santos, J Bustamante, MH Haverkamp, E Vinolo, CL Ku, A Puel, ...
A16: Journal of Experimental Medicine 203 (7), 1745-1759, 2006
A17: Heterozygous STAT1 gain-of-function mutations underlie an unexpectedly broad clinical phenotype | B17: 134 | C17: 2016
A18: J Toubiana, S Okada, J Hiller, M Oleastro, ML Gomez, JCA Becerra, ...
A19: Blood 127 (25), 3154-3164, 2016
A20: Inherited IL-12p40 deficiency: genetic, immunologic, and clinical features of 49 patients from 30 kindreds | B20: 106 | C20: 2013
A21: C Prando, A Samarina, J Bustamante, S Boisson-Dupuis, A Cobat, ...
A22: Medicine 92 (2), 109, 2013
A23: Hypomorphic homozygous mutations in phosphoglucomutase 3 (PGM3) impair immunity and increase serum IgE levels | B23: 101 | C23: 2014
A24: A Sassi, S Lazaroski, G Wu, SM Haslam, M Fliegauf, F Mellouli, ...
A25: Journal of Allergy and Clinical Immunology 133 (5), 1410-1419. e13, 2014
A26: Characterization of Greater Middle Eastern genetic variation for enhanced disease gene discovery. | B26: 89 | C26: 2016
A27: CAG Scott EM, Halees A, Itan Y, Spencer EG, He Y, Azab MA, Gabriel SB ...
A28: Nat Genet. 48 ((9)), 1071-6, 2016
A29: Clinical and Genetic Heterogeneity of Inherited Autosomal Recessive Susceptibility to Disseminated Mycobacterium bovis Bacille Calmette-Guérin Infection | B29: 89 | C29: 2002
A30: H Elloumi-Zghal, MR Barbouche, J Chemli, M Béjaoui, A Harbi, N Snoussi, ...
A31: Journal of Infectious Diseases 185 (10), 1468-1475, 2002
A32: The extended clinical phenotype of 64 patients with dedicator of cytokinesis 8 deficiency | B32: 86 | C32: 2015
A33: KR Engelhardt, ME Gertz, S Keles, AA Schäffer, EC Sigmund, C Glocker, ...
A34: Journal of Allergy and Clinical Immunology 136 (2), 402-412, 2015
A35: Clinical features of Candidiasis in patients with inherited interleukin 12 receptor β1 deficiency | B35: 72 | C35: 2013
A36: M Ouederni, O Sanal, A Ikincioğullari, I Tezcan, F Dogu, I Sologuren, ...
A37: Clinical infectious diseases 58 (2), 204-213, 2013
A38: Primary immunodeficiencies in highly consanguineous North African populations | B38: 55 | C38: 2011
A39: MR Barbouche, N Galal, I Ben‐Mustapha, L Jeddane, F Mellouli, F Ailal, ...
A40: Annals of the New York Academy of Sciences 1238 (1), 42-52, 2011
A41: Promoter and neck region length variation of DC-SIGN is not associated with susceptibility to tuberculosis in Tunisian patients | B41: 54 | C41: 2007
A42: M Ben-Ali, LB Barreiro, A Chabbou, R Haltiti, E Braham, O Neyrolles, ...
A43: Human immunology 68 (11), 908-912, 2007
A44: Genetic and mutational heterogeneity of autosomal recessive chronic granulomatous disease in Tunisia | B44: 45 | C44: 2006
A45: R El Kares, MR Barbouche, H Elloumi-Zghal, M Bejaoui, J Chemli, ...
A46: Journal of human genetics 51 (10), 887, 2006
A47: A novel simple and rapid PCR-based site-directed mutagenesis method | B47: 43 | C47: 2004
A48: I Rabhi, N Guedel, I Chouk, K Zerria, MR Barbouche, K Dellagi, ...
A49: Molecular biotechnology 26 (1), 27-34, 2004
A50: Mycobacterial disease in patients with chronic granulomatous disease: a retrospective analysis of 71 cases | B50: 42 | C50: 2016
A51: F Conti, SO Lugo-Reyes, LB Galicia, J He, G Aksu, EB de Oliveira Jr, ...
A52: Journal of Allergy and Clinical Immunology 138 (1), 241-248. e3, 2016
A53: Enhanced patient serum immunoreactivity to recombinant Mycobacterium tuberculosis CFP32 produced in the yeast Pichia pastoris compared to Escherichia coli and its potential for … | B53: 35 | C53: 2006
A54: C Benabdesselem, DM Fathallah, RC Huard, H Zhu, MA Jarboui, ...
A55: Journal of clinical microbiology 44 (9), 3086-3093, 2006
A56: Primary immunodeficiency in Tunisia: study of 152 cases | B56: 33* | C56: 1997
A57: M Bejaoui, MR Barbouche, A Sassi, B Larguche, N Miladi, A Bouguerra, ...
A58: Archives de pediatrie: organe officiel de la Societe francaise de pediatrie …, 1997
A59: Natural autoantibodies in schizophrenia | B59: 26 | C59: 1992
A60: A Galinowski, R Barbouche, P Truffinet, H Louzir, MF Poirier, O Bouvet, ...
A61: Acta Psychiatrica Scandinavica 85 (3), 240-242, 1992
A62: Spontaneous IgM autoantibody production in vitro by B lymphocytes of normal human neonates | B62: 25 | C62: 1992
A63: R Barbouche, M Forveille, A Fischer, S Avrameas, A Durandy
A64: Scandinavian journal of immunology 35 (6), 659-667, 1992
A65: Forkhead box O 3 (FOXO 3) transcription factor mediates apoptosis in BCG‐infected macrophages | B65: 24 | C65: 2014
A66: M Haoues, A Refai, A Mallavialle, MR Barbouche, N Laabidi, M Deckert, ...
A67: Cellular microbiology 16 (9), 1378-1390, 2014

Sheet H.Ghannem
B1: Toutes | C1: Depuis 2014
A2: Citations | B2: 1551 | C2: 706
A3: indice h | B3: 21 | C3: 14
A4: indice i10 | B4: 39 | C4: 19
A7: Titre | B7: Citée par | C7: Année
A8: WHO study on Prevention of REcurrences of Myocardial Infarction and StrokE (WHO-PREMISE) | B8: 288 | C8: 2005
A9: S Mendis, D Abegunde, S Yusuf, S Ebrahim, G Shaper, H Ghannem, ...
A10: Bulletin of the World Health Organization 83, 820-829, 2005
A11: Age-specific seroprevalence of hepatitis a among school children in central Tunisia | B11: 63 | C11: 2005
A12: A Letaief, N Kaabia, R Gaha, A Bousaadia, F Lazrag, H Trabelsi, ...
A13: The American journal of tropical medicine and hygiene 73 (1), 40-43, 2005
A14: Celiac disease in Tunisia: serological screening in healthy blood donors | B14: 51 | C14: 2006
A15: A Mankai, H Landolsi, A Chahed, L Gueddah, M Limem, MB Abdessalem, ...
A16: Pathologie Biologie 54 (1), 10-13, 2006
A17: Prevalence of cardiovascular risk factors in the urban population of Soussa in Tunisia | B17: 47 | C17: 1997
A18: H Ghannem, AH Fredj
A19: Journal of Public Health 19 (4), 392-396, 1997
A20: Mental health reform in the Russian Federation: an integrated approach to achieve social inclusion and recovery | B20: 46 | C20: 2007
A21: R Jenkins, S Lancashire, D McDaid, Y Samyshkin, S Green, J Watkins, ...
A22: Bulletin of the World Health Organization 85, 858-866, 2007
A23: Africa’s neglected area of human resources for health research–the way forward | B23: 44 | C23: 2012
A24: C IJsselmuiden, DL Marais, F Becerra-Posada, H Ghannem
A25: South African Medical Journal 102 (4), 2012
A26: Management of NCD in low-and middle-income countries | B26: 42 | C26: 2014
A27: W Checkley, H Ghannem, V Irazola, S Kimaiyo, NS Levitt, JJ Miranda, ...
A28: Global heart 9 (4), 431-443, 2014
A29: National health research system mapping in 10 Eastern Mediterranean countries | B29: 42 | C29: 2008
A30: A Kennedy, TAM Khoja, AH Abou Zeid, H Ghannem, C IJsselmuiden
A31: EMHJ-Eastern Mediterranean Health Journal, 14 (3), 502-517, 2008, 2008
A32: Epidemiology of hypertension among a population of school children in Sousse, Tunisia | B32: 40 | C32: 2006
A33: I Harrabi, A Belarbia, R Gaha, AS Essoussi, H Ghannem
A34: Canadian journal of cardiology 22 (3), 212-216, 2006
A35: Seroprevalence of rubella virus, varicella zoster virus, cytomegalovirus and parvovirus B19 among pregnant women in the Sousse region, Tunisia | B35: 37 | C35: 2011
A36: N Hannachi, M Marzouk, I Harrabi, A Ferjani, Z Ksouri, H Ghannem, ...
A37: Bulletin de la Societe de pathologie exotique (1990) 104 (1), 62-67, 2011
A38: Epidemiology of cardiovascular risk factors among schoolchildren in Sousse, Tunisia | B38: 37 | C38: 2001
A39: H Ghannem, R Darioli, K Limam, I Harrabi, R Gaha, L Trabelsi, AH Fredj, ...
A40: Journal of Cardiovascular Risk 8 (2), 87-91, 2001
A41: Transition épidémiologique et facteurs de risque cardiovasculaire en Tunisie | B41: 35 | C41: 1997
A42: H Ghannem, A Hadj Fredj
A43: Revue d'épidémiologie et de santé publique 45 (4), 286-292, 1997
A44: Seroprevalence and risk factors of hepatitis E among pregnant women in central Tunisia | B44: 33 | C44: 2011
A45: N Hannachi, S Hidar, I Harrabi, S Mhalla, M Marzouk, H Ghzel, ...
A46: Pathologie-biologie 59 (5), e115-8, 2011
A47: Epidemiology of hypertension and other cardiovascular disease risk factors in the urban population of Soussa, Tunisia | B47: 30 | C47: 1997
A48: H Ghannem, AH Fredj
A49: Epidemiological transition and cardiovascular risk factors in Tunisia | B49: 29 | C49: 1997
A50: H Ghannem, AH Fredj
A51: Revue d'epidemiologie et de sante publique 45 (4), 286-292, 1997
A52: School-based intervention to promote healthy lifestyles in Sousse, Tunisia | B52: 28 | C52: 2010
A53: I Harrabi, J Maatoug, M Gaha, R Kebaili, R Gaha, H Ghannem
A54: Indian journal of community medicine: official publication of Indian …, 2010
A55: Medical students and tobacco in 2004: a survey in Sousse, Tunisia | B55: 23 | C55: 2006
A56: I Harrabi, H Ghannem, M Kacem, R Gaha, A Ben Abdelaziz, JF Tessier
A57: The International Journal of Tuberculosis and Lung Disease 10 (3), 328-332, 2006
A58: Peer Reviewed: The Challenge of Preventing Cardiovascular Disease in Tunisia | B58: 23 | C58: 2006
A59: H Ghannem
A60: Preventing chronic disease 3 (1), 2006
A61: Global response to non-communicable disease | B61: 22 | C61: 2011
A62: MT Cerqueira, A Cravioto, N Dianis, H Ghannem, N Levitt, LL Yan, ...
A63: BMJ 342, 2011
A64: Epidemiology of dyslipidemia among schoolchildren in Sousse, Tunisia | B64: 21 | C64: 2005
A65: I Harrabi, H Ghannem, R Gaha, M Hochlaf, K Limam, AS Essoussi
A66: Diabetes & metabolism 31 (3), 285-289, 2005

Sheet H.Masmoudi
B1: Toutes | C1: Depuis 2014
A2: Citations | B2: 1509 | C2: 768
A3: indice h | B3: 20 | C3: 15
A4: indice i10 | B4: 43 | C4: 26
A7: Titre | B7: Citée par | C7: Année
A8: All T15 Id-positive antibodies (but not the majority of VHT15+ antibodies) are produced by peritoneal CD5+ B lymphocytes | B8: 203 | C8: 1990
A9: H Masmoudi, T Mota-Santos, F Huetz, A Coutinho, PA Cazenave
A10: International immunology 2 (6), 515-520, 1990
A11: Genetic factors in pemphigus | B11: 78 | C11: 2005
A12: F Tron, D Gilbert, H Mouquet, P Joly, L Drouot, S Makni, H Masmoudi, ...
A13: Journal of autoimmunity 24 (4), 319-328, 2005
A14: Combined vitamins (C and E) and insulin improve oxidative stress and pancreatic and hepatic injury in alloxan diabetic rats | B14: 75 | C14: 2009
A15: K Hamden, MA Boujbiha, H Masmoudi, FM Ayadi, K Jamoussi, A Elfeki
A16: Biomedicine & Pharmacotherapy 63 (2), 95-99, 2009
A17: A comparative study of the oxidative profile in Graves’ disease, Hashimoto’s thyroiditis, and papillary thyroid cancer | B17: 55 | C17: 2010
A18: S Lassoued, M Mseddi, F Mnif, M Abid, F Guermazi, H Masmoudi, ...
A19: Biological trace element research 138 (1-3), 107-115, 2010
A20: Clinical and diagnostic value of ribosomal P autoantibodies in systemic lupus erythematosus | B20: 51 | C20: 2009
A21: S Haddouk, S Marzouk, M Jallouli, H Fourati, M Frigui, YBH Hmida, ...
A22: Rheumatology 48 (8), 953-957, 2009
A23: Enhanced reactivity to malondialdehyde-modified proteins by systemic lupus erythematosus autoantibodies | B23: 49 | C23: 2010
A24: R Ben Mansour, S Lassoued, A Elgaied, S Haddouk, S Marzouk, ...
A25: Scandinavian journal of rheumatology 39 (3), 247-253, 2010
A26: Therapeutic effect of phytoecdysteroids rich extract from Ajuga iva on alloxan induced diabetic rats liver, kidney and pancreas | B26: 42 | C26: 2008
A27: K Hamden, F Ayadi, K Jamoussi, H Masmoudi, A Elfeki
A28: Biofactors 33 (3), 165-175, 2008
A29: Anti‐desmoglein 1 antibodies in Tunisian healthy subjects: arguments for the role of environmental factors in the occurrence of Tunisian pemphigus foliaceus | B29: 42 | C29: 2004
A30: M Kallel Sellami, M Ben Ayed, H Mouquet, L Drouot, M Zitouni, M Mokni, ...
A31: Clinical & Experimental Immunology 137 (1), 195-200, 2004
A32: Immunomodulatory, β-cell, and neuroprotective actions of fenugreek oil from alloxan-induced diabetes | B32: 41 | C32: 2010
A33: K Hamden, H Masmoudi, S Carreau, A Elfeki
A34: Immunopharmacology and Immunotoxicology 32 (3), 437-445, 2010
A35: Inhibitory effect of estrogens, phytoestrogens, and caloric restriction on oxidative stress and hepato-toxicity in aged rats | B35: 35 | C35: 2009
A36: K Hamden, S Carreau, F Ayadi, H Masmoudi, EL Abdelfattah
A37: Biomedical and Environmental Sciences 22 (5), 381-387, 2009
A38: Protective effects of Peganum harmala extracts on thiourea-induced diseases in adult male rat | B38: 32 | C38: 2007
A39: K Hamden, H Masmoudi, F Ellouz, A ElFeki, S Carreau
A40: Journal of environmental biology 29 (1), 73, 2007
A41: Tunisian endemic pemphigus foliaceus is associated with the HLA‐DR3 gene: anti‐desmoglein 1 antibody‐positive healthy subjects bear protective alleles | B41: 29 | C41: 2009
A42: O Abida, M Zitouni, M Kallel‐Sellami, N Mahfoudh, A Kammoun, ...
A43: British Journal of Dermatology 161 (3), 522-527, 2009
A44: Protective effect of 17β-estradiol on oxidative stress and liver dysfunction in aged male rats | B44: 29 | C44: 2007
A45: K Hamden, S Carreau, F Ellouz, H Masmoudi, A El Feki
A46: Journal of physiology and biochemistry 63 (3), 195-201, 2007
A47: Immunogenetics of pemphigus: an update | B47: 28 | C47: 2006
A48: F Tron, D Gilbert, P Joly, H Mouquet, L Drouot, MB Ayed, M Sellami, ...
A49: Autoimmunity 39 (7), 531-539, 2006
A50: Anti‐desmoglein 1 antibodies in healthy related and unrelated subjects and patients with pemphigus foliaceus in endemic and non‐endemic areas from Tunisia | B50: 25 | C50: 2009
A51: O Abida, M Kallel‐Sellami, P Joly, M Ben Ayed, M Zitouni, A Masmoudi, ...
A52: Journal of the European Academy of Dermatology and Venereology 23 (9), 1073-1078, 2009
A53: Improvement effect of green tea on hepatic dysfunction, lipid peroxidation and antioxidant defence depletion induced by cadmium | B53: 25 | C53: 2009
A54: K Hamden, S Carreau, F Ellouz, H Masmoudi, EI Feki
A55: African Journal of Biotechnology 8 (17), 2009
A56: Positive effects of green tea on hepatic dysfunction, lipid peroxidation and antioxidant defence depletion induced by cadmium | B56: 25 | C56: 2008
A57: K Hamden, S CARREA U, F Ayadi Marki, H Masmoudi, A El Feki
A58: Biological research 41 (3), 331-339, 2008
A59: Clinical significance of antinucleosome antibodies in Tunisian systemic lupus erythematosus patients | B59: 25 | C59: 2005
A60: S Haddouk, MB Ayed, S Baklouti, J Hachicha, Z Bahloul, H Masmoudi
A61: Clinical rheumatology 24 (3), 219-222, 2005
A62: Clinical implications and prognostic significance of thrombocytopenia in Tunisian patients with systemic lupus erythematosus | B62: 24 | C62: 2012
A63: M Jallouli, M Frigui, S Marzouk, M Snoussi, M Kechaou, N Kaddour, ...
A64: Lupus 21 (6), 682-687, 2012
A65: Plasmocytic pleural effusion disclosing multiple myeloma | B65: 22 | C65: 2000
A66: M Elloumi, M Frikha, H Masmoudi, S Mseddi, MA Ben, M Bouaziz, F Makni, ...
A67: Revue des maladies respiratoires 17 (2), 495-497, 2000

Sheet S.Sayadi
B1: Toutes | C1: Depuis 2014
A2: Citations | B2: 11538 | C2: 6967
A3: indice h | B3: 61 | C3: 43
A4: indice i10 | B4: 209 | C4: 188
A7: Titre | B7: Citée par | C7: Année
A8: Antidiabetic and antioxidant effects of hydroxytyrosol and oleuropein from olive leaves in alloxan-diabetic rats | B8: 300 | C8: 2009
A9: H Jemai, A El Feki, S Sayadi
A10: Journal of agricultural and food chemistry 57 (19), 8798-8804, 2009
A11: Low cost biosorbent “banana peel” for the removal of phenolic compounds from olive mill wastewater: Kinetic and equilibrium studies | B11: 257 | C11: 2009
A12: M Achak, A Hafidi, N Ouazzani, S Sayadi, L Mandi
A13: Journal of hazardous materials 166 (1), 117-125, 2009
A14: Treatment of olive oil mill wastewater by combined process electro-Fenton reaction and anaerobic digestion | B14: 240 | C14: 2006
A15: S Khoufi, F Aloui, S Sayadi
A16: water research 40 (10), 2007-2016, 2006
A17: Laccase purification and characterization from Trametes trogii isolated in Tunisia: decolorization of textile dyes by the purified enzyme | B17: 237 | C17: 2006
A18: H Zouari-Mechichi, T Mechichi, A Dhouib, S Sayadi, AT Martínez, ...
A19: Enzyme and Microbial Technology 39 (1), 141-148, 2006
A20: Detrimental effects of high molecular-mass polyphenols on olive mill wastewater biotreatment | B20: 235 | C20: 2000
A21: S Sayadi, N Allouche, M Jaoua, F Aloui
A22: Process Biochemistry 35 (7), 725-735, 2000
A23: Roles of lignin peroxidase and manganese peroxidase from phanerochaete chrysosporium in the decolorization of olive mill wastewaters. | B23: 209 | C23: 1995
A24: S Sayadi, R Ellouz
A25: Appl. Environ. Microbiol. 61 (3), 1098-1103, 1995
A26: Anaerobic membrane reactor with phase separation for the treatment of cheese whey | B26: 195 | C26: 2007
A27: A Saddoud, I Hassaïri, S Sayadi
A28: Bioresource technology 98 (11), 2102-2108, 2007
A29: Hypolipidimic and antioxidant activities of oleuropein and its hydrolysis derivative-rich extracts from Chemlali olive leaves | B29: 194 | C29: 2008
A30: H Jemai, M Bouaziz, I Fki, A El Feki, S Sayadi
A31: Chemico-Biological Interactions 176 (2-3), 88-98, 2008
A32: Toward a high yield recovery of antioxidants and purified hydroxytyrosol from olive mill wastewaters | B32: 192 | C32: 2004
A33: N Allouche, I Fki, S Sayadi
A34: Journal of Agricultural and Food Chemistry 52 (2), 267-273, 2004
A35: Effect of storage on refined and husk olive oils composition: Stabilization by addition of natural antioxidants from Chemlali olive leaves | B35: 167 | C35: 2008
A36: M Bouaziz, I Fki, H Jemai, M Ayadi, S Sayadi
A37: Food Chemistry 108 (1), 253-262, 2008
A38: Changes in microbial and soil properties following amendment with treated and untreated olive mill wastewater | B38: 165 | C38: 2006
A39: A Mekki, A Dhouib, S Sayadi
A40: Microbiological Research 161 (2), 93-101, 2006
A41: Isolation and evaluation of antioxidants from leaves of a Tunisian cultivar olive tree | B41: 162 | C41: 2005
A42: M Bouaziz, S Sayadi
A43: European Journal of Lipid Science and Technology 107 (7‐8), 497-504, 2005
A44: Identification and antioxidant potential of flavonoids and low molecular weight phenols in olive cultivar Chemlali growing in Tunisia | B44: 159 | C44: 2005
A45: M Bouaziz, RJ Grayer, MSJ Simmonds, M Damak, S Sayadi
A46: Journal of agricultural and food chemistry 53 (2), 236-241, 2005
A47: Detoxification of olive mill wastewater by electrocoagulation and sedimentation processes | B47: 151 | C47: 2007
A48: S Khoufi, F Feki, S Sayadi
A49: Journal of Hazardous Materials 142 (1-2), 58-67, 2007
A50: The use of polyphenolic extract, purified hydroxytyrosol and 3, 4-dihydroxyphenyl acetic acid from olive mill wastewater for the stabilization of refined oils: a potential … | B50: 150 | C50: 2005
A51: I Fki, N Allouche, S Sayadi
A52: Food Chemistry 93 (2), 197-204, 2005
A53: Decolourization and detoxification of textile industry wastewater by the laccase-mediator system | B53: 148 | C53: 2010
A54: R Khlifi, L Belbahri, S Woodward, M Ellouz, A Dhouib, S Sayadi, ...
A55: Journal of Hazardous Materials 175 (1-3), 802-808, 2010
A56: Potent fungi for decolourisation of olive oil mill wastewaters | B56: 141 | C56: 2003
A57: A Jaouani, S Sayadi, M Vanthournhout, MJ Penninckx
A58: Enzyme and Microbial Technology 33 (6), 802-809, 2003
A59: Polyphenols dynamics and phytotoxicity in a soil amended by olive mill wastewaters | B59: 129 | C59: 2007
A60: A Mekki, A Dhouib, S Sayadi
A61: Journal of Environmental Management 84 (2), 134-140, 2007
A62: Hydroxytyrosol rich extract from olive leaves modulates cell cycle progression in MCF-7 human breast cancer cells | B62: 128 | C62: 2011
A63: Z Bouallagui, J Han, H Isoda, S Sayadi
A64: Food and chemical toxicology 49 (1), 179-184, 2011
A65: Comparative study on phenolic content and antioxidant activity during maturation of the olive cultivar Chemlali from Tunisia | B65: 126 | C65: 2004
A66: M Bouaziz, M Chamkha, S Sayadi
A67: Journal of agricultural and food chemistry 52 (17), 5476-5481, 2004

Sheet F.Hentati
B1: Toutes | C1: Depuis 2014
A2: Citations | B2: 12571 | C2: 3756
A3: indice h | B3: 51 | C3: 29
A4: indice i10 | B4: 139 | C4: 70
A7: Titre | B7: Citée par | C7: Année
A8: Dysferlin, a novel skeletal muscle gene, is mutated in Miyoshi myopathy and limb girdle muscular dystrophy | B8: 850 | C8: 1998
A9: J Liu, M Aoki, I Illa, C Wu, M Fardeau, C Angelini, C Serrano, ...
A10: Nature genetics 20 (1), 31, 1998
A11: The gene encoding alsin, a protein with three guanine-nucleotide exchange factor domains, is mutated in a form of recessive amyotrophic lateral sclerosis | B11: 780 | C11: 2001
A12: Y Yang, A Hentati, HX Deng, O Dabbagh, T Sasaki, M Hirano, WY Hung, ...
A13: Nature genetics 29 (2), 160, 2001
A14: VPS35 mutations in Parkinson disease | B14: 585 | C14: 2011
A15: C Vilariño-Güell, C Wider, OA Ross, JC Dachsel, JM Kachergus, ...
A16: The American Journal of Human Genetics 89 (1), 162-167, 2011
A17: Mutations in the dystrophin-associated protein γ-sarcoglycan in chromosome 13 muscular dystrophy | B17: 569 | C17: 1995
A18: S Noguchi, EM McNally, KB Othmane, Y Hagiwara, Y Mizuno, M Yoshida, ...
A19: Science 270 (5237), 819-822, 1995
A20: Ataxia with isolated vitamin E deficiency is caused by mutations in the α–tocopherol transfer protein | B20: 560 | C20: 1995
A21: K Ouahchi, M Arita, H Kayden, F Hentati, MB Hamida, R Sokol, H Arai, ...
A22: Nature genetics 9 (2), 141, 1995
A23: Ganglioside-induced differentiation-associated protein-1 is mutant in Charcot-Marie-Tooth disease type 4A/8q21 | B23: 426* | C23: 2002
A24: RV Baxter, KB Othmane, JM Rochelle, JE Stajich, C Hulette, ...
A25: Nature genetics 30 (1), 21, 2002
A26: The gene encoding gigaxonin, a new member of the cytoskeletal BTB/kelch repeat family, is mutated in giant axonal neuropathy | B26: 339 | C26: 2000
A27: P Bomont, L Cavalier, F Blondeau, CB Hamida, S Belal, M Tazir, E Demir, ...
A28: Nature genetics 26 (3), 370, 2000
A29: Molecular and Clinical Correlations in Autosomal Dominant Cerebellar Ataxia with Progressive Macular Dystrophy (SCA7) | B29: 276 | C29: 1998
A30: G David, A Dürr, G Stevanin, G Cancel, N Abbas, A Benomar, S Belal, ...
A31: Human molecular genetics 7 (2), 165-170, 1998
A32: Perlecan, the major proteoglycan of basement membranes, is altered in patients with Schwartz-Jampel syndrome (chondrodystrophic myotonia) | B32: 262 | C32: 2000
A33: S Nicole, CS Davoine, H Topaloglu, L Cattolico, D Barral, P Beighton, ...
A34: Nature genetics 26 (4), 480, 2000
A35: Translation initiator EIF4G1 mutations in familial Parkinson disease | B35: 253 | C35: 2011
A36: MC Chartier-Harlin, JC Dachsel, C Vilariño-Güell, SJ Lincoln, F Leprêtre, ...
A37: The American Journal of Human Genetics 89 (3), 398-406, 2011
A38: Inhibition of LRRK2 kinase activity leads to dephosphorylation of Ser910/Ser935, disruption of 14-3-3 binding and altered cytoplasmic localization | B38: 245 | C38: 2010
A39: N Dzamko, M Deak, F Hentati, AD Reith, AR Prescott, DR Alessi, ...
A40: Biochemical Journal 430 (3), 405-413, 2010
A41: Localization of Friedreich ataxia phenotype with selective vitamin E deficiency to chromosome 8q by homozygosity mapping | B41: 241 | C41: 1993
A42: CB Hamida, N Doerflinger, S Belal, C Linder, L Reutenauer, C Dib, ...
A43: Nature genetics 5 (2), 195, 1993
A44: Linkage of a commoner form of recessive amyotrophic lateral sclerosis to chromosome 15q15-q22 markers | B44: 236 | C44: 1998
A45: A Hentati, K Ouahchi, MA Pericak-Vance, D Nijhawan, A Ahmad, Y Yang, ...
A46: Neurogenetics 2 (1), 55-60, 1998
A47: Molecular and clinical correlations in spinocerebellar ataxia 2: a study of 32 families | B47: 233 | C47: 1997
A48: G Cancel, A Dürr, O Didierjean, G Imbert, K Bürk, A Lezin, S Belal, ...
A49: Human molecular genetics 6 (5), 709-715, 1997
A50: Linkage of recessive familial amyotrophic lateral sclerosis to chromosome 2q33–q35 | B50: 231 | C50: 1994
A51: A Hentati, K Bejaoui, MA Pericak-Vance, F Hentati, MC Speer, WY Hung, ...
A52: Nature genetics 7 (3), 425, 1994
A53: Linkage of Tunisian autosomal recessive Duchenne–like muscular dystrophy to the pericentromeric region of chromosome 13q | B53: 225 | C53: 1992
A54: KB Othmane, MB Hamida, MA Pericak-Vance, CB Hamida, S Blel, ...
A55: Nature genetics 2 (4), 315, 1992
A56: Localization of merosin-negative congenital muscular dystrophy to chromosome 6q2 by homozygosity mapping | B56: 217 | C56: 1994
A57: D Hillaire, A Leclerc, S Fauré, H Topaloglu, N Chiannllkulchaï, ...
A58: Human molecular genetics 3 (9), 1657-1661, 1994
A59: Linkage of a locus (CMT4A) for autosomal recessive Charcot-Marie-Tooth disease to chromosome 8q | B59: 217 | C59: 1993
A60: KB Othmane, F Hentatl, F Lennon, CB Hamida, S Blel, AD Roses, ...
A61: Human molecular genetics 2 (10), 1625-1628, 1993
A62: Shorter telomeres in dystrophic muscle consistent with extensive regeneration in young children | B62: 212 | C62: 2000
A63: S Decary, CB Hamida, V Mouly, JP Barbet, F Hentati, GS Butler-Browne
A64: Neuromuscular Disorders 10 (2), 113-120, 2000
A65: Hereditary motor system diseases (chronic juvenile amyotrophic lateral sclerosis) Conditions combining a bilateral pyramidal syndrome with limb and bulbar amyotrophy | B65: 191 | C65: 1990
A66: MBEN HAMIDA, F HENTATI, CBEN HAMIDA
A67: Brain 113 (2), 347-363, 1990

Sheet C.Abdelly
B1: Toutes | C1: Depuis 2014
A2: Citations | B2: 11480 | C2: 7871
A3: indice h | B3: 54 | C3: 45
A4: indice i10 | B4: 237 | C4: 205
A7: Titre | B7: Citée par | C7: Année
A8: Salinity effects on polyphenol content and antioxidant activities in leaves of the halophyte Cakile maritima | B8: 312 | C8: 2007
A9: R Ksouri, W Megdiche, A Debez, H Falleh, C Grignon, C Abdelly
A10: Plant Physiology and Biochemistry 45 (3-4), 244-249, 2007
A11: Physiological and antioxidant responses of the perennial halophyte Crithmummaritimum to salinity | B11: 292 | C11: 2005
A12: NB Amor, KB Hamed, A Debez, C Grignon, C Abdelly
A13: Plant Science 168 (4), 889-899, 2005
A14: Phenolic composition of Cynara cardunculus L. organs, and their biological activities | B14: 290 | C14: 2008
A15: H Falleh, R Ksouri, K Chaieb, N Karray-Bouraoui, N Trabelsi, M Boulaaba, ...
A16: Comptes Rendus Biologies 331 (5), 372-379, 2008
A17: Antioxidant and antimicrobial activities of the edible medicinal halophyte Tamarix gallica L. and related polyphenolic constituents | B17: 261 | C17: 2009
A18: R Ksouri, H Falleh, W Megdiche, N Trabelsi, B Mhamdi, K Chaieb, ...
A19: Food and Chemical toxicology 47 (8), 2083-2091, 2009
A20: Salinity effects on germination, growth, and seed production of the halophyte Cakile maritima | B20: 237 | C20: 2004
A21: A Debez, KB Hamed, C Grignon, C Abdelly
A22: Plant and soil 262 (1-2), 179-189, 2004
A23: Influence of biological, environmental and technical factors on phenolic content and antioxidant activities of Tunisian halophytes | B23: 233 | C23: 2008
A24: R Ksouri, W Megdiche, H Falleh, N Trabelsi, M Boulaaba, A Smaoui, ...
A25: Comptes Rendus Biologies 331 (11), 865-873, 2008
A26: How reactive oxygen species and proline face stress together | B26: 217 | C26: 2014
A27: KB Rejeb, C Abdelly, A Savouré
A28: Plant Physiology and Biochemistry 80, 278-284, 2014
A29: Diversity, distribution and roles of osmoprotective compounds accumulated in halophytes under abiotic stress | B29: 180 | C29: 2015
A30: I Slama, C Abdelly, A Bouchereau, T Flowers, A Savoure
A31: Annals of Botany 115 (3), 433-447, 2015
A32: Medicinal halophytes: potent source of health promoting biomolecules with medical, nutraceutical and food applications | B32: 178 | C32: 2012
A33: R Ksouri, WM Ksouri, I Jallali, A Debez, C Magné, I Hiroko, C Abdelly
A34: Critical reviews in biotechnology 32 (4), 289-326, 2012
A35: Effectiveness of compost use in salt-affected soil | B35: 174 | C35: 2009
A36: A Lakhdar, M Rabhi, T Ghnaya, F Montemurro, N Jedidi, C Abdelly
A37: Journal of hazardous materials 171 (1-3), 29-37, 2009
A38: Cadmium effects on growth and mineral nutrition of two halophytes: Sesuvium portulacastrum and Mesembryanthemum crystallinum | B38: 174 | C38: 2005
A39: T Ghnaya, I Nouairi, I Slama, D Messedi, C Grignon, C Abdelly, ...
A40: Journal of Plant Physiology 162 (10), 1133-1140, 2005
A41: Response of antioxidant systems to NaCl stress in the halophyte Cakile maritima | B41: 157 | C41: 2006
A42: NB Amor, A Jiménez, W Megdiche, M Lundqvist, F Sevilla, C Abdelly
A43: Physiologia Plantarum 126 (3), 446-457, 2006
A44: Effect of water stress on growth, osmotic adjustment, cell wall elasticity and water-use efficiency in Spartina alterniflora | B44: 148 | C44: 2009
A45: K Hessini, JP Martínez, M Gandour, A Albouchi, A Soltani, C Abdelly
A46: Environmental and Experimental Botany 67 (2), 312-319, 2009
A47: Antioxidant properties of the essential oil of Eugenia caryophyllata and its antifungal activity against a large number of clinical Candida species | B47: 139 | C47: 2007
A48: K Chaieb, T Zmantar, R Ksouri, H Hajlaoui, K Mahdouani, C Abdelly, ...
A49: Mycoses 50 (5), 403-406, 2007
A50: Diversity in expression patterns and functional properties in the rice HKT transporter family | B50: 136 | C50: 2009
A51: M Jabnoune, S Espeout, D Mieulet, C Fizames, JL Verdeil, G Conéjéro, ...
A52: Plant Physiology 150 (4), 1955-1971, 2009
A53: Comparative salt tolerance analysis between Arabidopsis thaliana and Thellungiella halophila, with special emphasis on K+/Na+ selectivity and proline accumulation | B53: 134 | C53: 2008
A54: MA Ghars, E Parre, A Debez, M Bordenave, L Richard, L Leport, ...
A55: Journal of plant physiology 165 (6), 588-599, 2008
A56: Calcium signaling via phospholipase C is essential for proline accumulation upon ionic but not nonionic hyperosmotic stresses in Arabidopsis | B56: 124 | C56: 2007
A57: E Parre, MA Ghars, AS Leprince, L Thiery, D Lefebvre, M Bordenave, ...
A58: Plant physiology 144 (1), 503-512, 2007
A59: Solvent effects on phenolic contents and biological activities of the halophyte Limoniastrum monopetalum leaves | B59: 121 | C59: 2010
A60: N Trabelsi, W Megdiche, R Ksouri, H Falleh, S Oueslati, B Soumaya, ...
A61: LWT-Food Science and Technology 43 (4), 632-639, 2010
A62: Leaf H+-ATPase activity and photosynthetic capacity of Cakile maritima under increasing salinity | B62: 114 | C62: 2006
A63: A Debez, D Saadaoui, B Ramani, Z Ouerghi, HW Koyro, B Huchzermeyer, ...
A64: Environmental and Experimental Botany 57 (3), 285-295, 2006
A65: Early effects of salt stress on the physiological and oxidative status of Cakile maritima (halophyte) and Arabidopsis thaliana (glycophyte) | B65: 113 | C65: 2011
A66: H Ellouzi, K Ben Hamed, J Cela, S Munné‐Bosch, C Abdelly
A67: Physiologia Plantarum 142 (2), 128-143, 2011

Sheet A.Chaouachi
B1: Toutes | C1: Depuis 2014
A2: Citations | B2: 7722 | C2: 5948
A3: indice h | B3: 52 | C3: 44
A4: indice i10 | B4: 117 | C4: 114
A7: Titre | B7: Citée par | C7: Année
A8: A review of the acute effects of static and dynamic stretching on performance | B8: 534 | C8: 2011
A9: DG Behm, A Chaouachi
A10: European journal of applied physiology 111 (11), 2633-2651, 2011
A11: Understanding change of direction ability in sport | B11: 366 | C11: 2008
A12: M Brughelli, J Cronin, G Levin, A Chaouachi
A13: Sports medicine 38 (12), 1045-1063, 2008
A14: Effects of intra-session concurrent endurance and strength training sequence on aerobic performance and capacity | B14: 251 | C14: 2005
A15: M Chtara, K Chamari, M Chaouachi, A Chaouachi, D Koubaa, Y Feki, ...
A16: British journal of sports medicine 39 (8), 555-560, 2005
A17: Profile of weekly training load in elite male professional basketball players | B17: 209 | C17: 2010
A18: V Manzi, S D'ottavio, FM Impellizzeri, A Chaouachi, K Chamari, ...
A19: The Journal of Strength & Conditioning Research 24 (5), 1399-1406, 2010
A20: Anthropometric, physiological and performance characteristics of elite team-handball players | B20: 190 | C20: 2009
A21: A Chaouachi, M Brughelli, G Levin, NBB Boudhina, J Cronin, K Chamari
A22: Journal of sports sciences 27 (2), 151-157, 2009
A23: Effect of warm-ups involving static or dynamic stretching on agility, sprinting, and jumping performance in trained individuals | B23: 186 | C23: 2010
A24: A Chaouachi, C Castagna, M Chtara, M Brughelli, O Turki, O Galy, ...
A25: The Journal of Strength & Conditioning Research 24 (8), 2001-2011, 2010
A26: Effect of concurrent endurance and circuit resistance training sequence on muscular strength and power development | B26: 184 | C26: 2008
A27: M Chtara, A Chaouachi, GT Levin, M Chaouachi, K Chamari, M Amri, ...
A28: The Journal of Strength & Conditioning Research 22 (4), 1037-1045, 2008
A29: Effects of dynamic and static stretching within general and activity specific warm-up protocols | B29: 165* | C29: 2012
A30: M Samson, DC Button, A Chaouachi, DG Behm
A31: Journal of sports science & medicine 11 (2), 279, 2012
A32: Positional role and competitive-level differences in elite-level men's basketball players | B32: 162 | C32: 2010
A33: NB Abdelkrim, A Chaouachi, K Chamari, M Chtara, C Castagna
A34: The Journal of Strength & Conditioning Research 24 (5), 1346-1355, 2010
A35: Lower limb maximal dynamic strength and agility determinants in elite basketball players | B35: 160 | C35: 2009
A36: A Chaouachi, M Brughelli, K Chamari, GT Levin, NB Abdelkrim, ...
A37: The Journal of Strength & Conditioning Research 23 (5), 1570-1577, 2009
A38: Effect of preseason concurrent muscular strength and high-intensity interval training in professional soccer players | B38: 158 | C38: 2010
A39: P Wong, A Chaouachi, K Chamari, A Dellal, U Wisloff
A40: The Journal of Strength & Conditioning Research 24 (3), 653-660, 2010
A41: Physiologic effects of directional changes in intermittent exercise in soccer players | B41: 154 | C41: 2010
A42: A Dellal, D Keller, C Carling, A Chaouachi, P Wong, K Chamari
A43: The Journal of Strength & Conditioning Research 24 (12), 3219-3226, 2010
A44: Effects of running velocity on running kinetics and kinematics | B44: 136 | C44: 2011
A45: M Brughelli, J Cronin, A Chaouachi
A46: The Journal of Strength & Conditioning Research 25 (4), 933-939, 2011
A47: Small-sided games in team sports training: a brief review | B47: 121 | C47: 2014
A48: J Halouani, H Chtourou, T Gabbett, A Chaouachi, K Chamari
A49: The journal of strength & conditioning research 28 (12), 3594-3618, 2014
A50: The five-jump test for distance as a field test to assess lower limb explosive power in soccer players | B50: 120 | C50: 2008
A51: K Chamari, A Chaouachi, M Hambli, F Kaouech, U Wisløff, C Castagna
A52: The Journal of Strength & Conditioning Research 22 (3), 944-950, 2008
A53: Intermittent endurance and repeated sprint ability in soccer players | B53: 112 | C53: 2010
A54: A Chaouachi, V Manzi, DP Wong, A Chaalali, L Laurencelle, K Chamari, ...
A55: The Journal of Strength & Conditioning Research 24 (10), 2663-2669, 2010
A56: The effect of Ramadan fasting on physical performances, mood state and perceived exertion in young footballers | B56: 108 | C56: 2011
A57: H Chtourou, O Hammouda, H Souissi, K Chamari, A Chaouachi, ...
A58: Asian Journal of Sports Medicine 2 (3), 177, 2011
A59: The effect of time-of-day and Ramadan fasting on anaerobic performances | B59: 106 | C59: 2012
A60: H Chtourou, O Hammouda, A Chaouachi, K Chamari, N Souissi
A61: International journal of sports medicine 33 (02), 142-147, 2012
A62: Effect of Ramadan intermittent fasting on aerobic and anaerobic performance and perception of fatigue in male elite judo athletes | B62: 105 | C62: 2009
A63: A Chaouachi, AJ Coutts, K Chamari, P Wong, M Chaouachi, M Chtara, ...
A64: The Journal of Strength & Conditioning Research 23 (9), 2702-2709, 2009
A65: Determinants analysis of change-of-direction ability in elite soccer players | B65: 103 | C65: 2012
A66: A Chaouachi, V Manzi, A Chaalali, P Wong, K Chamari, C Castagna
A67: The Journal of Strength & Conditioning Research 26 (10), 2667-2676, 2012

Sheet F.Abroug
B1: Toutes | C1: Depuis 2014
A2: Citations | B2: 7548 | C2: 3931
A3: indice h | B3: 42 | C3: 29
A4: indice i10 | B4: 78 | C4: 61
A7: Titre | B7: Citée par | C7: Année
A8: Evolution of mechanical ventilation in response to clinical research | B8: 667 | C8: 2008
A9: A Esteban, ND Ferguson, MO Meade, F Frutos-Vivar, C Apezteguia, ...
A10: American journal of respiratory and critical care medicine 177 (2), 170-177, 2008
A11: Effects of fluid resuscitation with colloids vs crystalloids on mortality in critically ill patients presenting with hypovolemic shock: the CRISTAL randomized trial | B11: 521 | C11: 2013
A12: D Annane, S Siami, S Jaber, C Martin, S Elatrous, AD Declère, JC Preiser, ...
A13: Jama 310 (17), 1809-1817, 2013
A14: Treatment of acute hypoxemic nonhypercapnic respiratory insufficiency with continuous positive airway pressure delivered by a face mask: a randomized controlled trial | B14: 465 | C14: 2000
A15: C Delclaux, E L'Her, C Alberti, J Mancebo, F Abroug, G Conti, C Guérin, ...
A16: Jama 284 (18), 2352-2360, 2000
A17: Prevalence and factors of intensive care unit conflicts: the conflicus study | B17: 410 | C17: 2009
A18: E Azoulay, JF Timsit, CL Sprung, M Soares, K Rusinova, A Lafabrie, ...
A19: American journal of respiratory and critical care medicine 180 (9), 853-860, 2009
A20: Evolution of mortality over time in patients receiving mechanical ventilation | B20: 378 | C20: 2013
A21: A Esteban, F Frutos-Vivar, A Muriel, ND Ferguson, O Peñuelas, V Abraira, ...
A22: American journal of respiratory and critical care medicine 188 (2), 220-230, 2013
A23: Once daily oral ofloxacin in chronic obstructive pulmonary disease exacerbation requiring mechanical ventilation: a randomised placebo-controlled trial | B23: 311 | C23: 2001
A24: S Nouira, S Marghli, M Belghith, L Besbes, S Elatrous, F Abroug
A25: The Lancet 358 (9298), 2020-2025, 2001
A26: Incidence, risk factors, and outcome of ventilator-associated pneumonia | B26: 264 | C26: 2006
A27: E Tejerina, F Frutos-Vivar, MI Restrepo, A Anzueto, F Abroug, F Palizas, ...
A28: Journal of critical care 21 (1), 56-65, 2006
A29: An official ATS/ERS/ESICM/SCCM/SRLF statement: prevention and management of acute renal failure in the ICU patient: an international consensus conference in intensive care medicine | B29: 250 | C29: 2010
A30: L Brochard, F Abroug, M Brenner, AF Broccard, RL Danner, M Ferrer, ...
A31: American Journal of Respiratory and Critical Care Medicine 181 (10), 1128-1155, 2010
A32: Serotherapy in scorpion envenomation: a randomised controlled trial | B32: 201 | C32: 1999
A33: F Abroug, S ElAtrous, S Nouria, H Haguiga, N Touzi, S Bouchoucha
A34: The Lancet 354 (9182), 906-909, 1999
A35: The world's major religions' points of viewon end-of-life decisionsin the intensive care unit | B35: 193 | C35: 2008
A36: HH Bülow, CL Sprung, K Reinhart, S Prayag, B Du, A Armaganidis, ...
A37: Intensive care medicine 34 (3), 423-430, 2008
A38: Airway pressures, tidal volumes, and mortality in patients with acute respiratory distress syndrome | B38: 171 | C38: 2005
A39: ND Ferguson, F Frutos-Vivar, A Esteban, A Anzueto, I Alía, RG Brower, ...
A40: Critical care medicine 33 (1), 21-30, 2005
A41: Determinants of procedural pain intensity in the intensive care unit. The Europain® study | B41: 155 | C41: 2014
A42: KA Puntillo, A Max, JF Timsit, L Vignoud, G Chanques, G Robleda, ...
A43: American journal of respiratory and critical care medicine 189 (1), 39-47, 2014
A44: The effect of prone positioning in acute respiratory distress syndrome or acute lung injury: a meta-analysis. Areas of uncertainty and recommendations for research | B44: 150 | C44: 2008
A45: F Abroug, L Ouanes-Besbes, S Elatrous, L Brochard
A46: Intensive care medicine 34 (6), 1002, 2008
A47: Noninvasive ventilation and weaning in patients with chronic hypercapnic respiratory failure: a randomized multicenter trial | B47: 141 | C47: 2011
A48: C Girault, M Bubenheim, F Abroug, JL Diehl, S Elatrous, P Beuret, ...
A49: American journal of respiratory and critical care medicine 184 (6), 672-679, 2011
A50: Association of left-heart dysfunction with severe exacerbation of chronic obstructive pulmonary disease: diagnostic performance of cardiac biomarkers | B50: 129 | C50: 2006
A51: F Abroug, L Ouanes-Besbes, N Nciri, N Sellami, F Addad, KB Hamda, ...
A52: American Journal of Respiratory and Critical Care Medicine 174 (9), 990-996, 2006
A53: Outcome of older patients receiving mechanical ventilation | B53: 126 | C53: 2004
A54: A Esteban, A Anzueto, F Frutos-Vivar, I Alía, EW Ely, L Brochard, ...
A55: Intensive care medicine 30 (4), 639-646, 2004
A56: Management and outcome of mechanically ventilated neurologic patients | B56: 121 | C56: 2011
A57: P Pelosi, ND Ferguson, F Frutos-Vivar, A Anzueto, C Putensen, ...
A58: Critical care medicine 39 (6), 1482-1492, 2011
A59: Prognostic value of serum cholinesterase in organophosphate poisoning | B59: 121 | C59: 1994
A60: S Nouira, F Abroug, S Elatrous, R Boujdaria, S Bouchoucha
A61: Chest 106 (6), 1811-1814, 1994
A62: An updated study-level meta-analysis of randomised controlled trials on proning in ARDS and acute lung injury | B62: 120 | C62: 2011
A63: F Abroug, L Ouanes-Besbes, F Dachraoui, I Ouanes, L Brochard
A64: Critical Care 15 (1), R6, 2011
A65: Effects of norepinephrine on static and dynamic preload indicators in experimental hemorrhagic shock | B65: 119 | C65: 2005
A66: S Nouira, S Elatrous, S Dimassi, L Besbes, R Boukef, B Mohamed, ...
A67: Critical care medicine 33 (10), 2339-2343, 2005

Sheet S.Ben Nasrallah
B1: Toutes | C1: Depuis 2014
A2: Citations | B2: 6335 | C2: 3437
A3: indice h | B3: 41 | C3: 31
A4: indice i10 | B4: 141 | C4: 106
A7: Titre | B7: Citée par | C7: Année
A8: Study of two-dimensional heat and mass transfer during absorption in a metal-hydrogen reactor | B8: 268 | C8: 1995
A9: A Jemni, SB Nasrallah
A10: International Journal of Hydrogen Energy 20 (1), 43-52, 1995
A11: Experimental and theoretical study of ametal–hydrogen reactor | B11: 233 | C11: 1999
A12: A Jemni, SB Nasrallah, J Lamloumi
A13: International Journal of Hydrogen Energy 24 (7), 631-644, 1999
A14: Detailed study of a model of heat and mass transfer during convective drying of porous media | B14: 229 | C14: 1988
A15: SB Nasrallah, P Perre
A16: International journal of heat and mass transfer 31 (5), 957-967, 1988
A17: Design and performance optimization of GPU-3 Stirling engines | B17: 149 | C17: 2008
A18: Y Timoumi, I Tlili, SB Nasrallah
A19: Energy 33 (7), 1100-1114, 2008
A20: Heat and mass transfer models in metal-hydrogen reactor | B20: 141 | C20: 1997
A21: SB Nasrallah, A Jemni
A22: International Journal of Hydrogen Energy 22 (1), 67-76, 1997
A23: Study of two-dimensional heat and mass transfer during desorption in a metal-hydrogen reactor | B23: 139 | C23: 1995
A24: A Jemni, SB Nasrallah
A25: International Journal of Hydrogen Energy 20 (11), 881-891, 1995
A26: Analysis and design consideration of mean temperature differential Stirling engine for solar application | B26: 128 | C26: 2008
A27: I Tlili, Y Timoumi, SB Nasrallah
A28: Renewable Energy 33 (8), 1911-1921, 2008
A29: Two-dimensional laminar fluid flow and heat transfer in a channel with a built-in heated square cylinder | B29: 127 | C29: 2003
A30: S Turki, H Abbassi, SB Nasrallah
A31: International journal of thermal sciences 42 (12), 1105-1113, 2003
A32: Study of two-dimensional and dynamic heat and mass transfer in a metal–hydrogen reactor | B32: 125 | C32: 2003
A33: F Askri, A Jemni, SB Nasrallah
A34: International Journal of Hydrogen Energy 28 (5), 537-557, 2003
A35: Numerical investigation of forced convection in a plane channel with a built-in triangular prism | B35: 121 | C35: 2001
A36: H Abbassi, S Turki, SB Nasrallah
A37: International Journal of Thermal Sciences 40 (7), 649-658, 2001
A38: Optimization of hydrogen storage in metal-hydride tanks | B38: 114 | C38: 2009
A39: F Askri, MB Salah, A Jemni, SB Nasrallah
A40: International journal of hydrogen Energy 34 (2), 897-905, 2009
A41: Measurement and modelling of kinetics of hydrogen sorption by LaNi5 and two related pseudobinary compounds | B41: 113 | C41: 2007
A42: H Dhaou, F Askri, MB Salah, A Jemni, SB Nasrallah, J Lamloumi
A43: International Journal of Hydrogen Energy 32 (5), 576-587, 2007
A44: Experimental and theoretical study of a humidification-dehumidification water desalination system using solar energy | B44: 102 | C44: 2004
A45: J Orfi, M Laplante, H Marmouch, N Galanis, B Benhamou, SB Nasrallah, ...
A46: Desalination 168, 151-159, 2004
A47: Performance optimization of Stirling engines | B47: 97 | C47: 2008
A48: Y Timoumi, I Tlili, SB Nasrallah
A49: Renewable Energy 33 (9), 2134-2144, 2008
A50: A novel design of a heat exchanger for a metal-hydrogen reactor | B50: 96 | C50: 2007
A51: S Mellouli, F Askri, H Dhaou, A Jemni, SB Nasrallah
A52: International Journal of Hydrogen Energy 32 (15), 3501-3507, 2007
A53: Hydrogen storage in metal hydride tanks equipped with metal foam heat exchanger | B53: 95 | C53: 2009
A54: S Mellouli, H Dhaou, F Askri, A Jemni, SB Nasrallah
A55: International Journal of Hydrogen Energy 34 (23), 9393-9401, 2009
A56: Prediction of transient heat and mass transfer in a closed metal–hydrogen reactor | B56: 94 | C56: 2004
A57: F Askri, A Jemni, SB Nasrallah
A58: International Journal of Hydrogen Energy 29 (2), 195-208, 2004
A59: Experimental investigation of a confined flow downstream of a circular cylinder centred between two parallel walls | B59: 86 | C59: 2008
A60: F Rehimi, F Aloui, SB Nasrallah, L Doubliez, J Legrand
A61: Journal of Fluids and structures 24 (6), 855-882, 2008
A62: Numerical simulation of heat and mass transfer in metal hydride hydrogen storage tanks for fuel cell vehicles | B62: 79 | C62: 2010
A63: S Mellouli, F Askri, H Dhaou, A Jemni, SB Nasrallah
A64: International Journal of Hydrogen Energy 35 (4), 1693-1705, 2010
A65: Natural convection effects in solar stills | B65: 77 | C65: 2005
A66: A Omri, J Orfi, SB Nasrallah
A67: Desalination 183 (1-3), 173-178, 2005

Sheet M.Ben Hamida
B1: Toutes | C1: Depuis 2014
A2: Citations | B2: 8620 | C2: 1572
A3: indice h | B3: 39 | C3: 17
A4: indice i10 | B4: 72 | C4: 26
A7: Titre | B7: Citée par | C7: Année
A8: International Cooperative Ataxia Rating Scale for pharmacological assessment of the cerebellar syndrome | B8: 1022 | C8: 1997
A9: P Trouillas, T Takayanagi, M Hallett, RD Currier, SH Subramony, ...
A10: Journal of the neurological sciences 145 (2), 205-211, 1997
A11: Dysferlin, a novel skeletal muscle gene, is mutated in Miyoshi myopathy and limb girdle muscular dystrophy | B11: 850 | C11: 1998
A12: J Liu, M Aoki, I Illa, C Wu, M Fardeau, C Angelini, C Serrano, ...
A13: Nature genetics 20 (1), 31, 1998
A14: The gene encoding alsin, a protein with three guanine-nucleotide exchange factor domains, is mutated in a form of recessive amyotrophic lateral sclerosis | B14: 780 | C14: 2001
A15: Y Yang, A Hentati, HX Deng, O Dabbagh, T Sasaki, M Hirano, WY Hung, ...
A16: Nature genetics 29 (2), 160, 2001
A17: Mutations in the dystrophin-associated protein γ-sarcoglycan in chromosome 13 muscular dystrophy | B17: 569 | C17: 1995
A18: S Noguchi, EM McNally, KB Othmane, Y Hagiwara, Y Mizuno, M Yoshida, ...
A19: Science 270 (5237), 819-822, 1995
A20: Ataxia with isolated vitamin E deficiency is caused by mutations in the α–tocopherol transfer protein | B20: 560 | C20: 1995
A21: K Ouahchi, M Arita, H Kayden, F Hentati, MB Hamida, R Sokol, H Arai, ...
A22: Nature genetics 9 (2), 141, 1995
A23: The gene encoding ganglioside-induced differentiation-associated protein 1 is mutated in axonal Charcot-Marie-Tooth type 4A disease | B23: 426* | C23: 2001
A24: A Cuesta, L Pedrola, T Sevilla, J García-Planells, MJ Chumillas, ...
A25: Nature genetics 30 (1), 22, 2001
A26: Localization of Friedreich ataxia phenotype with selective vitamin E deficiency to chromosome 8q by homozygosity mapping | B26: 241 | C26: 1993
A27: CB Hamida, N Doerflinger, S Belal, C Linder, L Reutenauer, C Dib, ...
A28: Nature genetics 5 (2), 195, 1993
A29: Linkage of a commoner form of recessive amyotrophic lateral sclerosis to chromosome 15q15-q22 markers | B29: 236 | C29: 1998
A30: A Hentati, K Ouahchi, MA Pericak-Vance, D Nijhawan, A Ahmad, Y Yang, ...
A31: Neurogenetics 2 (1), 55-60, 1998
A32: Linkage of recessive familial amyotrophic lateral sclerosis to chromosome 2q33–q35 | B32: 231 | C32: 1994
A33: A Hentati, K Bejaoui, MA Pericak-Vance, F Hentati, MC Speer, WY Hung, ...
A34: Nature genetics 7 (3), 425, 1994
A35: Linkage of Tunisian autosomal recessive Duchenne–like muscular dystrophy to the pericentromeric region of chromosome 13q | B35: 225 | C35: 1992
A36: KB Othmane, MB Hamida, MA Pericak-Vance, CB Hamida, S Blel, ...
A37: Nature genetics 2 (4), 315, 1992
A38: Linkage of a locus (CMT4A) for autosomal recessive Charcot-Marie-Tooth disease to chromosome 8q | B38: 217 | C38: 1993
A39: KB Othmane, F Hentatl, F Lennon, CB Hamida, S Blel, AD Roses, ...
A40: Human molecular genetics 2 (10), 1625-1628, 1993
A41: Severe childhood muscular dystrophy affecting both sexes and frequent in Tunisia | B41: 203 | C41: 1983
A42: M Ben Hamida, M Fardeau, N Attia
A43: Muscle & Nerve: Official Journal of the American Association of …, 1983
A44: Hereditary motor system diseases (chronic juvenile amyotrophic lateral sclerosis) Conditions combining a bilateral pyramidal syndrome with limb and bulbar amyotrophy | B44: 191 | C44: 1990
A45: MBEN HAMIDA, F HENTATI, CBEN HAMIDA
A46: Brain 113 (2), 347-363, 1990
A47: Linkage of Miyoshi myopathy (distal autosomal recessive muscular dystrophy) locus to chromosome 2p12-14 | B47: 177 | C47: 1995
A48: K Bejaoui, K Hirabayashi, F Hentati, JL Haines, CB Hamida, S Belal, ...
A49: Neurology 45 (4), 768-772, 1995
A50: Localization of α-tocopherol transfer protein in the brains of patients with ataxia with vitamin E deficiency and other oxidative stress related neurodegenerative disorders | B50: 138 | C50: 1999
A51: RP Copp, T Wisniewski, F Hentati, A Larnaout, MB Hamida, HJ Kayden
A52: Brain research 822 (1-2), 80-87, 1999
A53: Friedreich's ataxia phenotype not linked to chromosome 9 and associated with selective autosomal recessive vitamin E deficiency in two inbred Tunisian families | B53: 134 | C53: 1993
A54: MB Hamida, S Belal, G Sirugo, CB Hamida, K Panayides, P Ionannou, ...
A55: Neurology 43 (11), 2179-2179, 1993
A56: The dentato-olivary pathway: somatotopic relationship between the dentate nucleus and the contralateral inferior olive | B56: 129 | C56: 1970
A57: J Lapresle, MB Hamida
A58: Archives of neurology 22 (2), 135-143, 1970
A59: Multiple cranial nerve deficits associated with the Arnold‐Chiari malformation | B59: 112 | C59: 1971
A60: RL Sieben, MB Hamida, K Shulman
A61: Neurology 21 (7), 673-673, 1971
A62: Linkage of a locus for autosomal dominant familial spastic paraplegia to chromosome 2p markers | B62: 103 | C62: 1994
A63: A Hentati, MA Pericak-Vance, F Lennon, B Wasserman, F Hentati, ...
A64: Human molecular genetics 3 (10), 1867-1871, 1994
A65: Effect of vitamin E supplementation in patients with ataxia with vitamin E deficiency | B65: 99 | C65: 2001
A66: S Gabsi, N Gouider‐Khouja, S Belal, M Fki, M Kefi, I Turki, MB Hamida, ...
A67: European journal of neurology 8 (5), 477-481, 2001

Sheet S.Boufi
B1: Toutes | C1: Depuis 2014
A2: Citations | B2: 6773 | C2: 4728
A3: indice h | B3: 44 | C3: 35
A4: indice i10 | B4: 114 | C4: 103
A7: Titre | B7: Citée par | C7: Année
A8: Short natural-fibre reinforced polyethylene and natural rubber composites: effect of silane coupling agents and fibres loading | B8: 602 | C8: 2007
A9: M Abdelmouleh, S Boufi, MN Belgacem, A Dufresne
A10: Composites science and technology 67 (7-8), 1627-1639, 2007
A11: Modification of cellulosic fibres with functionalised silanes: development of surface properties | B11: 347 | C11: 2004
A12: M Abdelmouleh, S Boufi, MN Belgacem, AP Duarte, AB Salah, A Gandini
A13: International Journal of Adhesion and Adhesives 24 (1), 43-54, 2004
A14: Interaction of silane coupling agents with cellulose | B14: 263 | C14: 2002
A15: M Abdelmouleh, S Boufi, A ben Salah, MN Belgacem, A Gandini
A16: Langmuir 18 (8), 3203-3208, 2002
A17: Nanofibrillated cellulose: surface modification and potential applications | B17: 209 | C17: 2014
A18: S Kalia, S Boufi, A Celli, S Kango
A19: Colloid and Polymer Science 292 (1), 5-31, 2014
A20: Nanofibrillated cellulose from TEMPO-oxidized eucalyptus fibres: effect of the carboxyl content | B20: 206 | C20: 2011
A21: I Besbes, S Alila, S Boufi
A22: Carbohydrate Polymers 84 (3), 975-983, 2011
A23: Silane adsorption onto cellulose fibers: Hydrolysis and condensation reactions | B23: 180 | C23: 2005
A24: MCB Salon, M Abdelmouleh, S Boufi, MN Belgacem, A Gandini
A25: Journal of colloid and interface science 289 (1), 249-261, 2005
A26: Modification of cellulose fibers with functionalized silanes: effect of the fiber treatment on the mechanical performances of cellulose–thermoset composites | B26: 151 | C26: 2005
A27: M Abdelmouleh, S Boufi, MN Belgacem, A Dufresne, A Gandini
A28: Journal of applied polymer science 98 (3), 974-984, 2005
A29: Kinetics of hydrolysis and self condensation reactions of silanes by NMR spectroscopy | B29: 149 | C29: 2008
A30: MCB Salon, PA Bayle, M Abdelmouleh, S Boufi, MN Belgacem
A31: Colloids and Surfaces A: Physicochemical and Engineering Aspects 312 (2-3 …, 2008
A32: Non-woody plants as raw materials for production of microfibrillated cellulose (MFC): a comparative study | B32: 145 | C32: 2013
A33: S Alila, I Besbes, MR Vilar, P Mutjé, S Boufi
A34: Industrial Crops and Products 41, 250-259, 2013
A35: Nanofibrillated cellulose as paper additive in eucalyptus pulps | B35: 139 | C35: 2012
A36: I González, S Boufi, MA Pèlach, M Alcalà, F Vilaseca, P Mutjé
A37: BioResources 7 (4), 5167-5180, 2012
A38: Nanofibrillated cellulose from alfa, eucalyptus and pine fibres: preparation, characteristics and reinforcing potential | B38: 125 | C38: 2011
A39: I Besbes, MR Vilar, S Boufi
A40: Carbohydrate Polymers 86 (3), 1198-1206, 2011
A41: Adsorption of a cationic surfactant onto cellulosic fibers I. Surface charge effects | B41: 125 | C41: 2005
A42: S Alila, S Boufi, MN Belgacem, D Beneventi
A43: Langmuir 21 (18), 8106-8113, 2005
A44: The application of the Diels-Alder reaction to polymers bearing furan moieties. 1. Reactions with maleimides | B44: 124 | C44: 1997
A45: H Laita, S Boufi, A Gandini
A46: European Polymer Journal 33 (8), 1203-1211, 1997
A47: Starch nanoparticles formation via high power ultrasonication | B47: 122 | C47: 2013
A48: SB Haaj, A Magnin, C Pétrier, S Boufi
A49: Carbohydrate polymers 92 (2), 1625-1632, 2013
A50: Studies of interactions between silane coupling agents and cellulose fibers with liquid and solid‐state NMR | B50: 122 | C50: 2007
A51: MCB Salon, G Gerbaud, M Abdelmouleh, C Bruzzese, S Boufi, ...
A52: Magnetic Resonance in Chemistry 45 (6), 473-483, 2007
A53: Modified cellulose fibres for adsorption of organic compound in aqueous solution | B53: 94 | C53: 2006
A54: F Aloulou, S Boufi, J Labidi
A55: Separation and Purification Technology 52 (2), 332-342, 2006
A56: From paper to nanopaper: evolution of mechanical and physical properties | B56: 90 | C56: 2014
A57: I González, M Alcalà, G Chinga-Carrasco, F Vilaseca, S Boufi, P Mutjé
A58: Cellulose 21 (4), 2599-2609, 2014
A59: Polymerization of pyrrole on cellulose fibres using a FeCl3 impregnation- pyrrole polymerization sequence | B59: 87 | C59: 2006
A60: D Beneventi, S Alila, S Boufi, D Chaussy, P Nortier
A61: Cellulose 13 (6), 725-734, 2006
A62: Effect of silane coupling agents on the properties of pine fibers/polypropylene composites | B62: 79 | C62: 2007
A63: J Girones, JA Méndez, S Boufi, F Vilaseca, P Mutjé
A64: Journal of Applied Polymer Science 103 (6), 3706-3717, 2007
A65: Urethanes and polyurethanes bearing furan moieties. 4. Synthesis, kinetics and characterization of linear polymers | B65: 78 | C65: 1993
A66: S Boufi, MN Belgacem, J Quillerou, A Gandini
A67: Macromolecules 26 (25), 6706-6717, 1993

Sheet A.Rebaï
B1: Toutes | C1: Depuis 2014
A2: Citations | B2: 4587 | C2: 2394
A3: indice h | B3: 38 | C3: 26
A4: indice i10 | B4: 118 | C4: 84
A7: Titre | B7: Citée par | C7: Année
A8: Constructing confidence intervals for QTL location. | B8: 171 | C8: 1994
A9: B Mangin, B Goffinet, A Rebai
A10: Genetics 138 (4), 1301-1308, 1994
A11: Approximate thresholds of interval mapping tests for QTL detection. | B11: 146 | C11: 1994
A12: A Rebai, B Goffinet, B Mangin
A13: Genetics 138 (1), 235-240, 1994
A14: SSR-based genetic diversity assessment among Tunisian winter barley and relationship with morphological traits | B14: 127 | C14: 2004
A15: S Hamza, WB Hamida, A Rebaï, M Harrabi
A16: Euphytica 135 (1), 107-118, 2004
A17: Comparing power of different methods for QTL detection | B17: 121 | C17: 1995
A18: A Rebai, B Goffinet, B Mangin
A19: Biometrics, 87-99, 1995
A20: Power of tests for QTL detection using replicated progenies derived from a diallel cross | B20: 91 | C20: 1993
A21: A Rebai, B Goffinet
A22: Theoretical and Applied Genetics 86 (8), 1014-1022, 1993
A23: Optimization of alkaline protease production by Aspergillus clavatus ES1 in Mirabilis jalapa tuber powder using statistical experimental design | B23: 84 | C23: 2008
A24: M Hajji, A Rebai, N Gharsallah, M Nasri
A25: Applied microbiology and biotechnology 79 (6), 915, 2008
A26: Optimization and biochemical characterization of a bacteriocin from a newly isolated Bacillus subtilis strain 14B for biocontrol of Agrobacterium spp. strains | B26: 81 | C26: 2009
A27: I Hammami, A Rhouma, B Jaouadi, A Rebai, X Nesme
A28: Letters in applied microbiology 48 (2), 253-260, 2009
A29: Association study of VDR gene with rheumatoid arthritis in the French population | B29: 81 | C29: 2005
A30: A Maalej, E Petit-Teixeira, L Michou, A Rebai, F Cornelis, H Ayadi
A31: Genes and immunity 6 (8), 707, 2005
A32: Comparison of methods for regression interval mapping in QTL analysis with non-normal traits | B32: 81 | C32: 1997
A33: A Rebai
A34: Genetics Research 69 (1), 69-74, 1997
A35: Improving algorithms for structure learning in Bayesian Networks using a new implicit score | B35: 78 | C35: 2010
A36: L Bouchaala, A Masmoudi, F Gargouri, A Rebai
A37: Expert Systems with Applications 37 (7), 5470-5475, 2010
A38: Production of mono-olein by immobilized Staphylococcus simulans lipase in a solvent-free system: optimization by response surface methodology | B38: 74 | C38: 2006
A39: H Ghamgui, N Miled, A Rebaï, M Karra-chaâbouni, Y Gargouri
A40: Enzyme and microbial technology 39 (4), 717-723, 2006
A41: Variability in the structure of epiphytic assemblages of Posidonia oceanica in relation to human interferences in the Gulf of Gabes, Tunisia | B41: 73 | C41: 2010
A42: MB Brahim, A Hamza, I Hannachi, A Rebai, O Jarboui, A Bouain, L Aleya
A43: Marine Environmental Research 70 (5), 411-421, 2010
A44: Analysis of genetic diversity in Tunisian durum wheat cultivars and related wild species by SSR and AFLP markers | B44: 70 | C44: 2005
A45: M Medini, S Hamza, A Rebai, M Baum
A46: Genetic Resources and Crop Evolution 52 (1), 21-31, 2005
A47: Significance thresholds for QTL interval mapping tests | B47: 67 | C47: 1996
A48: RW Doerge, A Rebaï
A49: Heredity 76 (5), 459, 1996
A50: Semen quality decline among men in infertile relationships: experience over 12 years in the South of Tunisia | B50: 66 | C50: 2009
A51: NC Feki, N Abid, A Rebai, A Sellami, BB Ayed, M Guermazi, A Bahloul, ...
A52: Journal of andrology 30 (5), 541-547, 2009
A53: Analysis of skewed X-chromosome inactivation in females with rheumatoid arthritis and autoimmune thyroid diseases | B53: 66 | C53: 2009
A54: G Chabchoub, E Uz, A Maalej, CA Mustafa, A Rebai, M Mnif, Z Bahloul, ...
A55: Arthritis research & therapy 11 (4), R106, 2009
A56: Detection of Chemlali extra-virgin olive oil adulteration mixed with soybean oil, corn oil, and sunflower oil by using GC and HPLC | B56: 59 | C56: 2014
A57: H Jabeur, A Zribi, J Makni, A Rebai, R Abdelhedi, M Bouaziz
A58: Journal of agricultural and food chemistry 62 (21), 4893-4904, 2014
A59: Genetic Diversity of Tunisian Olive Tree (Olea europaea L.) Cultivars Assessed by AFLP Markers | B59: 59 | C59: 2006
A60: N Grati-Kamoun, FL Mahmoud, A Rebaï, A Gargouri, O Panaud, A Saar
A61: Genetic Resources and Crop Evolution 53 (2), 265-275, 2006
A62: Characterization and identification of Tunisian olive tree varieties by microsatellite markers | B62: 57 | C62: 2008
A63: I Rekik, A Salimonti, NG Kamoun, I Muzzalupo, O Lepais, S Gerber, ...
A64: HortScience 43 (5), 1371-1376, 2008
A65: Lack of association between the angiotensin-converting enzyme gene (I/D) polymorphism and diabetic nephropathy in Tunisian type 2 diabetic patients | B65: 57 | C65: 2008
A66: I Arfa, A Abid, S Nouira, H Elloumi-Zghal, D Malouche, I Mannai, ...
A67: Journal of the Renin-Angiotensin-Aldosterone System 9 (1), 32-36, 2008

Sheet A.Alimi
B1: Toutes | C1: Depuis 2014
A2: Citations | B2: 8090 | C2: 5041
A3: indice h | B3: 39 | C3: 28
A4: indice i10 | B4: 236 | C4: 154
A7: Titre | B7: Citée par | C7: Année
A8: Speed/accuracy trade-offs in target-directed movements | B8: 608 | C8: 1997
A9: R Plamondon, AM Alimi
A10: Behavioral and brain sciences 20 (2), 279-303, 1997
A11: Modelling velocity profiles of rapid movements: a comparative study | B11: 146 | C11: 1993
A12: R Plamondon, AM Alimi, P Yergeau, F Leclerc
A13: Biological cybernetics 69 (2), 119-128, 1993
A14: The affective tutoring system | B14: 135 | C14: 2010
A15: MB Ammar, M Neji, AM Alimi, G Gouardères
A16: Expert Systems with Applications 37 (4), 3013-3023, 2010
A17: A new arabic printed text image database and evaluation protocols | B17: 115 | C17: 2009
A18: F Slimane, R Ingold, S Kanoun, AM Alimi, J Hennebert
A19: 2009 10th International Conference on Document Analysis and Recognition, 946-950, 2009
A20: Icdar 2009 online arabic handwriting recognition competition | B20: 105* | C20: 2009
A21: H El Abed, V Märgner, M Kherallah, AM Alimi
A22: 2009 10th International Conference on Document Analysis and Recognition …, 2009
A23: An evolutionary neuro-fuzzy approach to recognize on-line Arabic handwriting | B23: 95 | C23: 1997
A24: AM Alimi
A25: Proceedings of the Fourth International Conference on Document Analysis and …, 1997
A26: On-line Arabic handwriting recognition system based on visual encoding and genetic algorithm | B26: 92 | C26: 2009
A27: M Kherallah, F Bouri, AM Alimi
A28: Engineering Applications of Artificial Intelligence 22 (1), 153-170, 2009
A29: On-line handwritten digit recognition based on trajectory and velocity modeling | B29: 89 | C29: 2008
A30: M Kherallah, L Haddad, AM Alimi, A Mitiche
A31: Pattern Recognition Letters 29 (5), 580-594, 2008
A32: Multi-objective feature selection with NSGA II | B32: 84 | C32: 2007
A33: TM Hamdani, JM Won, AM Alimi, F Karray
A34: International conference on adaptive and natural computing algorithms, 240-247, 2007
A35: Combining multiple HMMs using on-line and off-line features for off-line Arabic handwriting recognition | B35: 78 | C35: 2009
A36: M Hamdani, H El Abed, M Kherallah, AM Alimi
A37: 2009 10th International Conference on Document Analysis and Recognition, 201-205, 2009
A38: Online Arabic handwriting recognition: a survey | B38: 74 | C38: 2013
A39: N Tagougui, M Kherallah, AM Alimi
A40: International Journal on Document Analysis and Recognition (IJDAR) 16 (3 …, 2013
A41: Beta wavelets. Synthesis and application to lossy image compression | B41: 71 | C41: 2005
A42: CB Amar, M Zaied, A Alimi
A43: Advances in Engineering Software 36 (7), 459-474, 2005
A44: A study on font-family and font-size recognition applied to Arabic word images at ultra-low resolution | B44: 69 | C44: 2013
A45: F Slimane, S Kanoun, J Hennebert, AM Alimi, R Ingold
A46: Pattern Recognition Letters 34 (2), 209-218, 2013
A47: New features using fractal multi-dimensions for generalized Arabic font recognition | B47: 66 | C47: 2010
A48: SB Moussa, A Zahour, A Benabdelhafid, AM Alimi
A49: Pattern Recognition Letters 31 (5), 361-371, 2010
A50: A user-centered approach for the design and implementation of KDD-based DSS: A case study in the healthcare domain | B50: 64 | C50: 2010
A51: MB Ayed, H Ltifi, C Kolski, AM Alimi
A52: Decision Support Systems 50 (1), 64-78, 2010
A53: The modified differential evolution and the RBF (MDE-RBF) neural network for time series prediction | B53: 64 | C53: 2006
A54: H Dhahri, AM Alimi
A55: The 2006 IEEE International Joint Conference on Neural Network Proceedings …, 2006
A56: Beta neuro-fuzzy systems | B56: 64 | C56: 2003
A57: AM Alimi
A58: TASK Quarterly Journal, Special Issue on" Neural Networks 7 (1), 23-41, 2003
A59: Existence and uniqueness of pseudo almost-periodic solutions of recurrent neural networks with time-varying coefficients and mixed delays | B59: 63 | C59: 2011
A60: B Ammar, F Chérif, AM Alimi
A61: IEEE Transactions on neural networks and learning systems 23 (1), 109-118, 2011
A62: Icdar 2009 online arabic handwriting recognition competition | B62: 61 | C62: 2009
A63: H El Abed, V Märgner, M Kherallah, AM Alimi
A64: 2009 10th International Conference on Document Analysis and Recognition …, 2009
A65: Fuzzy control of robot manipulators:: some issues on design and rule base size reduction | B65: 61 | C65: 2002
A66: H Bezine, N Derbel, AM Alimi
A67: Engineering Applications of Artificial Intelligence 15 (5), 401-416, 2002

Sheet A.Feki
B1: Toutes | C1: Depuis 2014
A2: Citations | B2: 5383 | C2: 4038
A3: indice h | B3: 37 | C3: 29
A4: indice i10 | B4: 130 | C4: 118
A7: Titre | B7: Citée par | C7: Année
A8: Antidiabetic and antioxidant effects of hydroxytyrosol and oleuropein from olive leaves in alloxan-diabetic rats | B8: 300 | C8: 2009
A9: H Jemai, A El Feki, S Sayadi
A10: Journal of agricultural and food chemistry 57 (19), 8798-8804, 2009
A11: Hypolipidimic and antioxidant activities of oleuropein and its hydrolysis derivative-rich extracts from Chemlali olive leaves | B11: 194 | C11: 2008
A12: H Jemai, M Bouaziz, I Fki, A El Feki, S Sayadi
A13: Chemico-Biological Interactions 176 (2-3), 88-98, 2008
A14: Hypoglycemic and antioxidant effects of phenolic extracts and purified hydroxytyrosol from olive mill waste in vitro and in rats | B14: 152 | C14: 2009
A15: K Hamden, N Allouche, M Damak, A Elfeki
A16: Chemico-biological interactions 180 (3), 421-432, 2009
A17: Protective effect of date palm fruit extract (Phoenix dactylifera L.) on dimethoate induced-oxidative stress in rat liver | B17: 147 | C17: 2011
A18: EB Saafi, M Louedi, A Elfeki, A Zakhama, MF Najjar, M Hammami, ...
A19: Experimental and Toxicologic Pathology 63 (5), 433-441, 2011
A20: 1α, 25 dihydroxyvitamin D3: therapeutic and preventive effects against oxidative stress, hepatic, pancreatic and renal injury in alloxan-induced diabetes in rats | B20: 118 | C20: 2009
A21: K Hamden, S Carreau, K Jamoussi, S Miladi, S Lajmi, D Aloulou, F Ayadi, ...
A22: Journal of nutritional science and vitaminology 55 (3), 215-222, 2009
A23: Influence of thyroid dysfunction on liver lipid peroxidation and antioxidant status in experimental rats | B23: 101 | C23: 2010
A24: M Messarah, A Boumendjel, A Chouabia, F Klibet, C Abdennour, ...
A25: Experimental and Toxicologic Pathology 62 (3), 301-310, 2010
A26: Hypoglycemic and antilipidemic properties of kombucha tea in alloxan-induced diabetic rats | B26: 99 | C26: 2012
A27: A Aloulou, K Hamden, D Elloumi, MB Ali, K Hargafi, B Jaouadi, F Ayadi, ...
A28: BMC complementary and alternative medicine 12 (1), 63, 2012
A29: Lipid-lowering and antioxidant effects of an ethyl acetate extract of fenugreek seeds in high-cholesterol-fed rats | B29: 92 | C29: 2010
A30: O Belguith-Hadriche, M Bouaziz, K Jamoussi, A El Feki, S Sayadi, ...
A31: Journal of agricultural and food chemistry 58 (4), 2116-2122, 2010
A32: Lipid-lowering and antioxidant effects of hydroxytyrosol and its triacetylated derivative recovered from olive tree leaves in cholesterol-fed rats | B32: 92 | C32: 2008
A33: H Jemai, I Fki, M Bouaziz, Z Bouallagui, A El Feki, H Isoda, S Sayadi
A34: Journal of agricultural and food chemistry 56 (8), 2630-2636, 2008
A35: Hepatoprotective role and antioxidant capacity of selenium on arsenic-induced liver injury in rats | B35: 90 | C35: 2012
A36: M Messarah, F Klibet, A Boumendjel, C Abdennour, N Bouzerna, ...
A37: Experimental and toxicologic pathology 64 (3), 167-174, 2012
A38: Testicular toxicity in mercuric chloride treated rats: association with oxidative stress | B38: 82 | C38: 2009
A39: MA Boujbiha, K Hamden, F Guermazi, A Bouslama, A Omezzine, ...
A40: Reproductive toxicology 28 (1), 81-89, 2009
A41: Combined vitamins (C and E) and insulin improve oxidative stress and pancreatic and hepatic injury in alloxan diabetic rats | B41: 75 | C41: 2009
A42: K Hamden, MA Boujbiha, H Masmoudi, FM Ayadi, K Jamoussi, A Elfeki
A43: Biomedicine & Pharmacotherapy 63 (2), 95-99, 2009
A44: Hypoglycemic and antioxidant effects of leaf essential oil of Pelargonium graveolens L’Hér. in alloxan induced diabetic rats | B44: 73 | C44: 2012
A45: M Boukhris, M Bouaziz, I Feki, H Jemai, A El Feki, S Sayadi
A46: Lipids in health and disease 11 (1), 81, 2012
A47: Antidiabetic activity of levan polysaccharide in alloxan-induced diabetic rats | B47: 64 | C47: 2011
A48: I Dahech, KS Belghith, K Hamden, A Feki, H Belghith, H Mejdoub
A49: International journal of biological macromolecules 49 (4), 742-746, 2011
A50: Comparative study on hypocholesterolemic and antioxidant activities of various extracts of fenugreek seeds | B50: 62 | C50: 2013
A51: O Belguith-Hadriche, M Bouaziz, K Jamoussi, MSJ Simmonds, A El Feki, ...
A52: Food chemistry 138 (2-3), 1448-1453, 2013
A53: Influence of vortex transmission phase function on intensity distribution in the focal area of high-aperture focusing system | B53: 62 | C53: 2011
A54: SN Khonina, NL Kazanskiy, SG Volotovsky
A55: Optical Memory and Neural Networks 20 (1), 23-42, 2011
A56: Lipid peroxidation and HSP72/73 expression in rat following cadmium chloride administration: interactions of magnesium supplementation | B56: 58 | C56: 2006
A57: M Boujelben, F Ghorbel, C Vincent, F Makni-Ayadi, F Guermazi, F Croute, ...
A58: Experimental and Toxicologic Pathology 57 (5-6), 437-443, 2006
A59: The protective effect of Malva sylvestris on rat kidney damaged by vanadium | B59: 56 | C59: 2011
A60: W Marouane, A Soussi, JC Murat, S Bezzine, A El Feki
A61: Lipids in health and disease 10 (1), 65, 2011
A62: A comparative study of the oxidative profile in Graves’ disease, Hashimoto’s thyroiditis, and papillary thyroid cancer | B62: 55 | C62: 2010
A63: S Lassoued, M Mseddi, F Mnif, M Abid, F Guermazi, H Masmoudi, ...
A64: Biological trace element research 138 (1-3), 107-115, 2010
A65: Biodistribution of X-ray iodinated contrast agent in nano-emulsions is controlled by the chemical nature of the oily core | B65: 54* | C65: 2014
A66: MF Attia, N Anton, M Chiper, R Akasov, H Anton, N Messaddeq, S Fournel, ...
A67: ACS nano 8 (10), 10537-10550, 2014

Sheet H.Ben Ouada
B1: Toutes | C1: Depuis 2014
A2: Citations | B2: 3653 | C2: 1607
A3: indice h | B3: 31 | C3: 19
A4: indice i10 | B4: 102 | C4: 49
A7: Titre | B7: Citée par | C7: Année
A8: Adsorption of Acid Blue 193 from aqueous solutions onto BTMA-bentonite | B8: 407 | C8: 2005
A9: AS Özcan, B Erdem, A Özcan
A10: Colloids and Surfaces A: Physicochemical and Engineering Aspects 266 (1-3 …, 2005
A11: Assessing bacterial adhesion using DLVO and XDLVO theories and the jet impingement technique | B11: 123 | C11: 2009
A12: S Bayoudh, A Othmane, L Mora, HB Ouada
A13: Colloids and Surfaces B: Biointerfaces 73 (1), 1-9, 2009
A14: Impedimetric immunosensor using avidin–biotin for antibody immobilization | B14: 109 | C14: 2002
A15: O Ouerghi, A Touhami, N Jaffrezic-Renault, C Martelet, HB Ouada, ...
A16: Bioelectrochemistry 56 (1-2), 131-133, 2002
A17: Effect of surface treatment and functionalization on the ITO properties for OLEDs | B17: 108 | C17: 2006
A18: S Besbes, HB Ouada, J Davenas, L Ponsonnet, N Jaffrezic, P Alcouffe
A19: Materials Science and Engineering: C 26 (2-3), 505-510, 2006
A20: Quantification of the adhesion free energy between bacteria and hydrophobic and hydrophilic substrata | B20: 100 | C20: 2006
A21: S Bayoudh, A Othmane, F Bettaieb, A Bakhrouf, HB Ouada, L Ponsonnet
A22: Materials Science and Engineering: C 26 (2-3), 300-305, 2006
A23: Optical absorption and electron paramagnetic resonance study of-doped phosphate glasses | B23: 80 | C23: 1997
A24: M Haouari, HB Ouada, H Maaref, H Hommel, AP Legrand
A25: Journal of Physics: Condensed Matter 9 (31), 6711, 1997
A26: Investigating specific antigen/antibody binding with the atomic force microscope | B26: 79* | C26: 2002
A27: O Ouerghi, A Touhami, A Othmane, HB Ouada, C Martelet, C Fretigny, ...
A28: Biomolecular engineering 19 (2-6), 183-188, 2002
A29: Electrical detection and characterization of bacterial adhesion using electrochemical impedance spectroscopy-based flow chamber | B29: 74 | C29: 2008
A30: S Bayoudh, A Othmane, L Ponsonnet, HB Ouada
A31: Colloids and Surfaces A: physicochemical and engineering aspects 318 (1-3 …, 2008
A32: Gold electrode functionalized by electropolymerization of a cyano N-substituted pyrrole: application to an impedimetric immunosensor | B32: 74 | C32: 2001
A33: O Ouerghi, A Senillou, N Jaffrezic-Renault, C Martelet, HB Ouada, ...
A34: Journal of Electroanalytical Chemistry 501 (1-2), 62-69, 2001
A35: Investigation of the spectroscopic properties of Nd3+-doped phosphate glasses | B35: 74 | C35: 2000
A36: M Ajroud, M Haouari, HB Ouada, H Maaref, A Brenier, C Garapon
A37: Journal of Physics: Condensed Matter 12 (13), 3181, 2000
A38: Sensitive cyclodextrin–polysiloxane gel membrane on EIS structure and ISFET for heavy metal ion detection | B38: 65 | C38: 2000
A39: MB Ali, R Kalfat, H Sfihi, JM Chovelon, HB Ouada, N Jaffrezic-Renault
A40: Sensors and Actuators B: Chemical 62 (3), 233-237, 2000
A41: Injection modifications by ITO functionalization with a self-assembled monolayer in OLEDs | B41: 62 | C41: 2003
A42: S Besbes, A Ltaief, K Reybier, L Ponsonnet, N Jaffrezic, J Davenas, ...
A43: Synthetic metals 138 (1-2), 197-200, 2003
A44: Fibroblast cells: a sensing bioelement for glucose detection by impedance spectroscopy | B44: 61 | C44: 2003
A45: C Tlili, K Reybier, A Géloën, L Ponsonnet, C Martelet, HB Ouada, ...
A46: Analytical chemistry 75 (14), 3340-3344, 2003
A47: Film morphology effects on the electrical and optical properties of bulk heterojunction organic solar cells based on MEH-PPV/C60 composite | B47: 57 | C47: 2005
A48: A Ltaief, J Davenas, A Bouazizi, RB Chaâbane, P Alcouffe, HB Ouada
A49: Materials Science and Engineering: C 25 (1), 67-75, 2005
A50: Study of organic thin film transistors based on nickel phthalocyanine: effect of annealing | B50: 56 | C50: 2003
A51: RB Chaabane, A Ltaief, C Dridi, H Rahmouni, A Bouazizi, HB Ouada
A52: Thin Solid Films 427 (1-2), 371-376, 2003
A53: Organization of the layers of polyethylene oxide grafted with different densities on silica | B53: 56 | C53: 1988
A54: HB Ouada, H Hommel, AP Legrand, H Balard, E Papirer
A55: Journal of colloid and interface science 122 (2), 441-449, 1988
A56: Electrical and optical properties of thin films based on MEH-PPV/fullerene blends | B56: 49 | C56: 2004
A57: A Ltaief, A Bouazizi, J Davenas, RB Chaabane, HB Ouada
A58: Synthetic metals 147 (1-3), 261-266, 2004
A59: pH sensor based on a detection sol–gel layer onto optical fiber | B59: 46 | C59: 2002
A60: OB Miled, HB Ouada, J Livage
A61: Materials Science and Engineering: C 21 (1-2), 183-188, 2002
A62: Bacterial detachment from hydrophilic and hydrophobic surfaces using a microjet impingement | B62: 44 | C62: 2005
A63: S Bayoudh, L Ponsonnet, HB Ouada, A Bakhrouf, A Othmane
A64: Colloids and Surfaces A: Physicochemical and Engineering Aspects 266 (1-3 …, 2005
A65: Ultra-sensitive conductometric detection of heavy metals based on inhibition of alkaline phosphatase activity from Arthrospira platensis | B65: 43 | C65: 2013
A66: N Tekaya, O Saiapina, HB Ouada, F Lagarde, HB Ouada, ...
A67: Bioelectrochemistry 90, 24-29, 2013

Sheet K.Hamzaoui
B1: Toutes | C1: Depuis 2014
A2: Citations | B2: 3515 | C2: 1831
A3: indice h | B3: 34 | C3: 26
A4: indice i10 | B4: 90 | C4: 54
A7: Titre | B7: Citée par | C7: Année
A8: Cytokine profile in Behçet's disease patients | B8: 336 | C8: 2002
A9: K Hamzaoui, A Hamzaoui, F Guemira, M Bessioud, MH Hamza, K Ayed
A10: Scandinavian journal of rheumatology 31 (4), 205-210, 2002
A11: Phenotype and functional profile of T cells expressing gamma delta receptor from patients with active Behçet's disease. | B11: 93 | C11: 1994
A12: K Hamzaoui, A Hamzaoui, F Hentati, A Kahan, K Ayed, A Chabbou, ...
A13: The Journal of rheumatology 21 (12), 2301-2306, 1994
A14: Production of TNF-alpha and IL-1 in active Behcet's disease | B14: 92 | C14: 1990
A15: K HAMZAOUI
A16: J Rheumatol 17, 1428-1429, 1990
A17: Natural killer cell activity, interferon‐gamma and antibodies to herpes viruses in patients with Behçet's disease | B17: 92 | C17: 1990
A18: K Hamzaoui, K Ayed, A Slim, M Hamza, J Touraine
A19: Clinical & Experimental Immunology 79 (1), 28-34, 1990
A20: Behçet's disease in Tunisia Demographic, clinical and genetic aspects in 260 patients | B20: 85 | C20: 2007
A21: MH Houman, H Neffati, A Braham, O Harzallah, M Khanfir, M Miled, ...
A22: Clinical and Experimental Rheumatology 25 (4), S58, 2007
A23: Expression of Th-17 and RORγt mRNA in Behçet’s disease | B23: 79 | C23: 2011
A24: K Hamzaoui, E Bouali, I Ghorbel, M Khanfir, H Houman, A Hamzaoui
A25: Medical science monitor: international medical journal of experimental and …, 2011
A26: K. Hamzaoui | B26: 78 | C26: 2011
A27: K Hamzaoui
A28: Clin Exp Rheumatol 29 (67), S71-S76, 2011
A29: Toll‐like receptors and CD14 genes polymorphisms and susceptibility to asthma in Tunisian children | B29: 78 | C29: 2008
A30: J Lachheb, IB Dhifallah, H Chelbi, K Hamzaoui, A Hamzaoui
A31: Tissue Antigens 71 (5), 417-425, 2008
A32: Vitamin D modulates peripheral immunity in patients with Behcet's disease | B32: 77 | C32: 2010
A33: K Hamzaoui, IB Dhtfallah, E Karray, FH Sassi, A Hamzaoui
A34: Clinical & Experimental Rheumatology 28 (4), S50, 2010
A35: Association of vitamin D receptor gene polymorphisms with susceptibility to asthma in Tunisian children: A case control study | B35: 75 | C35: 2013
A36: H Maalmi, FH Sassi, A Berraies, J Ammar, K Hamzaoui, A Hamzaoui
A37: Human immunology 74 (2), 234-240, 2013
A38: The impact of vitamin D deficiency on immune T cells in asthmatic children: a case-control study | B38: 70 | C38: 2012
A39: H Maalmi, A Berraïes, E Tangour, J Ammar, H Abid, K Hamzaoui, ...
A40: Journal of asthma and allergy 5, 11, 2012
A41: Association between vitamin D receptor polymorphisms and multiple sclerosis: systematic review and meta-analysis of case–control studies | B41: 60 | C41: 2015
A42: K Tizaoui, W Kaabachi, A Hamzaoui, K Hamzaoui
A43: Cellular & molecular immunology 12 (2), 243, 2015
A44: Natural killer cells in Behçet's disease. | B44: 59 | C44: 1988
A45: K Hamzaoui, KH Ayed, M Hamza, JL Touraine
A46: Clinical and experimental immunology 71 (1), 126, 1988
A47: NKT cells in the induced sputum of severe asthmatics | B47: 57 | C47: 2006
A48: A Hamzaoui, SC Rouhou, H Graïri, H Abid, J Ammar, H Chelbi, ...
A49: Mediators of inflammation 2006, 2006
A50: Associations of vitamin D receptor gene polymorphisms FokI and BsmI with susceptibility to rheumatoid arthritis and Behçet's disease in Tunisians | B50: 55 | C50: 2012
A51: EF Karray, IB Dhifallah, KB Abdelghani, IB Ghorbel, M Khanfir, H Houman, ...
A52: Joint Bone Spine 79 (2), 144-148, 2012
A53: Anti-inflammatory activity of IL-37 in asthmatic children: Correlation with inflammatory cytokines TNF-α, IL-β, IL-6 and IL-17A | B53: 54 | C53: 2016
A54: R Charrad, A Berraïes, B Hamdi, J Ammar, K Hamzaoui, A Hamzaoui
A55: Immunobiology 221 (2), 182-187, 2016
A56: Abnormal expression of chemokine receptors in Behçet's disease: relationship to intracellular Th1/Th2 cytokines and to clinical manifestations | B56: 54 | C56: 2004
A57: H Houman, A Hamzaoui, IB Ghorbal, M Khanfir, M Feki, K Hamzaoui
A58: Journal of autoimmunity 23 (3), 267-273, 2004
A59: Tumor necrosis factor gene polymorphisms in Tunisian patients with Behcet’s disease | B59: 53 | C59: 2007
A60: M Kamoun, H Chelbi, MH Houman, J Lacheb, K Hamzaoui
A61: Human immunology 68 (3), 201-205, 2007
A62: Interleukin-6 in peripheral blood and inflammatory sites in Behcet's disease | B62: 53 | C62: 1992
A63: K Hamzaoui, A Hamzaoui, A Kahan, M Hamza, A Chabbou, K Ayed
A64: Mediators of Inflammation 1 (4), 281-285, 1992
A65: Link between vitamin D and airway remodeling | B65: 51 | C65: 2014
A66: A Berraies, K Hamzaoui, A Hamzaoui
A67: Journal of asthma and allergy 7, 23, 2014

Sheet B.Hnich
B1: Toutes | C1: Depuis 2014
A2: Citations | B2: 2851 | C2: 903
A3: indice h | B3: 30 | C3: 16
A4: indice i10 | B4: 74 | C4: 31
A7: Titre | B7: Citée par | C7: Année
A8: Breaking row and column symmetries in matrix models | B8: 246 | C8: 2002
A9: P Flener, AM Frisch, B Hnich, Z Kiziltan, I Miguel, J Pearson, T Walsh
A10: International Conference on Principles and Practice of Constraint …, 2002
A11: Specification, implementation, and deployment of components | B11: 156 | C11: 2002
A12: I Crnkovic, B Hnich, T Jonsson, Z Kiziltan
A13: Communications of the ACM 45 (10), 35-40, 2002
A14: Global constraints for lexicographic orderings | B14: 150 | C14: 2002
A15: A Frisch, B Hnich, Z Kiziltan, I Miguel, T Walsh
A16: International Conference on Principles and Practice of Constraint …, 2002
A17: Constraint models for the covering test problem | B17: 108 | C17: 2006
A18: B Hnich, SD Prestwich, E Selensky, BM Smith
A19: Constraints 11 (2-3), 199-219, 2006
A20: Finding diverse and similar solutions in constraint programming | B20: 86 | C20: 2005
A21: E Hebrard, B Hnich, B O'Sullivan, T Walsh
A22: AAAI 5, 372-377, 2005
A23: The complexity of global constraints | B23: 86 | C23: 2004
A24: C Bessiere, E Hebrard, B Hnich, T Walsh
A25: AAAI: American Association for Artificial Intelligence, 112-117, 2004
A26: Super solutions in constraint programming | B26: 83 | C26: 2004
A27: E Hebrard, B Hnich, T Walsh
A28: International Conference on Integration of Artificial Intelligence (AI) and …, 2004
A29: The magazine archive includes every article published in Communications of the ACM for over the past 50 years. | B29: 71 | C29: 2012
A30: MJ Carey, N Onose, M Petropoulos
A31: Communications of the ACM 55 (6), 86-97, 2012
A32: Modelling a balanced academic curriculum problem | B32: 60 | C32: 2002
A33: B Hnich, Z Kiziltan, T Walsh
A34: Proceedings of CP-AI-OR-2002, 2002
A35: Function variables for constraint programming | B35: 59 | C35: 2003
A36: B Hnich
A37: AI Communications 16 (2), 131-132, 2003
A38: Dual modelling of permutation and injection problems | B38: 58 | C38: 2004
A39: B Hnich, BM Smith, T Walsh
A40: Journal of Artificial Intelligence Research 21, 357-391, 2004
A41: Matrix modelling | B41: 52 | C41: 2001
A42: P Flener, A Frisch, B Hnich, Z Kiziltan, I Miguel, T Walsh
A43: Proc. of the CP-01 Workshop on Modelling and Problem Formulation, 223, 2001
A44: Propagation algorithms for lexicographic ordering constraints | B44: 49 | C44: 2006
A45: AM Frisch, B Hnich, Z Kiziltan, I Miguel, T Walsh
A46: Artificial Intelligence 170 (10), 803-834, 2006
A47: SLIDE: A useful special case of the CARDPATH constraint | B47: 47 | C47: 2009
A48: C Bessiere, E Hebrard, B Hnich, Z Kiziltan, T Walsh
A49: arXiv preprint arXiv:0903.0471, 2009
A50: Filtering Algorithms for the NValue Constraint | B50: 47 | C50: 2006
A51: C Bessiere, E Hebrard, B Hnich, Z Kiziltan, T Walsh
A52: Constraints 11 (4), 271-293, 2006
A53: Using CBR to select solution strategies in constraint programming | B53: 47 | C53: 2005
A54: C Gebruers, B Hnich, D Bridge, E Freuder
A55: International Conference on Case-Based Reasoning, 222-236, 2005
A56: Robust solutions for constraint satisfaction and optimization | B56: 46 | C56: 2004
A57: E Hebrard, B Hnich, T Walsh
A58: ECAI 16, 186, 2004
A59: The complexity of reasoning with global constraints | B59: 44 | C59: 2007
A60: C Bessiere, E Hebrard, B Hnich, T Walsh
A61: Constraints 12 (2), 239-259, 2007
A62: A global chance-constraint for stochastic inventory systems under service level constraints | B62: 42 | C62: 2008
A63: R Rossi, SA Tarim, B Hnich, S Prestwich
A64: Constraints 13 (4), 490-517, 2008
A65: Disjoint, partition and intersection constraints for set and multiset variables | B65: 42 | C65: 2004
A66: C Bessiere, E Hebrard, B Hnich, T Walsh
A67: International Conference on Principles and Practice of Constraint …, 2004

Sheet F.Fnaïech
B1: Toutes | C1: Depuis 2014
A2: Citations | B2: 4025 | C2: 2220
A3: indice h | B3: 31 | C3: 20
A4: indice i10 | B4: 100 | C4: 46
A7: Titre | B7: Citée par | C7: Année
A8: Application of empirical mode decomposition and artificial neural network for automatic bearing fault diagnosis based on vibration signals | B8: 261 | C8: 2015
A9: JB Ali, N Fnaiech, L Saidi, B Chebel-Morello, F Fnaiech
A10: Applied Acoustics 89, 16-27, 2015
A11: Fuzzy logic and sliding-mode controls applied to six-phase induction machine with open phases | B11: 184 | C11: 2009
A12: MA Fnaiech, F Betin, GA Capolino, F Fnaiech
A13: IEEE Transactions on Industrial Electronics 57 (1), 354-364, 2009
A14: A fast feedforward training algorithm using a modified form of the standard backpropagation algorithm | B14: 162 | C14: 2001
A15: S Abid, F Fnaiech, M Najim
A16: IEEE Transactions on neural networks 12 (2), 424-430, 2001
A17: Accurate bearing remaining useful life prediction based on Weibull distribution and artificial neural network | B17: 143 | C17: 2015
A18: JB Ali, B Chebel-Morello, L Saidi, S Malinowski, F Fnaiech
A19: Mechanical Systems and Signal Processing 56, 150-172, 2015
A20: Recursive identification of bilinear systems | B20: 132 | C20: 1987
A21: F Fnaiech, L Ljung
A22: International journal of control 45 (2), 453-470, 1987
A23: Nonlinear control technique to enhance dynamic performance of a shunt active power filter | B23: 111 | C23: 2003
A24: N Mendalek, K Al-Haddad, F Fnaiech, LA Dessaint
A25: IEE Proceedings-Electric Power Applications 150 (4), 373-379, 2003
A26: An efficient DSP-FPGA-based real-time implementation method of SVM algorithms for an indirect matrix converter | B26: 95 | C26: 2011
A27: M Hamouda, HF Blanchette, K Al-Haddad, F Fnaiech
A28: IEEE transactions on industrial electronics 58 (11), 5024-5031, 2011
A29: Bi-spectrum based-EMD applied to the non-stationary vibration signals for bearing faults diagnosis | B29: 85 | C29: 2014
A30: L Saidi, JB Ali, F Fnaiech
A31: ISA transactions 53 (5), 1650-1660, 2014
A32: Linear and nonlinear control techniques for a three-phase three-level NPC boost rectifier | B32: 85 | C32: 2006
A33: L Yacoubi, K Al-Haddad, LA Dessaint, F Fnaiech
A34: IEEE Transactions on Industrial Electronics 53 (6), 1908-1918, 2006
A35: Application of higher order spectral features and support vector machines for bearing faults classification | B35: 72 | C35: 2015
A36: L Saidi, JB Ali, F Fnaiech
A37: ISA transactions 54, 193-206, 2015
A38: Hippocampal programmed cell death after status epilepticus: evidence for NMDA‐receptor and ceramide‐mediated mechanisms | B38: 71 | C38: 2003
A39: MA Mikati, RJ Abi‐Habib, ME El Sabban, GS Dbaibo, RM Kurdi, ...
A40: Epilepsia 44 (3), 282-291, 2003
A41: Automatic image segmentation of nuclear stained breast tissue sections using color active contour model and an improved watershed method | B41: 68 | C41: 2013
A42: A Mouelhi, M Sayadi, F Fnaiech, K Mrad, KB Romdhane
A43: Biomedical Signal Processing and Control 8 (5), 421-436, 2013
A44: Nonlinear control strategy applied to a shunt active power filter | B44: 65 | C44: 2001
A45: N Mendalek, K Al-Haddad, LA Dessaint, F Fnaiech
A46: 2001 IEEE 32nd Annual Power Electronics Specialists Conference (IEEE Cat. No …, 2001
A47: Diagnosis of broken-bars fault in induction machines using higher order spectral analysis | B47: 63 | C47: 2013
A48: L Saidi, F Fnaiech, H Henao, GA Capolino, G Cirrincione
A49: ISA transactions 52 (1), 140-148, 2013
A50: Modelling and control of three-phase/switch/level fixed-frequency PWM rectifier: state-space averaged model | B50: 54 | C50: 2005
A51: H Kanaan, K Al-Haddad, F Fnaiech
A52: IEE Proceedings-Electric Power Applications 152 (3), 551-557, 2005
A53: A DSP-based implementation of a new nonlinear control for a three-phase neutral point clamped boost rectifier prototype | B53: 54 | C53: 2005
A54: L Yacoubi, K Al-Haddad, F Fnaiech, LA Dessaint
A55: IEEE Transactions on Industrial Electronics 52 (1), 197-205, 2005
A56: A DSP-based implementation of a nonlinear model reference adaptive control for a three-phase three-level NPC boost rectifier prototype | B56: 53 | C56: 2005
A57: L Yacoubi, K Al-Haddad, LA Dessaint, F Fnaiech
A58: IEEE Transactions on Power Electronics 20 (5), 1084-1092, 2005
A59: Direct remaining useful life estimation based on support vector regression | B59: 50 | C59: 2016
A60: R Khelif, B Chebel-Morello, S Malinowski, E Laajili, F Fnaiech, N Zerhouni
A61: IEEE Transactions on industrial electronics 64 (3), 2276-2285, 2016
A62: Convolutional neural network for video fire and smoke detection | B62: 47 | C62: 2016
A63: S Frizzi, R Kaabi, M Bouchouicha, JM Ginoux, E Moreau, F Fnaiech
A64: IECON 2016-42nd Annual Conference of the IEEE Industrial Electronics Society …, 2016
A65: Linear feature selection and classification using PNN and SFAM neural networks for a nearly online diagnosis of bearing naturally progressing degradations | B65: 43 | C65: 2015
A66: JB Ali, L Saidi, A Mouelhi, B Chebel-Morello, F Fnaiech
A67: Engineering Applications of Artificial Intelligence 42, 67-81, 2015

Sheet M.Amlouk
B1: Toutes | C1: Depuis 2014
A2: Citations | B2: 3138 | C2: 2216
A3: indice h | B3: 31 | C3: 26
A4: indice i10 | B4: 91 | C4: 78
A7: Titre | B7: Citée par | C7: Année
A8: Structural and optical properties of Cu2SnS3 sprayed thin films | B8: 155 | C8: 2009
A9: M Bouaziz, M Amlouk, S Belgacem
A10: Thin Solid Films 517 (7), 2527-2530, 2009
A11: A new parameter: an abacus for optimizing pv–t hybrid solar device functional materials using the Boubaker polynomials expansion scheme | B11: 107 | C11: 2009
A12: S Fridjine, M Amlouk
A13: Modern Physics Letters B 23 (17), 2179-2191, 2009
A14: Enhancement of pyrolysis spray disposal performance using thermal time-response to precursor uniform deposition | B14: 93 | C14: 2007
A15: K Boubaker, A Chaouachi, M Amlouk, H Bouzouita
A16: The European Physical Journal-Applied Physics 37 (1), 105-109, 2007
A17: Growth of Cu2SnS3 thin films by solid reaction under sulphur atmosphere | B17: 87 | C17: 2011
A18: M Bouaziz, J Ouerfelli, SK Srivastava, JC Bernède, M Amlouk
A19: Vacuum 85 (8), 783-786, 2011
A20: Structural, opto-thermal and electrical properties of ZnO: Mo sprayed thin films | B20: 81 | C20: 2012
A21: A Boukhachem, B Ouni, M Karyaoui, A Madani, R Chtourou, M Amlouk
A22: Materials Science in Semiconductor Processing 15 (3), 282-292, 2012
A23: Structure, surface composition, and electronic properties of and | B23: 76 | C23: 2001
A24: N Kamoun, S Belgacem, M Amlouk, R Bennaceur, J Bonnet, F Touhari, ...
A25: Journal of Applied Physics 89 (5), 2766-2771, 2001
A26: Acoustic properties of β-In2S3 thin films prepared by spray | B26: 66 | C26: 1999
A27: M Amlouk, MAB Said, N Kamoun, S Belgacem, N Brunet, D Barjon
A28: Japanese journal of applied physics 38 (1R), 26, 1999
A29: Morphological and thermal properties of β-SnS2 sprayed thin films using Boubaker polynomials expansion | B29: 65 | C29: 2009
A30: C Khélia, K Boubaker, TB Nasrallah, M Amlouk, S Belgacem
A31: Journal of Alloys and Compounds 477 (1-2), 461-467, 2009
A32: Some physical investigations on Ag2S thin films prepared by sequential thermal evaporation | B32: 59 | C32: 2005
A33: TB Nasrallah, H Dlala, M Amlouk, S Belgacem, JC Bernede
A34: Synthetic Metals 151 (3), 225-230, 2005
A35: Study of nickel doping effects on structural, electrical and optical properties of sprayed ZnO semiconductor layers | B35: 57 | C35: 2014
A36: A Mhamdi, B Ouni, A Amlouk, K Boubaker, M Amlouk
A37: Journal of Alloys and Compounds 582, 810-822, 2014
A38: Structural and optical properties of Ag2S thin films prepared by spray pyrolysis* | B38: 51 | C38: 1998
A39: H Dlala, M Amlouk, S Belgacem, P Girard, D Barjon
A40: The European Physical Journal-Applied Physics 2 (1), 13-16, 1998
A41: A study of sulfur/selenium substitution effects on physical and mechanical properties of vacuum-grown ZnS1− xSex compounds using Boubaker polynomials expansion scheme (BPES) | B41: 50 | C41: 2009
A42: S Fridjine, KBB Mahmoud, M Amlouk, M Bouhafs
A43: Journal of Alloys and Compounds 479 (1-2), 457-461, 2009
A44: Structural and optical properties of Cu3SnS4 sprayed thin films | B44: 50 | C44: 2007
A45: M Bouaziz, J Ouerfelli, M Amlouk, S Belgacem
A46: physica status solidi (a) 204 (10), 3354-3360, 2007
A47: A Boubaker polynomials expansion scheme (BPES)-related protocol for measuring sprayed thin films thermal characteristics | B47: 47 | C47: 2009
A48: S Lazzez, KBB Mahmoud, S Abroug, F Saadallah, M Amlouk
A49: Current Applied Physics 9 (5), 1129-1133, 2009
A50: Improvement of the optoelectronic properties of tin oxide transparent conductive thin films through lanthanum doping | B50: 46 | C50: 2016
A51: C Mrabet, A Boukhachem, M Amlouk, T Manoubi
A52: Journal of Alloys and Compounds 666, 392-405, 2016
A53: Physical investigations on Sb2S3 sprayed thin film for optoelectronic applications | B53: 44 | C53: 2014
A54: R Boughalmi, A Boukhachem, M Kahlaoui, H Maghraoui, M Amlouk
A55: Materials Science in Semiconductor Processing 26, 593-602, 2014
A56: The 3D Amlouk–Boubaker expansivity–energy gap–Vickers hardness abacus: A new tool for optimizing semiconductor thin film materials | B56: 44 | C56: 2009
A57: KBB Mahmoud, M Amlouk
A58: Materials Letters 63 (12), 991-994, 2009
A59: Structure and morphology of sprayed ZnS thin films | B59: 43 | C59: 2004
A60: T Ben Nasrallah, M Amlouk, JC Bernede, S Belgacem
A61: physica status solidi (a) 201 (14), 3070-3076, 2004
A62: A new procedure to prepare semiconducting ternary compounds from binary buffer materials and vacuum-deposited copper for photovoltaic applications | B62: 42 | C62: 2010
A63: A Amlouk, K Boubaker, M Amlouk
A64: Vacuum 85 (1), 60-64, 2010
A65: SnO2 thin films morphological and optical properties in terms of the Boubaker Polynomials Expansion Scheme BPES-related Opto-Thermal Expansivity ψAB | B65: 41 | C65: 2010
A66: A Amlouk, K Boubaker, M Amlouk
A67: Journal of Alloys and Compounds 490 (1-2), 602-604, 2010

Sheet N.Souissi
B1: Toutes | C1: Depuis 2014
A2: Citations | B2: 3547 | C2: 2504
A3: indice h | B3: 35 | C3: 29
A4: indice i10 | B4: 69 | C4: 66
A7: Titre | B7: Citée par | C7: Année
A8: Effects of one night's sleep deprivation on anaerobic performance the following day | B8: 167 | C8: 2003
A9: N Souissi, B Sesboüé, A Gauthier, J Larue, D Davenne
A10: European Journal of Applied Physiology 89 (3-4), 359-366, 2003
A11: Circadian rhythms in two types of anaerobic cycle leg exercise: force-velocity and 30-s Wingate tests | B11: 145 | C11: 2004
A12: N Souissi, A Gauthier, B Sesboüé, J Larue, D Davenne
A13: International journal of sports medicine 25 (01), 14-19, 2004
A14: The effect of training at a specific time of day: a review | B14: 136 | C14: 2012
A15: H Chtourou, N Souissi
A16: The Journal of Strength & Conditioning Research 26 (7), 1984-2005, 2012
A17: Effect of time of day on aerobic contribution to the 30‐s Wingate test performance | B17: 119 | C17: 2007
A18: N Souissi, N Bessot, K Chamari, A Gauthier, B Sesboüé, D Davenne
A19: Chronobiology international 24 (4), 739-748, 2007
A20: Effect of time of day and partial sleep deprivation on short‐term, high‐power output | B20: 117 | C20: 2008
A21: N Souissi, M Souissi, H Souissi, K Chamari, Z Tabka, M Dogui, ...
A22: Chronobiology international 25 (6), 1062-1076, 2008
A23: The effect of Ramadan fasting on physical performances, mood state and perceived exertion in young footballers | B23: 108 | C23: 2011
A24: H Chtourou, O Hammouda, H Souissi, K Chamari, A Chaouachi, ...
A25: Asian Journal of Sports Medicine 2 (3), 177, 2011
A26: The effect of time-of-day and Ramadan fasting on anaerobic performances | B26: 106 | C26: 2012
A27: H Chtourou, O Hammouda, A Chaouachi, K Chamari, N Souissi
A28: International journal of sports medicine 33 (02), 142-147, 2012
A29: Effects of regular training at the same time of day on diurnal fluctuations in muscular performance | B29: 90 | C29: 2002
A30: N Souissi, A Gauthier, B Sesboüé, J Larue, D Davenne
A31: Journal of sports sciences 20 (11), 929-937, 2002
A32: The effect of strength training at the same time of the day on the diurnal fluctuations of muscular anaerobic performances | B32: 85 | C32: 2012
A33: H Chtourou, T Driss, S Souissi, A Gam, A Chaouachi, N Souissi
A34: The Journal of Strength & Conditioning Research 26 (1), 217-225, 2012
A35: The effect of training at the same time of day and tapering period on the diurnal variation of short exercise performances | B35: 84 | C35: 2012
A36: H Chtourou, A Chaouachi, T Driss, M Dogui, DG Behm, K Chamari, ...
A37: The Journal of Strength & Conditioning Research 26 (3), 697-708, 2012
A38: Effect of time of day and partial sleep deprivation on plasma concentrations of IL-6 during a short-term maximal performance | B38: 82 | C38: 2013
A39: S Abedelmalek, H Chtourou, A Aloui, C Aouichaoui, N Souissi, Z Tabka
A40: European journal of applied physiology 113 (1), 241-248, 2013
A41: Listening to music affects diurnal variation in muscle power output | B41: 76 | C41: 2012
A42: H Chtourou, A Chaouachi, O Hammouda, K Chamari, N Souissi
A43: International journal of sports medicine 33 (01), 43-47, 2012
A44: Diurnal variation in Wingate test performances: influence of active warm-up | B44: 75 | C44: 2010
A45: N Souissi, T Driss, K Chamari, H Vandewalle, D Davenne, A Gam, ...
A46: Chronobiology international 27 (3), 640-652, 2010
A47: Effects of time-of-day and partial sleep deprivation on short-term maximal performances of judo competitors | B47: 73 | C47: 2013
A48: N Souissi, H Chtourou, A Aloui, O Hammouda, M Dogui, A Chaouachi, ...
A49: The Journal of Strength & Conditioning Research 27 (9), 2473-2480, 2013
A50: Effect of Ramadan on the diurnal variation in short‐term high power output | B50: 70 | C50: 2007
A51: N Souissi, H Souissi, S Sahli, Z Tabka, M Dogui, J Ati, D Davenne
A52: Chronobiology International 24 (5), 991-1007, 2007
A53: Diurnal variation in Wingate-test performance and associated electromyographic parameters | B53: 67 | C53: 2011
A54: H Chtourou, N Zarrouk, A Chaouachi, M Dogui, DG Behm, K Chamari, ...
A55: Chronobiology international 28 (8), 706-713, 2011
A56: Diurnal variations in physical performances related to football in young soccer players | B56: 66 | C56: 2012
A57: H Chtourou, O Hammouda, H Souissi, K Chamari, A Chaouachi, ...
A58: Asian journal of sports medicine 3 (3), 139, 2012
A59: Effects of Ramadan intermittent fasting on sports performance and training: a review | B59: 66 | C59: 2009
A60: A Chaouachl, JB Leiper, N Souissi, AJ Coutts, K Chamari
A61: International Journal of Sports Physiology and Performance, 2009
A62: Rehabilitation of unilateral spatial neglect and neuroimaging. | B62: 66* | C62: 2007
A63: NU Arene, AE Hillis
A64: Europa Medicophysica 43 (2), 255-269, 2007
A65: Diurnal variations of plasma homocysteine, total antioxidant status, and biological markers of muscle injury during repeated sprint: effect on performance and muscle fatigue—a … | B65: 65 | C65: 2011
A66: O Hammouda, H Chtourou, H Chahed, S Ferchichi, C Kallel, A Miled, ...
A67: Chronobiology international 28 (10), 958-967, 2011

Sheet H.Chtourou
B1: Toutes | C1: Depuis 2014
A2: Citations | B2: 2912 | C2: 2353
A3: indice h | B3: 32 | C3: 28
A4: indice i10 | B4: 63 | C4: 61
A7: Titre | B7: Citée par | C7: Année
A8: The effect of training at a specific time of day: a review | B8: 136 | C8: 2012
A9: H Chtourou, N Souissi
A10: The Journal of Strength & Conditioning Research 26 (7), 1984-2005, 2012
A11: Small-sided games in team sports training: a brief review | B11: 121 | C11: 2014
A12: J Halouani, H Chtourou, T Gabbett, A Chaouachi, K Chamari
A13: The journal of strength & conditioning research 28 (12), 3594-3618, 2014
A14: The effect of Ramadan fasting on physical performances, mood state and perceived exertion in young footballers | B14: 108 | C14: 2011
A15: H Chtourou, O Hammouda, H Souissi, K Chamari, A Chaouachi, ...
A16: Asian Journal of Sports Medicine 2 (3), 177, 2011
A17: The effect of time-of-day and Ramadan fasting on anaerobic performances | B17: 106 | C17: 2012
A18: H Chtourou, O Hammouda, A Chaouachi, K Chamari, N Souissi
A19: International journal of sports medicine 33 (02), 142-147, 2012
A20: The effect of strength training at the same time of the day on the diurnal fluctuations of muscular anaerobic performances | B20: 85 | C20: 2012
A21: H Chtourou, T Driss, S Souissi, A Gam, A Chaouachi, N Souissi
A22: The Journal of Strength & Conditioning Research 26 (1), 217-225, 2012
A23: The effect of training at the same time of day and tapering period on the diurnal variation of short exercise performances | B23: 84 | C23: 2012
A24: H Chtourou, A Chaouachi, T Driss, M Dogui, DG Behm, K Chamari, ...
A25: The Journal of Strength & Conditioning Research 26 (3), 697-708, 2012
A26: Effect of time of day and partial sleep deprivation on plasma concentrations of IL-6 during a short-term maximal performance | B26: 82 | C26: 2013
A27: S Abedelmalek, H Chtourou, A Aloui, C Aouichaoui, N Souissi, Z Tabka
A28: European journal of applied physiology 113 (1), 241-248, 2013
A29: Listening to music affects diurnal variation in muscle power output | B29: 76 | C29: 2012
A30: H Chtourou, A Chaouachi, O Hammouda, K Chamari, N Souissi
A31: International journal of sports medicine 33 (01), 43-47, 2012
A32: Effects of time-of-day and partial sleep deprivation on short-term maximal performances of judo competitors | B32: 73 | C32: 2013
A33: N Souissi, H Chtourou, A Aloui, O Hammouda, M Dogui, A Chaouachi, ...
A34: The Journal of Strength & Conditioning Research 27 (9), 2473-2480, 2013
A35: The effects of Ramadan intermittent fasting on athletic performance: recommendations for the maintenance of physical fitness | B35: 71 | C35: 2012
A36: A Chaouachi, JB Leiper, H Chtourou, AR Aziz, K Chamari
A37: Journal of sports sciences 30 (sup1), S53-S73, 2012
A38: Diurnal variation in Wingate-test performance and associated electromyographic parameters | B38: 67 | C38: 2011
A39: H Chtourou, N Zarrouk, A Chaouachi, M Dogui, DG Behm, K Chamari, ...
A40: Chronobiology international 28 (8), 706-713, 2011
A41: Diurnal variations in physical performances related to football in young soccer players | B41: 66 | C41: 2012
A42: H Chtourou, O Hammouda, H Souissi, K Chamari, A Chaouachi, ...
A43: Asian journal of sports medicine 3 (3), 139, 2012
A44: Diurnal variations of plasma homocysteine, total antioxidant status, and biological markers of muscle injury during repeated sprint: effect on performance and muscle fatigue—a … | B44: 65 | C44: 2011
A45: O Hammouda, H Chtourou, H Chahed, S Ferchichi, C Kallel, A Miled, ...
A46: Chronobiology international 28 (10), 958-967, 2011
A47: The effects of music on high-intensity short-term exercise in well trained athletes | B47: 64 | C47: 2012
A48: M Jarraya, H Chtourou, A Aloui, O Hammouda, K Chamari, A Chaouachi, ...
A49: Asian journal of sports medicine 3 (4), 233, 2012
A50: The effect of Ramadan fasting on the diurnal variations in aerobic and anaerobic performances in Tunisian youth soccer players | B50: 59 | C50: 2012
A51: O Hamouda, H Chtourou, MA Farjallah, D Davenne, N Souissi
A52: Biological Rhythm Research 43 (2), 177-190, 2012
A53: High intensity exercise affects diurnal variation of some biological markers in trained subjects | B53: 57 | C53: 2012
A54: O Hammouda, H Chtourou, H Chahed, S Ferchichi, A Chaouachi, C Kallel, ...
A55: International journal of sports medicine 33 (11), 886-891, 2012
A56: Effects of Ramadan on the diurnal variations of repeated-sprint performance | B56: 55 | C56: 2013
A57: A Aloui, A Chaouachi, H Chtourou, DP Wong, M Haddad, K Chamari, ...
A58: International journal of sports physiology and performance 8 (3), 254-263, 2013
A59: Effect of short-term maximal exercise on biochemical markers of muscle damage, total antioxidant status, and homocysteine levels in football players | B59: 55 | C59: 2012
A60: O Hammouda, H Chtourou, A Chaouachi, H Chahed, S Ferchichi, C Kallel, ...
A61: Asian journal of sports medicine 3 (4), 239, 2012
A62: The effects of music during warm-up on anaerobic performances of young sprinters | B62: 51 | C62: 2012
A63: H Chtourou, M Jarraya, A Aloui, O Hammouda, N Souissi
A64: Science & Sports 27 (6), e85-e88, 2012
A65: Effects of partial sleep deprivation on proinflammatory cytokines, growth hormone, and steroid hormone concentrations during repeated brief sprint interval exercise | B65: 49 | C65: 2013
A66: S Abedelmalek, N Souissi, H Chtourou, M Denguezli, C Aouichaoui, ...
A67: Chronobiology international 30 (4), 502-509, 2013

Sheet N.Kechaou
B1: Toutes | C1: Depuis 2014
A2: Citations | B2: 2323 | C2: 1463
A3: indice h | B3: 28 | C3: 23
A4: indice i10 | B4: 50 | C4: 38
A7: Titre | B7: Citée par | C7: Année
A8: Influence of air drying temperature on kinetics, physicochemical properties, total phenolic content and ascorbic acid of pears | B8: 144 | C8: 2012
A9: ND Mrad, N Boudhrioua, N Kechaou, F Courtois, C Bonazzi
A10: Food and bioproducts processing 90 (3), 433-441, 2012
A11: Studies on salting and drying of sardine (Sardinella aurita): Experimental kinetics and modeling | B11: 137 | C11: 2007
A12: S Bellagha, A Sahli, A Farhat, N Kechaou, A Glenza
A13: Journal of Food Engineering 78 (3), 947-952, 2007
A14: EXPERIMENTAL STUDY OF SORPTION ISOTHERMS AND DRYING KINETICS OF MOROCCAN EUCALYPTUS GLOBULUS | B14: 120 | C14: 2002
A15: M Kouhila, N Kechaou, M Otmani, M Fliyou, S Lahsasni
A16: Drying Technology 20 (10), 2027-2039, 2002
A17: Comparison on the total phenol contents and the color of fresh and infrared dried olive leaves | B17: 106 | C17: 2009
A18: N Boudhrioua, N Bahloul, IB Slimen, N Kechaou
A19: Industrial crops and products 29 (2-3), 412-419, 2009
A20: Drying kinetics and characteristic drying curve of lightly salted sardine (Sardinella aurita) | B20: 104 | C20: 2002
A21: S Bellagha, E Amami, A Farhat, N Kechaou
A22: Drying Technology 20 (7), 1527-1538, 2002
A23: Single layer solar drying behaviour of Citrus aurantium leaves under forced convection | B23: 87 | C23: 2005
A24: LA Mohamed, M Kouhila, A Jamali, S Lahsasni, N Kechaou, M Mahrouz
A25: Energy Conversion and Management 46 (9-10), 1473-1483, 2005
A26: Moisture desorption–adsorption isotherms and isosteric heats of sorption of Tunisian olive leaves (Olea europaea L.) | B26: 86 | C26: 2008
A27: N Bahloul, N Boudhrioua, N Kechaou
A28: Industrial crops and products 28 (2), 162-176, 2008
A29: Moisture sorption isotherms–Experimental and mathematical investigations of orange (Citrus sinensis) peel and leaves | B29: 78 | C29: 2012
A30: AK Bejar, NB Mihoubi, N Kechaou
A31: Food Chemistry 132 (4), 1728-1735, 2012
A32: Microwave dehydration of three citrus peel cultivars: Effect on water and oil retention capacities, color, shrinkage and total phenols content | B32: 72 | C32: 2012
A33: N Ghanem, D Mihoubi, N Kechaou, NB Mihoubi
A34: Industrial Crops and Products 40, 167-177, 2012
A35: Modelling of mass transfer during osmotic dehydration of apple tissue pre-treated by pulsed electric field | B35: 71 | C35: 2006
A36: E Amami, E Vorobiev, N Kechaou
A37: LWT-Food Science and Technology 39 (9), 1014-1021, 2006
A38: A supercritical tuneable process for the selective extraction of fats and essential oil from coriander seeds | B38: 62 | C38: 2011
A39: H Mhemdi, E Rodier, N Kechaou, J Fages
A40: Journal of Food Engineering 105 (4), 609-616, 2011
A41: Study of moisture and salt transfers during salting of sardine fillets | B41: 62 | C41: 2009
A42: N Boudhrioua, N Djendoubi, S Bellagha, N Kechaou
A43: Journal of food engineering 94 (1), 83-89, 2009
A44: Effect of pulsed electric field and osmotic dehydration pretreatment on the convective drying of carrot tissue | B44: 61 | C44: 2008
A45: E Amami, L Khezami, E Vorobiev, N Kechaou
A46: Drying technology 26 (2), 231-238, 2008
A47: Experimental study and modelling of adsorption and desorption isotherms of prickly pear peel (Opuntia ficus indica) | B47: 59 | C47: 2002
A48: S Lahsasni, M Kouhila, M Mahrouz, N Kechaou
A49: Journal of Food Engineering 55 (3), 201-207, 2002
A50: Influence of sugar composition on water sorption isotherms and on glass transition in apricots | B50: 58 | C50: 2012
A51: ND Mrad, C Bonazzi, N Boudhrioua, N Kechaou, F Courtois
A52: Journal of Food Engineering 111 (2), 403-411, 2012
A53: Effect of convective solar drying on colour, total phenols and radical scavenging activity of olive leaves (Olea europaea L.) | B53: 53 | C53: 2009
A54: N Bahloul, N Boudhrioua, M Kouhila, N Kechaou
A55: International journal of food science & technology 44 (12), 2561-2567, 2009
A56: Thin layer modelling of Gelidium sesquipedale solar drying process | B56: 52 | C56: 2008
A57: LA Mohamed, CSE Kane, M Kouhila, A Jamali, M Mahrouz, N Kechaou
A58: Energy Conversion and Management 49 (5), 940-946, 2008
A59: Centrifugal osmotic dehydration and rehydration of carrot tissue pre-treated by pulsed electric field | B59: 52 | C59: 2007
A60: E Amami, A Fersi, L Khezami, E Vorobiev, N Kechaou
A61: LWT-Food Science and Technology 40 (7), 1156-1166, 2007
A62: Osmotic dehydration of carrot tissue enhanced by pulsed electric field, salt and centrifugal force | B62: 50 | C62: 2007
A63: E Amami, A Fersi, E Vorobiev, N Kechaou
A64: Journal of Food Engineering 83 (4), 605-613, 2007
A65: Effect of pulsed electric field on the osmotic dehydration and mass transfer kinetics of apple tissue | B65: 46 | C65: 2005
A66: E Amami, E Vorobiev, N Kechaou
A67: Drying Technology 23 (3), 581-595, 2005

Sheet B.Rezig
B1: Toutes | C1: Depuis 2014
A2: Citations | B2: 2435 | C2: 1041
A3: indice h | B3: 25 | C3: 15
A4: indice i10 | B4: 45 | C4: 27
A7: Titre | B7: Citée par | C7: Année
A8: Fabrication and characterization of Cu2ZnSnS4 thin films deposited by spray pyrolysis technique | B8: 446 | C8: 2007
A9: N Kamoun, H Bouzouita, B Rezig
A10: Thin Solid Films 515 (15), 5949-5952, 2007
A11: Metrological characteristics of ZnO oxygen sensor at room temperature | B11: 142 | C11: 2004
A12: F Chaabouni, M Abaab, B Rezig
A13: Sensors and Actuators B: chemical 100 (1-2), 200-204, 2004
A14: Structural and electrical properties of ZnO films prepared by screen printing technique | B14: 139 | C14: 2001
A15: B Ismail, M Abaab, B Rezig
A16: Thin Solid Films 383 (1-2), 92-94, 2001
A17: Theoretical possibilities of InxGa1− xN tandem PV structures | B17: 123 | C17: 2005
A18: H Hamzaoui, AS Bouazzi, B Rezig
A19: Solar Energy Materials and Solar Cells 87 (1-4), 595-603, 2005
A20: Coatings for enhanced photothermal energy collection II. Non-selective and energy control films | B20: 99* | C20: 1979
A21: CM Lampert
A22: Solar Energy Materials 2 (1), 1-17, 1979
A23: Growth and vacuum post-annealing effect on the properties of the new absorber CuSbS2 thin films | B23: 92 | C23: 2008
A24: A Rabhi, M Kanzari, B Rezig
A25: Materials Letters 62 (20), 3576-3578, 2008
A26: Effect of the substrate temperature on the properties of ZnO films grown by RF magnetron sputtering | B26: 82 | C26: 2004
A27: F Chaabouni, M Abaab, B Rezig
A28: Materials Science and Engineering: B 109 (1-3), 236-240, 2004
A29: Optical and structural properties of CuSbS2 thin films grown by thermal evaporation method | B29: 76 | C29: 2009
A30: A Rabhi, M Kanzari, B Rezig
A31: Thin Solid Films 517 (7), 2477-2480, 2009
A32: Characterization of n-ZnO/p-Si films grown by magnetron sputtering | B32: 66 | C32: 2006
A33: F Chaabouni, M Abaab, B Rezig
A34: Superlattices and Microstructures 39 (1-4), 171-178, 2006
A35: Fabrication and characterization of In2S3 thin films deposited by thermal evaporation technique | B35: 65 | C35: 2005
A36: A Timoumi, H Bouzouita, M Kanzari, B Rezig
A37: Thin solid films 480, 124-128, 2005
A38: Fabrication and characterization of CuAlO2 transparent thin films prepared by spray technique | B38: 58 | C38: 2005
A39: C Bouzidi, H Bouzouita, A Timoumi, B Rezig
A40: Materials Science and Engineering: B 118 (1-3), 259-263, 2005
A41: Preparation and characterization of tin sulphide thin films by a spray pyrolysis technique | B41: 55 | C41: 2005
A42: HBH Salah, H Bouzouita, B Rezig
A43: Thin Solid Films 480, 439-442, 2005
A44: Iron pyrite FeS2 for flexible solar cells | B44: 54 | C44: 1992
A45: B Rezig, H Dahman, M Kenzari
A46: Renewable Energy 2 (2), 125-128, 1992
A47: Optical properties of the quasi-periodic one-dimensional genarilized multilayer Fibonacci structures | B47: 53 | C47: 2006
A48: M Aissaoui, J Zaghdoudi, M Kanzari, B Rezig
A49: Progress In Electromagnetics Research 59, 69-83, 2006
A50: Iron pyrite films prepared by sulfur vapor transport | B50: 50 | C50: 1996
A51: H Dahman, M Khalifa, M Brunel, B Rezig
A52: Thin Solid Films 280 (1-2), 56-60, 1996
A53: Optical constants of Na-doped CuInS2 thin films | B53: 48 | C53: 2006
A54: M Zribi, M Kanzari, B Rezig
A55: Materials Letters 60 (1), 98-103, 2006
A56: Effect of deposition temperature on the optical and structural properties of as-deposited CuInS2 films | B56: 48 | C56: 2000
A57: M Kanzari, B Rezig
A58: Semiconductor science and technology 15 (4), 335, 2000
A59: A broad omnidirectional reflection band obtained from deformed Fibonacci quasi-periodic one dimensional photonic crystals | B59: 40 | C59: 2005
A60: KB Abdelaziz, J Zaghdoudi, M Kanzari, B Rezig
A61: Journal of Optics A: Pure and Applied Optics 7 (10), 544, 2005
A62: Structural and optical properties of sulfur-annealed CuInS2 thin films | B62: 40 | C62: 1999
A63: M Abaab, M Kanzari, B Rezig, M Brunel
A64: Solar Energy Materials and Solar Cells 59 (4), 299-307, 1999
A65: Structural, morphological and optical properties of thermal annealed TiO thin films | B65: 36 | C65: 2008
A66: M Zribi, M Kanzari, B Rezig
A67: Thin Solid Films 516 (7), 1476-1479, 2008

Sheet E.Dhahri
B1: Toutes | C1: Depuis 2014
A2: Citations | B2: 3371 | C2: 2644
A3: indice h | B3: 32 | C3: 27
A4: indice i10 | B4: 109 | C4: 91
A7: Titre | B7: Citée par | C7: Année
A8: Effects of the Oxygen Nonstoichiometry on the Physical Properties of La0. 7Sr0. 3MnO3− δ□ δ Manganites (0≤ δ≤ 0.15) | B8: 93 | C8: 2000
A9: N Abdelmoula, K Guidara, A Cheikh–Rouhou, E Dhahri, JC Joubert
A10: Journal of Solid State Chemistry 151 (1), 139-144, 2000
A11: Structural, magnetic and magnetocaloric properties of the lanthanum deficient in La0. 8Ca0. 2− x□ xMnO3 (x= 0–0.20) manganites oxides | B11: 72 | C11: 2011
A12: M Khlifi, M Bejar, OEL Sadek, E Dhahri, MA Ahmed, EK Hlil
A13: Journal of Alloys and Compounds 509 (27), 7410-7415, 2011
A14: The infrared absorption and dielectric properties of Li–Ga ferrite | B14: 70 | C14: 2009
A15: SA Mazen, SF Mansour, E Dhahri, HM Zaki, TA Elmosalami
A16: Journal of Alloys and Compounds 470 (1-2), 294-300, 2009
A17: Magnetocaloric effect at room temperature in powder of La0. 5 (CaSr) 0.5 MnO3 | B17: 59 | C17: 2006
A18: M Bejar, R Dhahri, F El Halouani, E Dhahri
A19: Journal of alloys and compounds 414 (1-2), 31-35, 2006
A20: Magnetic, magnetocaloric, magnetotransport and magnetoresistance properties of calcium deficient manganites La0. 8Ca0. 2− x□ xMnO3 post-annealed at 800° C | B20: 53 | C20: 2014
A21: M Khlifi, E Dhahri, EK Hlil
A22: Journal of Alloys and Compounds 587, 771-777, 2014
A23: Critical behavior in Sr-doped manganites La0. 6Ca0. 4− xSrxMnO3 | B23: 53 | C23: 2013
A24: M Nasri, M Triki, E Dhahri, EK Hlil
A25: Journal of Alloys and Compounds 546, 84-91, 2013
A26: Influence of A-site cation size-disorder on structural, magnetic and magnetocaloric properties of La0. 7Ca0. 3− xKxMnO3 compounds | B26: 53 | C26: 2007
A27: M Bejar, E Dhahri, EK Hlil, S Heniti
A28: Journal of alloys and compounds 440 (1-2), 36-42, 2007
A29: Effect of the A Cation Size on the Structural, Magnetic, and Electrical Properties of Perovskites (La1− xNdx) 0.7 Sr0. 3r003nMnO3 | B29: 53 | C29: 2002
A30: K Cherif, J Dhahri, E Dhahri, M Oumezzine, H Vincent
A31: Journal of Solid State Chemistry 163 (2), 466-471, 2002
A32: Magnetic and magnetoresistance properties in rhombohedral perovskite-type compounds | B32: 53 | C32: 1998
A33: C Boudaya, L Laroussi, E Dhahri, JC Joubert, A Cheikh-Rouhou
A34: Journal of Physics: Condensed Matter 10 (33), 7485, 1998
A35: Conduction mechanism, impedance spectroscopic investigation and dielectric behavior of La 0.5 Ca 0.5− x Ag x MnO 3 manganites with compositions below the concentration limit of … | B35: 52 | C35: 2015
A36: H Rahmouni, M Smari, B Cherif, E Dhahri, K Khirouni
A37: Dalton Transactions 44 (22), 10457-10466, 2015
A38: Effects of vacancy and Na doping on the structural, magnetic and transport properties of La0. 8Pb0. 1 (□/Na) 0.1 MnO3 | B38: 51 | C38: 2010
A39: A Tozri, E Dhahri, EK Hlil
A40: Journal of Magnetism and Magnetic Materials 322 (17), 2516-2524, 2010
A41: Effect of Ni-doping on structural, magnetic and magnetocaloric properties of La0. 6Pr0. 1Ba0. 3Mn1− xNixO3 nanocrystalline manganites synthesized by Pechini sol–gel method | B41: 48 | C41: 2014
A42: E Oumezzine, S Hcini, EK Hlil, E Dhahri, M Oumezzine
A43: Journal of Alloys and Compounds 615, 553-560, 2014
A44: Effect of calcium deficiency on the critical behavior near the paramagnetic to ferromagnetic phase transition temperature in La0. 8Ca0. 2MnO3 oxides | B44: 47 | C44: 2012
A45: M Khlifi, A Tozri, M Bejar, E Dhahri, EK Hlil
A46: Journal of Magnetism and Magnetic Materials 324 (13), 2142-2146, 2012
A47: Magnetic transition and magnetic entropy changes of La0. 8Pb0. 1MnO3 and La0. 8Pb0. 1Na0. 1MnO3 | B47: 46 | C47: 2010
A48: A Tozri, E Dhahri, EK Hlil
A49: Materials Letters 64 (19), 2138-2141, 2010
A50: Monovalent effects on structural, magnetic and magnetoresistance properties in doped manganite oxides | B50: 45 | C50: 2004
A51: N Abdelmoula, E Dhahri, N Fourati, L Reversat
A52: Journal of alloys and compounds 365 (1-2), 25-30, 2004
A53: Effect of Sn-doping on the structural, magnetic and magnetocaloric properties of La0. 67Ba0. 33Mn1− xSnxO3 compounds | B53: 44 | C53: 2008
A54: J Dhahri, A Dhahri, M Oumezzine, E Dhahri
A55: Journal of Magnetism and Magnetic Materials 320 (21), 2613-2617, 2008
A56: Critical behavior near the paramagnetic to ferromagnetic phase transition temperature in La0. 7Pb0. 05Na0. 25MnO3 | B56: 43 | C56: 2011
A57: A Tozri, E Dhahri, EK Hlil, MA Valente
A58: Solid State Communications 151 (4), 315-320, 2011
A59: Structural, magnetic and magnetocaloric properties of La0. 7Ca0. 2Sr0. 1Mn1− xCrxO3 compounds with x= 0, 0.05 and 0.1 | B59: 42 | C59: 2015
A60: A Dhahri, M Jemmali, K Taibi, E Dhahri, EK Hlil
A61: Journal of Alloys and Compounds 618, 488-496, 2015
A62: Influence of Ca-deficiency on the magneto-transport properties in La0.8Ca0.2MnO3 perovskite and estimation of magnetic entropy change | B62: 42 | C62: 2012
A63: M Khlifi, M Bejar, E Dhahri, P Lachkar, EK Hlil
A64: Journal of applied physics 111 (10), 103909, 2012
A65: Large magnetic entropy change at room temperature in La0. 7Ca0. 3− xKxMnO3 | B65: 41 | C65: 2007
A66: M Bejar, R Dhahri, E Dhahri, M Balli, EK Hlil
A67: Journal of alloys and compounds 442 (1-2), 136-138, 2007

Sheet C.Souga
B1: Toutes | C1: Depuis 2014
A2: Citations | B2: 4488 | C2: 1662
A3: indice h | B3: 30 | C3: 20
A4: indice i10 | B4: 53 | C4: 27
A7: Titre | B7: Citée par | C7: Année
A8: Precision electroweak measurements on the Z resonance | B8: 1156* | C8: 2006
A9: TSLD Electroweak, HF Groups, ALEPH Collaboration, ...
A10: Physics Reports 427 (5-6), 257-454, 2006
A11: Search for neutral MSSM Higgs bosons at LEP | B11: 678 | C11: 2006
A12: S Schael, R Barate, R Brunelière, I De Bonis, D Decamp, C Goy, ...
A13: The European Physical Journal C-Particles and Fields 47 (3), 547, 2006
A14: Measurement of the atmospheric muon spectrum from 20 to 3000 GeV | B14: 206 | C14: 2004
A15: P Achard, O Adriani, M Aguilar-Benitez, M Van Den Akker, J Alcaraz, ...
A16: Physics Letters B 598 (1-2), 15-32, 2004
A17: Single-and multi-photon events with missing energy in e+ e− collisions at LEP | B17: 158 | C17: 2004
A18: P Achard, O Adriani, M Aguilar-Benitez, J Alcaraz, G Alemanni, J Allaby, ...
A19: Physics Letters B 587 (1-2), 16-32, 2004
A20: Studies of hadronic event structure in e+ e-annihilation from 30 to 209 GeV with the L3 detector | B20: 157 | C20: 2004
A21: P Achard, O Adriani, M Aguilar-Benitez, J Alcaraz, G Alemanni, J Allaby, ...
A22: Physics Reports 399 (2-3), 71-174, 2004
A23: Search for single top production at LEP | B23: 153 | C23: 2002
A24: P Achard, O Adriani, M Aguilar-Benitez, J Alcaraz, G Alemanni, J Allaby, ...
A25: Physics Letters B 549 (3-4), 290-300, 2002
A26: Search for scalar leptons and scalar quarks at LEP | B26: 143 | C26: 2004
A27: P Achard, O Adriani, M Aguilar-Benitez, J Alcaraz, G Alemanni, J Allaby, ...
A28: Physics Letters B 580 (1-2), 37-49, 2004
A29: Measurement of triple-gauge-boson couplings of the W boson at LEP | B29: 118 | C29: 2004
A30: P Achard, O Adriani, M Aguilar-Benitez, J Alcaraz, G Alemanni, J Allaby, ...
A31: Physics Letters B 586 (3-4), 151-166, 2004
A32: Search for charged Higgs bosons at LEP | B32: 109 | C32: 2003
A33: P Achard, O Adriani, M Aguilar-Benitez, J Alcaraz, G Alemanni, J Allaby, ...
A34: Physics Letters B 575 (3-4), 208-220, 2003
A35: Search for doubly-charged Higgs bosons at LEP | B35: 106 | C35: 2003
A36: P Achard, O Adriani, M Aguilar-Benitez, J Alcaraz, G Alemanni, J Allaby, ...
A37: Physics Letters B 576 (1-2), 18-28, 2003
A38: Study of the e+ e−→ Zγ process at LEP and limits on triple neutral-gauge-boson couplings | B38: 87 | C38: 2004
A39: P Achard, O Adriani, M Aguilar-Benitez, J Alcaraz, G Alemanni, J Allaby, ...
A40: Physics Letters B 597 (2), 119-130, 2004
A41: Search for excited leptons at LEP | B41: 74 | C41: 2003
A42: P Achard, O Adriani, M Aguilar-Benitez, J Alcaraz, G Alemanni, J Allaby, ...
A43: Physics Letters B 568 (1-2), 23-34, 2003
A44: Search for excited leptons at LEP | B44: 74 | C44: 2003
A45: P Achard, O Adriani, M Aguilar-Benitez, J Alcaraz, G Alemanni, J Allaby, ...
A46: Physics Letters B 568 (1-2), 23-34, 2003
A47: Measurement of the mass and the width of the W boson at LEP | B47: 72 | C47: 2005
A48: P Achard, JA van Dalen, F Pauss, P Extermann, N Colino, A Böhm, ...
A49: Eur. Phys. J. C 45 (hep-ex/0511049), 569-587, 2005
A50: Search for branons at LEP | B50: 62 | C50: 2004
A51: P Achard, O Adriani, M Aguilar-Benitez, J Alcaraz, G Alemanni, J Allaby, ...
A52: Physics Letters B 597 (2), 145-154, 2004
A53: Measurement of the cross section of W-boson pair production at LEP | B53: 56 | C53: 2004
A54: P Achard, O Adriani, M Aguilar-Benitez, J Alcaraz, G Alemanni, J Allaby, ...
A55: Physics Letters B 600 (1-2), 22-40, 2004
A56: The e+ e−→ Zγγ→ qq¯ γγ reaction at LEP and constraints on anomalous quartic gauge boson couplings | B56: 56 | C56: 2002
A57: P Achard, O Adriani, M Aguilar-Benitez, J Alcaraz, G Alemanni, J Allaby, ...
A58: Physics Letters B 540 (1-2), 43-51, 2002
A59: Measurement of the shadowing of high-energy cosmic rays by the Moon: A search for TeV-energy antiprotons | B59: 52 | C59: 2005
A60: P Achard, O Adriani, M Aguilar-Benitez, M Van Den Akker, J Alcaraz, ...
A61: Astroparticle Physics 23 (4), 411-434, 2005
A62: Measurement of triple-gauge-boson couplings of the W boson at LEP | B62: 52 | C62: 1999
A63: M Acciarri, P Achard, O Adriani, M Aguilar-Benitez, J Alcaraz, G Alemanni, ...
A64: Physics Letters B 467 (1-2), 171-184, 1999
A65: Search for colour reconnection effects in e+ e−→ W+ W−→ hadrons through particle-flow studies at LEP | B65: 47 | C65: 2003
A66: P Achard, O Adriani, M Aguilar-Benitez, J Alcaraz, G Alemanni, J Allaby, ...
A67: Physics Letters B 561 (3-4), 202-212, 2003

Sheet A.Bougatef
B1: Toutes | C1: Depuis 2014
A2: Citations | B2: 4017 | C2: 3032
A3: indice h | B3: 35 | C3: 31
A4: indice i10 | B4: 75 | C4: 72
A7: Titre | B7: Citée par | C7: Année
A8: Purification and identification of novel antioxidant peptides from enzymatic hydrolysates of sardinelle (Sardinellaaurita) by-products proteins | B8: 375 | C8: 2010
A9: A Bougatef, N Nedjar-Arroume, L Manni, R Ravallec, A Barkia, ...
A10: Food chemistry 118 (3), 559-565, 2010
A11: Antioxidant and free radical-scavenging activities of smooth hound (Mustelus mustelus) muscle protein hydrolysates obtained by gastrointestinal proteases | B11: 306 | C11: 2009
A12: A Bougatef, M Hajji, R Balti, I Lassoued, Y Triki-Ellouz, M Nasri
A13: Food chemistry 114 (4), 1198-1205, 2009
A14: Two detergent stable alkaline serine-proteases from Bacillus mojavensis A21: purification, characterization and potential application as a laundry detergent additive | B14: 229 | C14: 2009
A15: A Haddar, R Agrebi, A Bougatef, N Hmidet, A Sellami-Kamoun, M Nasri
A16: Bioresource Technology 100 (13), 3366-3373, 2009
A17: Angiotensin I-converting enzyme (ACE) inhibitory activities of sardinelle (Sardinella aurita) by-products protein hydrolysates obtained by treatment with microbial and visceral … | B17: 207 | C17: 2008
A18: A Bougatef, N Nedjar-Arroume, R Ravallec-Plé, Y Leroy, D Guillochon, ...
A19: Food chemistry 111 (2), 350-356, 2008
A20: Antioxidant peptides from marine by-products: Isolation, identification and application in food systems. A review | B20: 134 | C20: 2016
A21: A Sila, A Bougatef
A22: Journal of functional foods 21, 10-26, 2016
A23: Biochemical and functional properties of sardinella (Sardinella aurita) by-product hydrolysates | B23: 134 | C23: 2007
A24: N Souissi, A Bougatef, Y Triki-Ellouz, M Nasri
A25: Food technology and biotechnology 45 (2), 187-194, 2007
A26: A novel surfactant-stable alkaline serine-protease from a newly isolated Bacillus mojavensis A21. Purification and characterization | B26: 113 | C26: 2009
A27: A Haddar, A Bougatef, R Agrebi, A Sellami-Kamoun, M Nasri
A28: Process Biochemistry 44 (1), 29-35, 2009
A29: Three novel angiotensin I-converting enzyme (ACE) inhibitory peptides from cuttlefish (Sepia officinalis) using digestive proteases | B29: 104 | C29: 2010
A30: R Balti, N Nedjar-Arroume, A Bougatef, D Guillochon, M Nasri
A31: Food Research International 43 (4), 1136-1143, 2010
A32: Nine novel angiotensin I-converting enzyme (ACE) inhibitory peptides from cuttlefish (Sepia officinalis) muscle protein hydrolysates and antihypertensive effect of the potent … | B32: 94 | C32: 2015
A33: R Balti, A Bougatef, A Sila, D Guillochon, P Dhulster, N Nedjar-Arroume
A34: Food chemistry 170, 519-525, 2015
A35: Purification and characterization of trypsin from the viscera of sardine (Sardina pilchardus) | B35: 86 | C35: 2007
A36: A Bougatef, N Souissi, N Fakhfakh, Y Ellouz-Triki, M Nasri
A37: Food Chemistry 102 (1), 343-350, 2007
A38: Molecular and biochemical characterization of an extracellular serine-protease from Vibrio metschnikovii J1 | B38: 82 | C38: 2009
A39: K Jellouli, A Bougatef, L Manni, R Agrebi, R Siala, I Younes, M Nasri
A40: Journal of industrial microbiology & biotechnology 36 (7), 939-948, 2009
A41: Chemical composition and characteristics of skin gelatin from grey triggerfish (Balistes capriscus) | B41: 80 | C41: 2011
A42: K Jellouli, R Balti, A Bougatef, N Hmidet, A Barkia, M Nasri
A43: LWT-Food Science and Technology 44 (9), 1965-1970, 2011
A44: ACE inhibitory and antioxidative activities of Goby (Zosterissessor ophiocephalus) fish protein hydrolysates: effect on meat lipid oxidation | B44: 77 | C44: 2013
A45: R Nasri, I Younes, M Jridi, M Trigui, A Bougatef, N Nedjar-Arroume, ...
A46: Food Research International 54 (1), 552-561, 2013
A47: New alkaline trypsin from the intestine of grey triggerfish (Balistes capriscus) with high activity at low temperature: purification and characterisation | B47: 70 | C47: 2009
A48: K Jellouli, A Bougatef, D Daassi, R Balti, A Barkia, M Nasri
A49: Food Chemistry 116 (3), 644-650, 2009
A50: Chemical composition and biological activities of a new essential oil chemotype of Tunisian Artemisia herba alba Asso. | B50: 60 | C50: 2010
A51: S Zouari, N Zouari, N Fakhfakh, A Bougatef, MA Ayadi, M Neffati
A52: Journal of Medicinal Plants Research 4 (10), 871-880, 2010
A53: Alkaline pectinases: a review | B53: 59* | C53: 2015
A54: P Kohli, R Gupta
A55: Biocatalysis and Agricultural Biotechnology 4 (3), 279-285, 2015
A56: A heat-stable trypsin from the hepatopancreas of the cuttlefish (Sepia officinalis): Purification and characterisation | B56: 57 | C56: 2009
A57: R Balti, A Barkia, A Bougatef, N Ktari, M Nasri
A58: Food chemistry 113 (1), 146-154, 2009
A59: Structural, functional, and ACE inhibitory properties of water-soluble polysaccharides from chickpea flours | B59: 56 | C59: 2015
A60: AM Ghribi, A Sila, IM Gafsi, C Blecker, S Danthine, H Attia, A Bougatef, ...
A61: International journal of biological macromolecules 75, 276-282, 2015
A62: Chemical composition, angiotensin I-converting enzyme inhibitory, antioxidant and antimicrobial activities of essential oil of Tunisian Thymus algeriensis Boiss. et Reut … | B62: 56 | C62: 2011
A63: N Zouari, N Fakhfakh, S Zouari, A Bougatef, A Karray, M Neffati, MA Ayadi
A64: Food and Bioproducts Processing 89 (4), 257-265, 2011
A65: Influence of degree of hydrolysis on functional properties and angiotensin I‐converting enzyme‐inhibitory activity of protein hydrolysates from cuttlefish (Sepia officinalis … | B65: 55 | C65: 2010
A66: R Balti, A Bougatef, NEH Ali, D Zekri, A Barkia, M Nasri
A67: Journal of the Science of Food and Agriculture 90 (12), 2006-2014, 2010

Sheet A.Saad
B1: Toutes | C1: Depuis 2014
A2: Citations | B2: 3240 | C2: 2106
A3: indice h | B3: 31 | C3: 24
A4: indice i10 | B4: 85 | C4: 67
A7: Titre | B7: Citée par | C7: Année
A8: Mutations in TMEM216 perturb ciliogenesis and cause Joubert, Meckel and related syndromes | B8: 227 | C8: 2010
A9: EM Valente, CV Logan, S Mougou-Zerelli, JH Lee, JL Silhavy, F Brancati, ...
A10: Nature genetics 42 (7), 619, 2010
A11: Single autologous stem-cell transplantation followed by maintenance therapy with thalidomide is superior to double autologous transplantation in multiple myeloma: results of a … | B11: 137 | C11: 2008
A12: A Abdelkefi, S Ladeb, L Torjman, TB Othman, A Lakhal, NB Romdhane, ...
A13: Blood 111 (4), 1805-1810, 2008
A14: Germline NLRP1 mutations cause skin inflammatory and cancer susceptibility syndromes via inflammasome activation | B14: 92 | C14: 2016
A15: FL Zhong, O Mamaï, L Sborgi, L Boussofara, R Hopkins, K Robinson, ...
A16: Cell 167 (1), 187-202. e17, 2016
A17: Semen parameters and sperm DNA fragmentation as causes of recurrent pregnancy loss | B17: 86 | C17: 2011
A18: S Brahem, M Mehdi, H Landolsi, S Mougou, H Elghezal, A Saad
A19: Urology 78 (4), 792-796, 2011
A20: The effects of male aging on semen quality, sperm DNA fragmentation and chromosomal abnormalities in an infertile population | B20: 78 | C20: 2011
A21: S Brahem, M Mehdi, H Elghezal, A Saad
A22: Journal of assisted reproduction and genetics 28 (5), 425-432, 2011
A23: Relationship between sperm aneuploidy, sperm DNA integrity, chromatin packaging, traditional semen parameters, and recurrent pregnancy loss | B23: 77 | C23: 2016
A24: I Zidi-Jrah, A Hajlaoui, S Mougou-Zerelli, M Kammoun, I Meniaoui, ...
A25: Fertility and sterility 105 (1), 58-64, 2016
A26: Impact of seminal trace element and glutathione levels on semen quality of Tunisian infertile men | B26: 75 | C26: 2012
A27: F Atig, M Raffa, BA Habib, A Kerkeni, A Saad, M Ajina
A28: BMC urology 12 (1), 6, 2012
A29: CC2D2A mutations in Meckel and Joubert syndromes indicate a genotype–phenotype correlation | B29: 70 | C29: 2009
A30: S Mougou‐Zerelli, S Thomas, E Szenker, S Audollent, N Elkhartoufi, ...
A31: Human mutation 30 (11), 1574-1582, 2009
A32: Prevalence of chromosomal abnormalities in couples with recurrent miscarriage | B32: 65 | C32: 2007
A33: H Elghezal, S Hidar, S Mougou, H Khairi, A Saâd
A34: Fertility and sterility 88 (3), 721-723, 2007
A35: Altered antioxidant status and increased lipid per-oxidation in seminal plasma of tunisian infertile men | B35: 64 | C35: 2012
A36: F Atig, M Raffa, HB Ali, K Abdelhamid, A Saad, M Ajina
A37: International journal of biological sciences 8 (1), 139, 2012
A38: Functional evidence implicating FOXL2 in non-syndromic premature ovarian failure and in the regulation of the transcription factor OSR2 | B38: 64 | C38: 2009
A39: P Laissue, B Lakhal, BA Benayoun, A Dipietromaria, R Braham, ...
A40: Journal of medical genetics 46 (7), 455-457, 2009
A41: Haploinsufficiency for AAGAB causes clinically heterogeneous forms of punctate palmoplantar keratoderma | B41: 57 | C41: 2012
A42: E Pohler, O Mamai, J Hirst, M Zamiri, H Horn, T Nomura, AD Irvine, ...
A43: Nature genetics 44 (11), 1272, 2012
A44: Chromosome abnormalities in one thousand infertile males with nonobstructive sperm disorders | B44: 56 | C44: 2006
A45: H Elghezal, S Hidar, R Braham, W Denguezli, M Ajina, A Saâd
A46: Fertility and sterility 86 (6), 1792-1795, 2006
A47: Detection of DNA fragmentation in human spermatozoa: correlation with semen parameters | B47: 50 | C47: 2009
A48: M Mehdi, L Khantouche, M Ajina, A Saad
A49: Andrologia 41 (6), 383-386, 2009
A50: Fertility estimates in the Tunisian all-acrocentric and Robertsonian populations of the house mouse and their chromosomal hybrids | B50: 50 | C50: 1993
A51: K Said, A Saad, JC Auffray, J Britton-Davidian
A52: Heredity 71 (5), 532, 1993
A53: Cytogenetic analyses of premature ovarian failure using karyotyping and interphase fluorescence in situ hybridization (FISH) in a group of 1000 patients | B53: 48 | C53: 2010
A54: B Lakhal, R Braham, R Berguigua, N Bouali, M Zaouali, M Chaieb, ...
A55: Clinical genetics 78 (2), 181-185, 2010
A56: Histamine H3 receptor as a potential target for cognitive symptoms in neuropsychiatric diseases | B56: 45 | C56: 2016
A57: B Sadek, A Saad, A Sadeq, F Jalal, H Stark
A58: Behavioural brain research 312, 415-430, 2016
A59: First-line thalidomide–dexamethasone therapy in preparation for autologous stem cell transplantation in young patients (< 61 years) with symptomatic multiple myeloma | B59: 44 | C59: 2005
A60: A Abdelkefi, L Torjman, NB Romdhane, S Ladeb, H El Omri, TB Othman, ...
A61: Bone marrow transplantation 36 (3), 193, 2005
A62: Whole‐exome sequencing improves the diagnosis yield in sporadic infantile spasm syndrome | B62: 43 | C62: 2016
A63: S Dimassi, A Labalme, D Ville, A Calender, C Mignot, N Boutry‐Kryza, ...
A64: Clinical genetics 89 (2), 198-204, 2016
A65: Assessment of chromosomal aberrations, micronuclei and proliferation rate index in peripheral lymphocytes from Tunisian nurses handling cytotoxic drugs | B65: 43 | C65: 2011
A66: S Bouraoui, A Brahem, F Tabka, N Mrizek, A Saad, H Elghezal
A67: Environmental toxicology and pharmacology 31 (1), 250-257, 2011

Sheet S.Elatrous
B1: Toutes | C1: Depuis 2014
A2: Citations | B2: 3002 | C2: 1427
A3: indice h | B3: 25 | C3: 16
A4: indice i10 | B4: 31 | C4: 24
A7: Titre | B7: Citée par | C7: Année
A8: Effects of fluid resuscitation with colloids vs crystalloids on mortality in critically ill patients presenting with hypovolemic shock: the CRISTAL randomized trial | B8: 521 | C8: 2013
A9: D Annane, S Siami, S Jaber, C Martin, S Elatrous, AD Declère, JC Preiser, ...
A10: Jama 310 (17), 1809-1817, 2013
A11: Once daily oral ofloxacin in chronic obstructive pulmonary disease exacerbation requiring mechanical ventilation: a randomised placebo-controlled trial | B11: 311 | C11: 2001
A12: S Nouira, S Marghli, M Belghith, L Besbes, S Elatrous, F Abroug
A13: The Lancet 358 (9298), 2020-2025, 2001
A14: Reviews of evidence regarding interventions to reduce tobacco use and exposure to environmental tobacco smoke | B14: 270 | C14: 2001
A15: DP Hopkins, PA Briss, CJ Ricard, CG Husten, VG Carande-Kulis, ...
A16: American journal of preventive medicine 20 (2), 16-66, 2001
A17: Serotherapy in scorpion envenomation: a randomised controlled trial | B17: 201 | C17: 1999
A18: F Abroug, S ElAtrous, S Nouria, H Haguiga, N Touzi, S Bouchoucha
A19: The Lancet 354 (9182), 906-909, 1999
A20: Impact of the LMDZ atmospheric grid configuration on the climate and sensitivity of the IPSL-CM5A coupled model | B20: 171 | C20: 2013
A21: F Hourdin, MA Foujols, F Codron, V Guemas, JL Dufresne, S Bony, ...
A22: Climate Dynamics 40 (9-10), 2167-2192, 2013
A23: The effect of prone positioning in acute respiratory distress syndrome or acute lung injury: a meta-analysis. Areas of uncertainty and recommendations for research | B23: 150 | C23: 2008
A24: F Abroug, L Ouanes-Besbes, S Elatrous, L Brochard
A25: Intensive care medicine 34 (6), 1002, 2008
A26: Noninvasive ventilation and weaning in patients with chronic hypercapnic respiratory failure: a randomized multicenter trial | B26: 141 | C26: 2011
A27: C Girault, M Bubenheim, F Abroug, JL Diehl, S Elatrous, P Beuret, ...
A28: American journal of respiratory and critical care medicine 184 (6), 672-679, 2011
A29: Prognostic value of serum cholinesterase in organophosphate poisoning | B29: 121 | C29: 1994
A30: S Nouira, F Abroug, S Elatrous, R Boujdaria, S Bouchoucha
A31: Chest 106 (6), 1811-1814, 1994
A32: Effects of norepinephrine on static and dynamic preload indicators in experimental hemorrhagic shock | B32: 119 | C32: 2005
A33: S Nouira, S Elatrous, S Dimassi, L Besbes, R Boukef, B Mohamed, ...
A34: Critical care medicine 33 (10), 2339-2343, 2005
A35: Predictive value of severity scoring systems: comparison of four models in Tunisian adult intensive care units | B35: 111 | C35: 1998
A36: S Nouira, M Belghith, S Elatrous, M Jaafoura, M Ellouzi, R Boujdaria, ...
A37: Critical care medicine 26 (5), 852-859, 1998
A38: Assessment of left ventricular function in severe scorpion envenomation: combined hemodynamic and echo-Doppler study | B38: 83 | C38: 1995
A39: F Abroug, M Ayari, S Nouira, H Gamra, R Boujdaria, S Elatrous, ...
A40: Intensive care medicine 21 (8), 629-635, 1995
A41: Short-term treatment of severe hypertension of pregnancy: prospective comparison of nicardipine and labetalol | B41: 75 | C41: 2002
A42: S Elatrous, S Nouira, LO Besbes, S Marghli, M Boussarssar, M Sakkouhi, ...
A43: Intensive care medicine 28 (9), 1281-1286, 2002
A44: Dobutamine in severe scorpion envenomation: effects on standard hemodynamics, right ventricular performance, and tissue oxygenation | B44: 73 | C44: 1999
A45: S Elatrous, S Nouira, L Besbes-Ouanes, M Boussarsar, R Boukef, ...
A46: Chest 116 (3), 748-753, 1999
A47: Prednisone in COPD exacerbation requiring ventilatory support: an open-label randomised evaluation | B47: 45 | C47: 2014
A48: F Abroug, L Ouanes-Besbes, M Fkih-Hassen, I Ouanes, S Ayed, ...
A49: European Respiratory Journal 43 (3), 717-724, 2014
A50: Efficacy of serotherapy in scorpion sting: a matched-pair study | B50: 44 | C50: 1999
A51: M Belghith, M Boussarsar, H Haguiga, L Besbes, S Elatrous, N Touzi, ...
A52: Journal of Toxicology: Clinical Toxicology 37 (1), 51-57, 1999
A53: A clinical score predicting the need for hospitalization in scorpion envenomation | B53: 42 | C53: 2007
A54: S Nouira, R Boukef, N Nciri, H Haguiga, S Elatrous, L Besbes, M Letaief, ...
A55: The American journal of emergency medicine 25 (4), 414-419, 2007
A56: High-dose hydrocortisone hemisuccinate in scorpion envenomation | B56: 42 | C56: 1997
A57: F Abroug, S Nouira, H Haguiga, S Elatrous, M Belghith, R Boujdaria, ...
A58: Annals of emergency medicine 30 (1), 23-27, 1997
A59: Incidence and risk factors of ventilator-associated pneumonia: a one-year prospective survey | B59: 41 | C59: 1996
A60: S Elatrous, R Boujdaria, S Merghili, L Ouanes, M Boussarsar, S Nouira, ...
A61: Clinical Intensive Care 7 (6), 276-281, 1996
A62: Diagnosis of ventilator-associated pneumonia: agreement between quantitative cultures of endotracheal aspiration and plugged telescoping catheter | B62: 39 | C62: 2004
A63: S Elatrous, R Boukef, LO Besbes, S Marghli, S Nooman, S Nouira, ...
A64: Intensive care medicine 30 (5), 853-858, 2004
A65: Neurohormonal activation in severe scorpion envenomation: correlation with hemodynamics and circulating toxin | B65: 38 | C65: 2005
A66: S Nouira, S Elatrous, L Besbes, R Boukef, C Devaux, N Aubrey, M Elayeb, ...
A67: Toxicology and applied pharmacology 208 (2), 111-116, 2005

Sheet K.Boubaker
B1: Toutes | C1: Depuis 2014
A2: Citations | B2: 2514 | C2: 1681
A3: indice h | B3: 29 | C3: 23
A4: indice i10 | B4: 67 | C4: 56
A7: Titre | B7: Citée par | C7: Année
A8: A solution to Bloch NMR flow equations for the analysis of hemodynamic functions of blood flow system using m-Boubaker polynomials | B8: 114 | C8: 2009
A9: OB Awojoyogbe, K Boubaker
A10: Current Applied Physics 9 (1), 278-283, 2009
A11: Enhancement of pyrolysis spray disposal performance using thermal time-response to precursor uniform deposition | B11: 93 | C11: 2007
A12: K Boubaker, A Chaouachi, M Amlouk, H Bouzouita
A13: The European Physical Journal-Applied Physics 37 (1), 105-109, 2007
A14: On modified Boubaker polynomials: some differential and analytical properties of the new polynomials issued from an attempt for solving bi-varied heat equation | B14: 91 | C14: 2007
A15: K Boubaker
A16: Trends in Applied Sciences Research 2 (6), 540-544, 2007
A17: Refrigeration efficiency analysis for fully wet semi-spherical porous fins | B17: 70 | C17: 2014
A18: M Hatami, GHRM Ahangar, DD Ganji, K Boubaker
A19: Energy conversion and management 84, 533-540, 2014
A20: Investigation of thermal diffusivity–microhardness correlation extended to surface-nitrured steel using Boubaker polynomials expansion | B20: 66 | C20: 2008
A21: T Ghrib, K Boubaker, M Bouhafs
A22: Modern Physics Letters B 22 (29), 2893-2907, 2008
A23: A Sturm-Liouville shaped characteristic differential equation as a guide to establish a quasi-polynomial expression to the Boubaker polynomials | B23: 66 | C23: 2007
A24: H Labiadh, K Boubaker
A25: Дифференциальные уравнения и процессы управления, 117-133, 2007
A26: Morphological and thermal properties of β-SnS2 sprayed thin films using Boubaker polynomials expansion | B26: 65 | C26: 2009
A27: C Khélia, K Boubaker, TB Nasrallah, M Amlouk, S Belgacem
A28: Journal of Alloys and Compounds 477 (1-2), 461-467, 2009
A29: Study of nickel doping effects on structural, electrical and optical properties of sprayed ZnO semiconductor layers | B29: 57 | C29: 2014
A30: A Mhamdi, B Ouni, A Amlouk, K Boubaker, M Amlouk
A31: Journal of Alloys and Compounds 582, 810-822, 2014
A32: A dynamical model for investigation of A3 point maximal spatial evolution during resistance spot welding using Boubaker polynomials | B32: 57 | C32: 2008
A33: S Slama, J Bessrour, K Boubaker, M Bouhafs
A34: The European Physical Journal-Applied Physics 44 (3), 317-322, 2008
A35: A physical explanation to the controversial Urbach tailing universality | B35: 50 | C35: 2011
A36: K Boubaker
A37: The European Physical Journal Plus 126 (1), 10, 2011
A38: The Boubaker polynomials, a new function class for solving bi-varied second order differential equations | B38: 45 | C38: 2008
A39: K Boubaker
A40: FEJ of Applied Mathematics 31 (3), 273-436, 2008
A41: The Lattice Compatibility Theory (LCT): an attempt to explain Urbach tailing patterns in copper-doped bismuth sillenites (BSO) and germanates (BGO) | B41: 43 | C41: 2013
A42: P Petkova, K Boubaker
A43: Journal of Alloys and Compounds 546, 176-179, 2013
A44: A new procedure to prepare semiconducting ternary compounds from binary buffer materials and vacuum-deposited copper for photovoltaic applications | B44: 42 | C44: 2010
A45: A Amlouk, K Boubaker, M Amlouk
A46: Vacuum 85 (1), 60-64, 2010
A47: SnO2 thin films morphological and optical properties in terms of the Boubaker Polynomials Expansion Scheme BPES-related Opto-Thermal Expansivity ψAB | B47: 41 | C47: 2010
A48: A Amlouk, K Boubaker, M Amlouk
A49: Journal of Alloys and Compounds 490 (1-2), 602-604, 2010
A50: Structural, optical and electrical studies on Mg-doped NiO thin films for sensitivity applications | B50: 40 | C50: 2014
A51: MB Amor, A Boukhachem, K Boubaker, M Amlouk
A52: Materials Science in Semiconductor Processing 27, 994-1006, 2014
A53: Study of ytterbium doping effects on structural, mechanical and opto-thermal properties of sprayed ZnO thin films using the Boubaker Polynomials Expansion Scheme (BPES) | B53: 40 | C53: 2009
A54: A Amlouk, K Boubaker, M Amlouk, M Bouhafs
A55: Journal of Alloys and Compounds 485 (1-2), 887-891, 2009
A56: Investigation of electrical and dielectric properties of antimony oxide (Sb2O4) semiconductor thin films for TCO and optoelectronic applications | B56: 39 | C56: 2013
A57: B Ouni, MH Lakhdar, R Boughalmi, T Larbi, A Boukhachem, A Madani, ...
A58: Journal of Non-Crystalline Solids 367, 1-7, 2013
A59: Heat transfer spray model: An improved theoretical thermal time-response to uniform layers deposit using Bessel and Boubaker polynomials | B59: 39 | C59: 2009
A60: M Dada, OB Awojoyogbe, K Boubaker
A61: Current Applied Physics 9 (3), 622-624, 2009
A62: Effect of Mn content on structural, optical, opto-thermal and electrical properties of ZnO: Mn sprayed thin films compounds | B62: 38 | C62: 2015
A63: R Mimouni, O Kamoun, A Yumak, A Mhamdi, K Boubaker, P Petkova, ...
A64: Journal of Alloys and Compounds 645, 100-111, 2015
A65: New insights for renewable energy hybrid photovoltaic/wind installations in Tunisia through a mathematical model | B65: 38 | C65: 2013
A66: A Colantoni, E Allegrini, K Boubaker, L Longo, S Di Giacinto, P Biondi
A67: Energy conversion and management 75, 398-401, 2013

Sheet T.Mechichi
B1: Toutes | C1: Depuis 2014
A2: Citations | B2: 2578 | C2: 1638
A3: indice h | B3: 28 | C3: 25
A4: indice i10 | B4: 48 | C4: 44
A7: Titre | B7: Citée par | C7: Année
A8: Laccase purification and characterization from Trametes trogii isolated in Tunisia: decolorization of textile dyes by the purified enzyme | B8: 237 | C8: 2006
A9: H Zouari-Mechichi, T Mechichi, A Dhouib, S Sayadi, AT Martínez, ...
A10: Enzyme and Microbial Technology 39 (1), 141-148, 2006
A11: Phylogenetic and metabolic diversity of bacteria degrading aromatic compounds under denitrifying conditions, and description of Thauera phenylacetica sp. nov., Thauera … | B11: 180 | C11: 2002
A12: T Mechichi, E Stackebrandt, N Gad'on, G Fuchs
A13: Archives of microbiology 178 (1), 26-35, 2002
A14: Removal of organic load and phenolic compounds from olive mill wastewater by Fenton oxidation with zero-valent iron | B14: 167 | C14: 2009
A15: M Kallel, C Belaid, T Mechichi, M Ksibi, B Elleuch
A16: Chemical Engineering Journal 150 (2-3), 391-395, 2009
A17: Decolourization and detoxification of textile industry wastewater by the laccase-mediator system | B17: 148 | C17: 2010
A18: R Khlifi, L Belbahri, S Woodward, M Ellouz, A Dhouib, S Sayadi, ...
A19: Journal of Hazardous Materials 175 (1-3), 802-808, 2010
A20: Remazol Brilliant Blue R decolourization by the laccase from Trametes trogii | B20: 108 | C20: 2006
A21: T Mechichi, N Mhiri, S Sayadi
A22: Chemosphere 64 (6), 998-1005, 2006
A23: Biodegradation of textile dyes by immobilized laccase from Coriolopsis gallica into Ca-alginate beads | B23: 106 | C23: 2014
A24: D Daâssi, S Rodríguez-Couto, M Nasri, T Mechichi
A25: International Biodeterioration & Biodegradation 90, 71-78, 2014
A26: Evaluating process imbalance of anaerobic digestion of olive mill wastewaters | B26: 104 | C26: 2005
A27: T Mechichi, S Sayadi
A28: Process Biochemistry 40 (1), 139-145, 2005
A29: Alicycliphilus denitrificans gen. nov., sp. nov., a cyclohexanol-degrading, nitrate-reducing β-proteobacterium | B29: 83 | C29: 2003
A30: T Mechichi, E Stackebrandt, G Fuchs
A31: International Journal of Systematic and Evolutionary Microbiology 53 (1 …, 2003
A32: Purification and characterization of a novel laccase from the ascomycete Trichoderma atroviride: application on bioremediation of phenolic compounds | B32: 80 | C32: 2010
A33: H Chakroun, T Mechichi, MJ Martinez, A Dhouib, S Sayadi
A34: Process Biochemistry 45 (4), 507-513, 2010
A35: Screening for ligninolytic enzyme production by diverse fungi from Tunisia | B35: 77 | C35: 2005
A36: A Dhouib, M Hamza, H Zouari, T Mechichi, R Hmidi, M Labat, MJ Martinez, ...
A37: World Journal of Microbiology and Biotechnology 21 (8-9), 1415-1423, 2005
A38: Purification and characterization of the laccase secreted by the white rot fungus Perenniporia tephropora and its role in the decolourization of synthetic dyes | B38: 76 | C38: 2007
A39: S Ben Younes, T Mechichi, S Sayadi
A40: Journal of applied microbiology 102 (4), 1033-1042, 2007
A41: Clostridium methoxybenzovorans sp. nov., a new aromatic o-demethylating homoacetogen from an olive mill wastewater treatment digester | B41: 76 | C41: 1999
A42: T Mechichi, M Labat, BKC Patel, THS Woo, P Thomas, JL Garcia
A43: International Journal of Systematic and Evolutionary Microbiology 49 (3 …, 1999
A44: Malachite green decolourization and detoxification by the laccase from a newly isolated strain of Trametes sp. | B44: 68 | C44: 2009
A45: M Maalej-Kammoun, H Zouari-Mechichi, L Belbahri, S Woodward, ...
A46: International Biodeterioration & Biodegradation 63 (5), 600-606, 2009
A47: Structural, physicochemical and antioxidant properties of sodium alginate isolated from a Tunisian brown seaweed | B47: 67 | C47: 2015
A48: S Sellimi, I Younes, HB Ayed, H Maalej, V Montero, M Rinaudo, M Dahia, ...
A49: International journal of biological macromolecules 72, 1358-1367, 2015
A50: Zinc precipitation by heavy-metal tolerant sulfate-reducing bacteria enriched on phosphogypsum as a sulfate source | B50: 65 | C50: 2007
A51: S Azabou, T Mechichi, S Sayadi
A52: Minerals Engineering 20 (2), 173-178, 2007
A53: Isolation and characterization of a mesophilic heavy-metals-tolerant sulfate-reducing bacterium Desulfomicrobium sp. from an enrichment culture using phosphogypsum as a sulfate … | B53: 60 | C53: 2007
A54: S Azabou, T Mechichi, BKC Patel, S Sayadi
A55: Journal of Hazardous materials 140 (1-2), 264-270, 2007
A56: Autochthonous fungal strains with high ligninolytic activities from Tunisian biotopes | B56: 56 | C56: 2005
A57: A Dhouib, M Hamza, H Zouari, T Mechichi, M Labat, MJ Martínez, ...
A58: African Journal of Biotechnology 4 (5), 431-436, 2005
A59: Co-composting of spent coffee ground with olive mill wastewater sludge and poultry manure and effect of Trametes versicolor inoculation on the compost maturity | B59: 51 | C59: 2012
A60: R Hachicha, O Rekik, S Hachicha, M Ferchichi, S Woodward, N Moncef, ...
A61: Chemosphere 88 (6), 677-682, 2012
